Workbook

Sheet PROPOSED BUDGET SUMMARY F.i
A1: 7
A2: KATSINA STATE MINISTRY FOR LOCAL GOVERNMENT AND EMIRATE AFFAIRS F.i
A3: JIBIA LOCAL GOVERNMENT COUNCIL – 2026 PROPOSED BUDGET SUMMARY
B5: Item | C5: 2025 Revised Budget N | D5: 2025 Budget Performance N | E5: 2026 proposed budget | F5: %
A7: A | B7: Opening Balance | C7: ='CONS. MASTER B. SUMMARY F.ii'!C6 -> 51000000 | E7: ='CONS. MASTER B. SUMMARY F.ii'!E6 -> 89216504
A8: B | B8: Recurrent Revenue | C8: =SUM(C9:C10) -> 7.5560112e+09 | D8: =SUM(D9:D10) -> 50264034 | E8: =SUM(E9:E10) -> 7.7696288e+09 | F8: =D8/C8*100 -> 0.66521916
B9: 1100 -LOCAL GOVERNMENT SHARE OF FAAC | C9: ='SUMMARY OF REVENUE F.iii'!C6 -> 7.4842785e+09 | D9: ='SUMMARY OF REVENUE F.iii'!D6 -> 0 | E9: ='SUMMARY OF REVENUE F.iii'!E6 -> 7.6691532e+09 | F9: =D9/C9*100 -> 0
B10: 1200-INDEPENDENT REVENUE | C10: ='SUMMARY OF REVENUE F.iii'!C16 -> 71732762 | D10: ='SUMMARY OF REVENUE F.iii'!D16 -> 50264034 | E10: ='SUMMARY OF REVENUE F.iii'!E16 -> 1.0047565e+08 | F10: =D10/C10*100 -> 70.071237
A12: D | B12: Recurrent Expenditure | C12: =SUM(C13:C14) -> 4.5584176e+09 | D12: 3.5192856e+09 | E12: =SUM(E13:E14) -> 3.9955675e+09 | F12: =D12/C12*100 -> 77.204106
B13: 2100 - PERSONNEL COST | C13: ='CONS. MASTER B. SUMMARY F.ii'!C19 -> 2.5846872e+09 | D13: ='CONS. MASTER B. SUMMARY F.ii'!D19 -> 2.997781e+09 | E13: ='CONS. MASTER B. SUMMARY F.ii'!E19 -> 2.8608101e+09 | F13: =D13/C13*100 -> 115.98235
B14: 2200 - OTHER RECURRENT COST | C14: ='CONS. MASTER B. SUMMARY F.ii'!C20 -> 1973730482 | D14: ='CONS. MASTER B. SUMMARY F.ii'!D20 -> 5.215046e+08 | E14: ='CONS. MASTER B. SUMMARY F.ii'!E20 -> 1.1347574e+09 | F14: =D14/C14*100 -> 25.166341
B16: Transfer to Capital Account
A18: C | B18: Capital Receipts | C18: =SUM(C19:C20) -> 0 | D18: =SUM(D19:D20) -> 0 | E18: =SUM(E19:E20) -> 0 | F18: =D18/C18*100 -> #DIV/0!
B19: 1300 - AID AND GRANTS | C19: ='SUMMARY OF REVENUE F.iii'!C118 -> 0 | D19: ='SUMMARY OF REVENUE F.iii'!D118 -> 0 | E19: ='SUMMARY OF REVENUE F.iii'!E118 -> 0 | F19: =D19/C19*100 -> #DIV/0!
B20: 1400- OTHER CAPITAL RECEIPTS | C20: ='CONS. MASTER B. SUMMARY F.ii'!C11 -> 0 | D20: ='CONS. MASTER B. SUMMARY F.ii'!D11 -> 0 | E20: ='CONS. MASTER B. SUMMARY F.ii'!E11 -> 0
A22: E | B22: 3200 - ASSETS (CAPITAL EXPENDITURE) | C22: ='CONS. MASTER B. SUMMARY F.ii'!C27 -> 2706550000 | D22: ='CONS. MASTER B. SUMMARY F.ii'!D27 -> 1.3257071e+09 | E22: ='CONS. MASTER B. SUMMARY F.ii'!E27 -> 3.8632778e+09 | F22: =D22/C22*100 -> 48.981436
A24: F | B24: Total Revenue | C24: =C7+C8+C18 -> 7.6070112e+09 | D24: =D7+D8+D18 -> 50264034 | E24: =E7+E8+E18 -> 7.8588453e+09 | F24: =D24/C24*100 -> 0.6607593
A25: G | B25: Total Expenditure | C25: =C12+C22 -> 7.2649676e+09 | D25: =D12+D22 -> 4.8449927e+09 | E25: =E12+E22 -> 7.8588453e+09 | F25: =D25/C25*100 -> 66.689804
B26: Budget Surplus /(Deficit) =A+B+C-D-E | E26: =E7+E8+E18-E12-E22 -> 0

Sheet CONS. MASTER B. SUMMARY F.ii
A2: KATSINA STATE MINISTRY FOR LOCAL GOVERNMENT AND EMIRATE AFFAIRS F.ii
A3: JIBIA LOCAL GOVERNMENT COUNCIL – 2026 CONSOLIDATED MASTER BUDGET SUMMARY
A5: S/N | B5: DETAILS | C5: 2025 Revised Budget N | D5: 2025 Budget Performance N | E5: 2026 Proposed Budget N
A6: 1 | B6: OPENING BALANCE | C6: 51000000 | E6: 89216504
A7: 2 | B7: RECEIPTS:
A8: 3 | B8: LG SHARE OF FAAC | C8: ='SUMMARY OF REVENUE F.iii'!C6 -> 7.4842785e+09 | D8: ='SUMMARY OF REVENUE F.iii'!D6 -> 0 | E8: ='SUMMARY OF REVENUE F.iii'!E6 -> 7.6691532e+09
A9: 4 | B9: INDEPENDENT REVENUE | C9: ='SUMMARY OF REVENUE F.iii'!C16 -> 71732762 | D9: ='SUMMARY OF REVENUE F.iii'!D16 -> 50264034 | E9: ='SUMMARY OF REVENUE F.iii'!E16 -> 1.0047565e+08
A10: 5 | B10: AID & GRANTS | C10: ='SUMMARY OF REVENUE F.iii'!C118 -> 0 | D10: ='SUMMARY OF REVENUE F.iii'!D118 -> 0 | E10: ='SUMMARY OF REVENUE F.iii'!E118 -> 0
A11: 6 | B11: OTHER CAPITAL RECEIPTS | C11: ='SUMMARY OF REVENUE F.iii'!C128 -> 0 | D11: ='SUMMARY OF REVENUE F.iii'!D128 -> 0 | E11: ='SUMMARY OF REVENUE F.iii'!E128 -> 0
A12: 7 | B12: TOTAL CURRENT YEAR RECEIPTS | C12: =SUM(C8:C11) -> 7.5560112e+09 | D12: =SUM(D8:D11) -> 50264034 | E12: =SUM(E8:E11) -> 7.7696288e+09
A13: 8 | B13: TOTAL PROJECTED FUNDS AVAILABLE | C13: =C6+C12 -> 7.6070112e+09 | D13: =D6+D12 -> 50264034 | E13: =E6+E12 -> 7.8588453e+09
A14: 9 | B14: EXPENDITURE:
A15: 10 | B15: A: RECURRENT DEBT
A16: 11 | B16: LOANS REPAYMENT | C16: 0 | D16: 0 | E16: 0
A17: 12 | B17: TOTAL RECURRENT DEBT | C17: =C16 -> 0 | D17: =D16 -> 0 | E17: =E16 -> 0
A18: 13 | B18: B: RECURRENT EXPENDITURE - NON-DEBT
A19: 14 | B19: PERSONNEL COSTS | C19: ='SUMMARY OF EXP F.iv'!C7 -> 2.5846872e+09 | D19: ='SUMMARY OF EXP F.iv'!D7 -> 2.997781e+09 | E19: ='SUMMARY OF EXP F.iv'!E7 -> 2.8608101e+09
A20: 15 | B20: OVERHEAD COSTS | C20: ='SUMMARY OF EXP F.iv'!C25 -> 1973730482 | D20: ='SUMMARY OF EXP F.iv'!D25 -> 5.215046e+08 | E20: ='SUMMARY OF EXP F.iv'!E25 -> 1.1347574e+09
A21: 16 | B21: TOTAL RECURRENT NON-DEBT | C21: =SUM(C19:C20) -> 4.5584176e+09 | D21: 3.5192856e+09 | E21: =SUM(E19:E20) -> 3.9955675e+09
A22: 17 | B22: TOTAL RECURRENT EXPENDITURE | C22: =C17+C21 -> 4.5584176e+09 | D22: =D17+D21 -> 3.5192856e+09 | E22: =E17+E21 -> 3.9955675e+09
A23: 18 | B23: C: CAPITAL EXPENDITURE BY SECTORS
A24: 19 | B24: ADMINISTRATION SECTOR | C24: ='PMD CAPITAL EXP F.xii'!D6 -> 725000000 | D24: ='PMD CAPITAL EXP F.xii'!E6 -> 475083650 | E24: ='PMD CAPITAL EXP F.xii'!F6 -> 275000000
A25: 20 | B25: ECONOMIC SECTOR | C25: ='AGRIC CAPITAL EXP F.xii'!D6+'FINANCE CAPITAL EXP F.xii'!D6+'WORKS CAPITAL EXP F.xii'!D6 -> 992000000 | D25: ='AGRIC CAPITAL EXP F.xii'!E6+'FINANCE CAPITAL EXP F.xii'!E6+'WORKS CAPITAL EXP F.xii'!E6 -> 3.9617463e+08 | E25: ='AGRIC CAPITAL EXP F.xii'!F6+'FINANCE CAPITAL EXP F.xii'!F6+'WORKS CAPITAL EXP F.xii'!F6 -> 3.026011e+09
A26: 21 | B26: SOCIAL SECTOR | C26: ='ESD CAPITAL EXP F.xii'!D6+'PHC CAPITAL EXP F.xii'!D6+'WATSAN CAPITAL EXP F.xii'!D6 -> 989550000 | D26: ='ESD CAPITAL EXP F.xii'!E6+'PHC CAPITAL EXP F.xii'!E6+'WATSAN CAPITAL EXP F.xii'!E6 -> 4.5444879e+08 | E26: ='ESD CAPITAL EXP F.xii'!F6+'PHC CAPITAL EXP F.xii'!F6+'WATSAN CAPITAL EXP F.xii'!F6 -> 5.6226684e+08
A27: 22 | B27: TOTAL CAPITAL EXPENDITURE | C27: =SUM(C24:C26) -> 2706550000 | D27: =SUM(D24:D26) -> 1.3257071e+09 | E27: =SUM(E24:E26) -> 3.8632778e+09
A28: 23 | B28: TOTAL EXPENDITURE (BUDGET SIZE) | C28: =C22+C27 -> 7.2649676e+09 | D28: =D22+D27 -> 4.8449927e+09 | E28: =E22+E27 -> 7.8588453e+09
A29: 24 | B29: BUDGET SURPLUS/(DEFICIT) | C29: =C13-C28 -> 3.4204357e+08 | E29: =E13-E28 -> 0
A30: 25 | B30: FINANCE DEFICIT BY:
A31: 26 | B31: INTERNAL LOANS/BORROWINGS
A32: 27 | B32: TOTAL LOANS | C32: =C31 -> 0 | E32: =E31 -> 0
A33: 28 | B33: CLOSING BALANCE | C33: =C13+C32-C28 -> 3.4204357e+08 | E33: =E13+E32-E28 -> 0

Sheet SUMMARY OF REVENUE F.iii
A1: KATSINA STATE MINISTRY FOR LOCAL GOVERNMENT AND EMIRATE AFFAIRS F.iii
A2: JIBIA LOCAL GOVERNMENT COUNCIL – 2026 BUDGET - SUMMARY OF REVENUE
A4: Code | B4: Economic | C4: 2025 Revised Budget N | D4: 2025 Budget Performance N | E4: 2026 Proposed Budget N
A5: 1 | B5: REVENUE | C5: =C6+C16+C118+C128 -> 7.5560112e+09 | D5: =D6+D16+D118+D128 -> 50264034 | E5: =E6+E16+E118+E128 -> 7.7696288e+09
A6: 11 | B6: GOVERNMENT SHARE OF FAAC | C6: =C7 -> 7.4842785e+09 | D6: =D7 -> 0 | E6: =E7 -> 7.6691532e+09
A7: 1101 | B7: GOVERNMENT SHARE OF FAAC | C7: =C8+C11+C13 -> 7.4842785e+09 | D7: =D8+D11+D13 -> 0 | E7: =E8+E11+E13 -> 7.6691532e+09
A8: 110101 | B8: LG GOVERNMENT SHARE OF STATUTORY REVENUE | C8: =SUM(C9:C10) -> 4.9955216e+09 | D8: =SUM(D9:D10) -> 0 | E8: =SUM(E9:E10) -> 6.0428951e+09
A9: 11010101 | B9: STATUTORY ALLOCATION: FAAC | C9: 4.940307e+09 | E9: 5.9766376e+09
A10: 11010101 | B10: STATUTORY ALLOCATION: STATE IGR | C10: 55214595 | E10: 66257514
A11: 110102 | B11: LG GOVERNMENT SHARE OF VAT | C11: =C12 -> 2488756873 | D11: =D12 -> 0 | E11: =E12 -> 1.6262581e+09
A12: 11010201 | B12: LG SHARE OF VAT | C12: 2488756873 | E12: 1.6262581e+09
A13: 110103 | B13: LG GOVERNMENT SHARE OF OTHER REVENUE | C13: =SUM(C14:C15) -> 0 | D13: =SUM(D14:D15) -> 0 | E13: =SUM(E14:E15) -> 0
A14: 11010301 | B14: EXCESS CRUDE
A15: 11010304 | B15: LG SPECIAL ALLOCATIONS
A16: 12 | B16: INDEPENDENT REVENUE | C16: =C17+C23 -> 71732762 | D16: =D17+D23 -> 50264034 | E16: =E17+E23 -> 1.0047565e+08
A17: 1201 | B17: TAX REVENUE | C17: =C18 -> 0 | D17: =D18 -> 3450230 | E17: =E18 -> 4000000
A18: 120103 | B18: OTHER TAXES | C18: =SUM(C19:C22) -> 0 | D18: =SUM(D19:D22) -> 3450230 | E18: =SUM(E19:E22) -> 4000000
A19: 12010301 | B19: STAMP DUTY
A20: 12010303 | B20: DEVELOPMENT TAX/LEVY
A21: 12010305 | B21: LIVESTOCK TAX | D21: 3450230 | E21: 4000000
A22: 12010306 | B22: OTHER SERVICE TAXES
A23: 12020000 | B23: NON-TAX REVENUE | C23: =C24+C53+C79+C81+C95+C105+C109+C111+C113+C116 -> 71732762 | D23: =D24+D53+D79+D81+D95+D105+D109+D111+D113+D116 -> 46813804 | E23: =E24+E53+E79+E81+E95+E105+E109+E111+E113+E116 -> 96475650
A24: 12020100 | B24: LICENCES – GENERAL | C24: =SUM(C25:C52) -> 9487000 | D24: =SUM(D25:D52) -> 12148500 | E24: =SUM(E25:E52) -> 18432200
A25: 12020105 | B25: RADIO/TELEVISION STATION LICENCES
A26: 12020109 | B26: REGISTATION OF VOLUNTARY ORGANIZATIONS | E26: 35000
A27: 12020111 | B27: BAKE HOUSE LICENCE | C27: 150000 | D27: 160000 | E27: 200000
A28: 12020113 | B28: BRICKMAKING, ETC LICENCE | C28: 100000 | D28: 120000 | E28: 150000
A29: 12020114 | B29: CART LICENCES | C29: 120000 | D29: 100000
A30: 12020115 | B30: DANE GUN LICENCES
A31: 12020116 | B31: CATTLE DEALER LICENCES | C31: 150000 | D31: 180000 | E31: 200000
A32: 12020117 | B32: DRIED FISH & MEAT LICENCES | E32: 85000
A33: 12020118 | B33: PET (DOG) LICENCES
A34: 12020119 | B34: FISHING PERMITS | D34: 85000 | E34: 150000
A35: 12020120 | B35: HAWKER'S PERMITS | C35: 200000 | D35: 200000 | E35: 400000
A36: 12020121 | B36: HUNTING PERMITS
A37: 12020122 | B37: PRODUCE BUYING LICENCES | D37: 5600000 | E37: 5950000
A38: 12020124 | B38: ABBATOIR/SLAUGHTER LICENSES | C38: 4200000
A39: 12020126 | B39: TRACTOR HIRING SERVICES
A40: 12020128 | B40: BOREHOLE DRILLING LICENCES | C40: 310000 | D40: 350000 | E40: 400200
A41: 12020129 | B41: POOL BETTING & CASINO LICENCES/GAMING | C41: 1400000 | D41: 1500000 | E41: 1600000
A42: 12020130 | B42: CINEMATOGRAPH LICENCES | C42: 245000 | D42: 120000 | E42: 245000
A43: 12020132 | B43: MOTOR VEHICLE LICENCES
A44: 12020134 | B44: PATENT MEDICINE & DRUG STORES LICENCES | E44: 2100000
A45: 12020135 | B45: PRIVATE SCHOOLS LICENCES | E45: 820000
A46: 12020136 | B46: HEALTH FACILITIES LICENCES | E46: 1300000
A47: 12020137 | B47: TRADE PERMIT LICENCES | C47: 1840000 | D47: 2600000 | E47: 2800000
A48: 12020138 | B48: FORESTRY/TIMBER LICENCE | C48: 605000 | D48: 1133500 | E48: 1500000
A49: 12020141 | B49: TRICYCLE DEALERSHIP LICENCES | E49: 250000
A50: 12020142 | B50: MOTORCYCLE DEALERSHIP LICENCES | C50: 167000 | E50: 167000
A51: 12020143 | B51: HIDES AND SKIN LICENCES | E51: 80000
A52: 12020145 | B52: RENEWAL OF LICENCES
A53: 12020400 | B53: FEES – GENERAL | C53: =SUM(C54:C78) -> 30173262 | D53: =SUM(D54:D78) -> 24429804 | E53: =SUM(E54:E78) -> 63975500
A54: 12020409 | B54: WEIGHTAND MEASURE FEES | E54: 500000
A55: 12020417 | B55: CONTRACTOR REGISTRATION FEES
A56: 12020419 | B56: ATTESTATION OF BACHELORHOOD FEES
A57: 12020427 | B57: TENDER FEES | C57: 5326262 | D57: 5850000
A58: 12020428 | B58: FIRE SAFETY CERTIFICATE FEES
A59: 12020430 | B59: PROFESSIONAL REGISTRATION FEES
A60: 12020436 | B60: BILL BOARD ADVERTISEMENT FEES | C60: 260000 | D60: 200000 | E60: 100000
A61: 12020438 | B61: SURVEY/ PLANNING/ BUILDING FEES | C61: 500000 | D61: 1503514 | E61: 550000
A62: 12020441 | B62: LABORATORY FEES | C62: 290000 | D62: 250000 | E62: 250000
A63: 12020442 | B63: ASSOCIATION FEES | C63: 160000 | D63: 180000
A64: 12020443 | B64: BIRTH AND DEATH REGISTRATION FEE | C64: 230000 | D64: 282500 | E64: 150000
A65: 12020445 | B65: CHANGE OF OWNERSHIP FEES | C65: 770000
A66: 12020446 | B66: AGRICULTURAL/VETINARY SERVICES FEES | E66: 1500200
A67: 12020447 | B67: LAND USE FEES | C67: 6717000 | D67: 976290 | E67: 1520000
A68: 12020448 | B68: DEVELOPMENT LEVIES
A69: 12020449 | B69: BUSINESS/TRADE OPERATING FEES | C69: 14920000 | D69: 13977500 | E69: 14000250
A70: 12020450 | B70: INSPECTION FEES | C70: 500000 | D70: 900000
A71: 12020451 | B71: TIMBER AND FOREST FALLING FEE | D71: 200000 | E71: 450000
A72: 12020453 | B72: APPLICATIONS FEES
A73: 12020463 | B73: HOSPITAL SERVICE REGISTRATION FEES
A74: 12020464 | B74: HOSPITAL SERVICE CHARGES
A75: 12020465 | B75: SPORTS/RECREATIONAL FACILITIES FEES
A76: 12020466 | B76: INDIGENSHIP REGISTRATION FEES | C76: 500000 | D76: 110000 | E76: 220000
A77: 12020470 | B77: FARMLAND REGISTRATION FEES
A78: 12020480 | B78: PROCESSING FEE | E78: 44735050
A79: 12020500 | B79: FINES – GENERAL | C79: =C80 -> 50000 | D79: =D80 -> 0 | E79: =E80 -> 0
A80: 12020501 | B80: FINES/PENALTIES | C80: 50000
A81: 12020600 | B81: SALES – GENERAL | C81: =SUM(C82:C94) -> 8912500 | D81: =SUM(D82:D94) -> 1350000 | E81: =SUM(E82:E94) -> 2367950
A82: 12020601 | B82: SALES OF JOURNAL & PUBLICATIONS
A83: 12020602 | B83: SALES OF BOOKS | E83: 18000
A84: 12020603 | B84: SALES OF ID CARDS
A85: 12020604 | B85: SALES OF STORES/SCRAPS/UNSERVICABLE ITEMS | C85: 3600000 | D85: 1350000 | E85: 2349950
A86: 12020608 | B86: SALES OF IMPROVED SEEDS/CHEMICAL
A87: 12020609 | B87: PROCEEDS FROM SALES OF FARM PRODUCE
A88: 12020611 | B88: PROCEEDS FROM SALES OF GOVT. VEHICLES
A89: 12020612 | B89: PROCEEDS FROM SALES OF DRUGS AND MEDICATIONS
A90: 12020614 | B90: PROCEEDS FROM SALES OF GOVT. BUILDING | C90: 5312500
A91: 12020615 | B91: SALES OF UNIFORMS
A92: 12020616 | B92: SALES OF FORMS
A93: 12020617 | B93: SALES OF PLAN PHOSTAT PRINT/MAP
A94: 12020618 | B94: SALES OF REAGENTS & CHEMICALS
A95: 12020700 | B95: EARNINGS – GENERAL | C95: =SUM(C96:C104) -> 15210000 | D95: =SUM(D96:D104) -> 6525500 | E95: =SUM(E96:E104) -> 7200000
A96: 12020701 | B96: EARNINGS FROM CONSULTANCY SERVICES
A97: 12020702 | B97: EARNINGS FROM LABORATORY SERVICES
A98: 12020703 | B98: EARNINGS FROM HIRE OF PLANTS & EQUIPMENT | C98: 6000000 | D98: 3650000 | E98: 4000000
A99: 12020704 | B99: EARNINGS FROM THE USE OF GOVT. VEHICLES
A100: 12020705 | B100: EARNINGS FROM THE USE OF GOVT. HALLS/OTHERS
A101: 12020707 | B101: EARNINGS FROM MEDICAL SERVICES | C101: 1800000
...

Sheet SUMMARY OF EXP F.iv
A1: KATSINA STATE MINISTRY FOR LOCAL GOVERNMENT AND EMIRATE AFFAIRS F.iv
A2: JIBIA LOCAL GOVERNMENT COUNCIL – 2026 BUDGET - SUMMARY OF EXPENDITURE
A4: Code | B4: Economic | C4: 2025 Revised Budget N | D4: 2025 Budget Performance N | E4: 2026 Proposed Budget N
B5: Total Expenditure | C5: =C6+C118 -> 7.2649676e+09 | D5: =D6+D118 -> 4.8449927e+09 | E5: =E6+E118 -> 7.8588453e+09
A6: 2 | B6: EXPENDITURES | C6: =C7+C25 -> 4.5584176e+09 | D6: 3.5192856e+09 | E6: =E7+E25 -> 3.9955675e+09
A7: 21 | B7: PERSONNEL COST | C7: =C8+C13+C20 -> 2.5846872e+09 | D7: =D8+D13+D20 -> 2.997781e+09 | E7: =E8+E13+E20 -> 2.8608101e+09
A8: 2101 | B8: SALARY | C8: =C9 -> 2.2573029e+09 | D8: =D9 -> 1.7964926e+09 | E8: =E9 -> 2.0539869e+09
A9: 210101 | B9: SALARIES AND WAGES | C9: =SUM(C10:C12) -> 2.2573029e+09 | D9: =SUM(D10:D12) -> 1.7964926e+09 | E9: =SUM(E10:E12) -> 2.0539869e+09
A10: 21010101 | B10: SALARY | C10: ='CHAIR PERSONNEL COST F.x'!C10+'SLT PERSONNEL COST F.x'!C10+'COUNCIL PERSONNEL COST F.x'!C10+'PMD PERSONNEL COST F.x'!C10+'AGRIC PERSONNEL COST F.x'!C10+'FINANCE PERSONNEL COST F.x'!C10+'WORKS PERSONNEL COST F.x'!C10+'ESD PERSONNEL COST F.x'!C10+'ESD PERSONNEL COST F.x'!C11+'PHC PERSONNEL COST F.x'!C10+'WATSAN PERSONNEL COST F.x'!C10+'TRADITIONAL PERSONNEL COST F.x'!C10 -> 2.1837609e+09 | D10: ='CHAIR PERSONNEL COST F.x'!D10+'SLT PERSONNEL COST F.x'!D10+'COUNCIL PERSONNEL COST F.x'!D10+'PMD PERSONNEL COST F.x'!D10+'AGRIC PERSONNEL COST F.x'!D10+'FINANCE PERSONNEL COST F.x'!D10+'WORKS PERSONNEL COST F.x'!D10+'ESD PERSONNEL COST F.x'!D10+'ESD PERSONNEL COST F.x'!D11+'PHC PERSONNEL COST F.x'!D10+'WATSAN PERSONNEL COST F.x'!D10+'TRADITIONAL PERSONNEL COST F.x'!D10 -> 1.7229505e+09 | E10: ='CHAIR PERSONNEL COST F.x'!E10+'SLT PERSONNEL COST F.x'!E10+'COUNCIL PERSONNEL COST F.x'!E10+'PMD PERSONNEL COST F.x'!E10+'AGRIC PERSONNEL COST F.x'!E10+'FINANCE PERSONNEL COST F.x'!E10+'WORKS PERSONNEL COST F.x'!E10+'ESD PERSONNEL COST F.x'!E10+'ESD PERSONNEL COST F.x'!E11+'PHC PERSONNEL COST F.x'!E10+'WATSAN PERSONNEL COST F.x'!E10+'TRADITIONAL PERSONNEL COST F.x'!E10 -> 1.9835512e+09
A11: 21010102 | B11: OVER TIME PAYMENTS | C11: ='CHAIR PERSONNEL COST F.x'!C11+'SLT PERSONNEL COST F.x'!C11+'COUNCIL PERSONNEL COST F.x'!C11+'PMD PERSONNEL COST F.x'!C11+'AGRIC PERSONNEL COST F.x'!C11+'FINANCE PERSONNEL COST F.x'!C11+'WORKS PERSONNEL COST F.x'!C11+'ESD PERSONNEL COST F.x'!C12+'PHC PERSONNEL COST F.x'!C11+'WATSAN PERSONNEL COST F.x'!C11+'TRADITIONAL PERSONNEL COST F.x'!C11 -> 0 | D11: ='CHAIR PERSONNEL COST F.x'!D11+'SLT PERSONNEL COST F.x'!D11+'COUNCIL PERSONNEL COST F.x'!D11+'PMD PERSONNEL COST F.x'!D11+'AGRIC PERSONNEL COST F.x'!D11+'FINANCE PERSONNEL COST F.x'!D11+'WORKS PERSONNEL COST F.x'!D11+'ESD PERSONNEL COST F.x'!D12+'PHC PERSONNEL COST F.x'!D11+'WATSAN PERSONNEL COST F.x'!D11+'TRADITIONAL PERSONNEL COST F.x'!D11 -> 0 | E11: ='CHAIR PERSONNEL COST F.x'!E11+'SLT PERSONNEL COST F.x'!E11+'COUNCIL PERSONNEL COST F.x'!E11+'PMD PERSONNEL COST F.x'!E11+'AGRIC PERSONNEL COST F.x'!E11+'FINANCE PERSONNEL COST F.x'!E11+'WORKS PERSONNEL COST F.x'!E11+'ESD PERSONNEL COST F.x'!E12+'PHC PERSONNEL COST F.x'!E11+'WATSAN PERSONNEL COST F.x'!E11+'TRADITIONAL PERSONNEL COST F.x'!E11 -> 0
A12: 21010103 | B12: CONSOLIDATED REVENUE FUND CHARGE- SALARIES | C12: ='CHAIR PERSONNEL COST F.x'!C12+'SLT PERSONNEL COST F.x'!C12+'COUNCIL PERSONNEL COST F.x'!C12+'PMD PERSONNEL COST F.x'!C12+'AGRIC PERSONNEL COST F.x'!C12+'FINANCE PERSONNEL COST F.x'!C12+'WORKS PERSONNEL COST F.x'!C12+'ESD PERSONNEL COST F.x'!C13+'PHC PERSONNEL COST F.x'!C12+'WATSAN PERSONNEL COST F.x'!C12+'TRADITIONAL PERSONNEL COST F.x'!C12 -> 73542095 | D12: ='CHAIR PERSONNEL COST F.x'!D12+'SLT PERSONNEL COST F.x'!D12+'COUNCIL PERSONNEL COST F.x'!D12+'PMD PERSONNEL COST F.x'!D12+'AGRIC PERSONNEL COST F.x'!D12+'FINANCE PERSONNEL COST F.x'!D12+'WORKS PERSONNEL COST F.x'!D12+'ESD PERSONNEL COST F.x'!D13+'PHC PERSONNEL COST F.x'!D12+'WATSAN PERSONNEL COST F.x'!D12+'TRADITIONAL PERSONNEL COST F.x'!D12 -> 73542095 | E12: ='CHAIR PERSONNEL COST F.x'!E12+'SLT PERSONNEL COST F.x'!E12+'COUNCIL PERSONNEL COST F.x'!E12+'PMD PERSONNEL COST F.x'!E12+'AGRIC PERSONNEL COST F.x'!E12+'FINANCE PERSONNEL COST F.x'!E12+'WORKS PERSONNEL COST F.x'!E12+'ESD PERSONNEL COST F.x'!E13+'PHC PERSONNEL COST F.x'!E12+'WATSAN PERSONNEL COST F.x'!E12+'TRADITIONAL PERSONNEL COST F.x'!E12 -> 70435712
A13: 2102 | B13: ALLOWANCES AND SOCIAL CONTRIBUTION | C13: =C14+C18 -> 161192108 | D13: =D14+D18 -> 1075096324 | E13: =E14+E18 -> 0
A14: 210201 | B14: ALLOWANCES | C14: =SUM(C15:C17) -> 161192108 | D14: =SUM(D15:D17) -> 1075096324 | E14: =SUM(E15:E17) -> 0
A15: 21020104 | B15: FURNITURE ALLOWANCE | C15: ='CHAIR PERSONNEL COST F.x'!C15+'SLT PERSONNEL COST F.x'!C15+'COUNCIL PERSONNEL COST F.x'!C15+'PMD PERSONNEL COST F.x'!C15+'AGRIC PERSONNEL COST F.x'!C15+'FINANCE PERSONNEL COST F.x'!C15+'WORKS PERSONNEL COST F.x'!C15+'ESD PERSONNEL COST F.x'!C16+'PHC PERSONNEL COST F.x'!C15+'WATSAN PERSONNEL COST F.x'!C15+'TRADITIONAL PERSONNEL COST F.x'!C15 -> 106192108 | D15: ='CHAIR PERSONNEL COST F.x'!D15+'SLT PERSONNEL COST F.x'!D15+'COUNCIL PERSONNEL COST F.x'!D15+'PMD PERSONNEL COST F.x'!D15+'AGRIC PERSONNEL COST F.x'!D15+'FINANCE PERSONNEL COST F.x'!D15+'WORKS PERSONNEL COST F.x'!D15+'ESD PERSONNEL COST F.x'!D16+'PHC PERSONNEL COST F.x'!D15+'WATSAN PERSONNEL COST F.x'!D15+'TRADITIONAL PERSONNEL COST F.x'!D15 -> 542622164 | E15: ='CHAIR PERSONNEL COST F.x'!E15+'SLT PERSONNEL COST F.x'!E15+'COUNCIL PERSONNEL COST F.x'!E15+'PMD PERSONNEL COST F.x'!E15+'AGRIC PERSONNEL COST F.x'!E15+'FINANCE PERSONNEL COST F.x'!E15+'WORKS PERSONNEL COST F.x'!E15+'ESD PERSONNEL COST F.x'!E16+'PHC PERSONNEL COST F.x'!E15+'WATSAN PERSONNEL COST F.x'!E15+'TRADITIONAL PERSONNEL COST F.x'!E15 -> 0
A16: 21020108 | B16: SEVERANCE ALLOWANCE | C16: ='CHAIR PERSONNEL COST F.x'!C16+'SLT PERSONNEL COST F.x'!C16+'COUNCIL PERSONNEL COST F.x'!C16+'PMD PERSONNEL COST F.x'!C16+'AGRIC PERSONNEL COST F.x'!C16+'FINANCE PERSONNEL COST F.x'!C15+'WORKS PERSONNEL COST F.x'!C16+'ESD PERSONNEL COST F.x'!C17+'PHC PERSONNEL COST F.x'!C16+'WATSAN PERSONNEL COST F.x'!C16+'TRADITIONAL PERSONNEL COST F.x'!C16 -> 55000000 | D16: ='CHAIR PERSONNEL COST F.x'!D16+'SLT PERSONNEL COST F.x'!D16+'COUNCIL PERSONNEL COST F.x'!D16+'PMD PERSONNEL COST F.x'!D16+'AGRIC PERSONNEL COST F.x'!D16+'FINANCE PERSONNEL COST F.x'!D15+'WORKS PERSONNEL COST F.x'!D16+'ESD PERSONNEL COST F.x'!D17+'PHC PERSONNEL COST F.x'!D16+'WATSAN PERSONNEL COST F.x'!D16+'TRADITIONAL PERSONNEL COST F.x'!D16 -> 532474160 | E16: ='CHAIR PERSONNEL COST F.x'!E16+'SLT PERSONNEL COST F.x'!E16+'COUNCIL PERSONNEL COST F.x'!E16+'PMD PERSONNEL COST F.x'!E16+'AGRIC PERSONNEL COST F.x'!E16+'FINANCE PERSONNEL COST F.x'!E16+'WORKS PERSONNEL COST F.x'!E16+'ESD PERSONNEL COST F.x'!E17+'PHC PERSONNEL COST F.x'!E16+'WATSAN PERSONNEL COST F.x'!E16+'TRADITIONAL PERSONNEL COST F.x'!E16 -> 0
A17: 21020109 | B17: OTHER ALLOWANCES | C17: ='CHAIR PERSONNEL COST F.x'!C17+'SLT PERSONNEL COST F.x'!C17+'COUNCIL PERSONNEL COST F.x'!C17+'PMD PERSONNEL COST F.x'!C17+'AGRIC PERSONNEL COST F.x'!C17+'FINANCE PERSONNEL COST F.x'!C17+'WORKS PERSONNEL COST F.x'!C17+'ESD PERSONNEL COST F.x'!C18+'PHC PERSONNEL COST F.x'!C17+'WATSAN PERSONNEL COST F.x'!C17+'TRADITIONAL PERSONNEL COST F.x'!C17 -> 0 | D17: ='CHAIR PERSONNEL COST F.x'!D17+'SLT PERSONNEL COST F.x'!D17+'COUNCIL PERSONNEL COST F.x'!D17+'PMD PERSONNEL COST F.x'!D17+'AGRIC PERSONNEL COST F.x'!D17+'FINANCE PERSONNEL COST F.x'!D17+'WORKS PERSONNEL COST F.x'!D17+'ESD PERSONNEL COST F.x'!D18+'PHC PERSONNEL COST F.x'!D17+'WATSAN PERSONNEL COST F.x'!D17+'TRADITIONAL PERSONNEL COST F.x'!D17 -> 0 | E17: ='CHAIR PERSONNEL COST F.x'!E17+'SLT PERSONNEL COST F.x'!E17+'COUNCIL PERSONNEL COST F.x'!E17+'PMD PERSONNEL COST F.x'!E17+'AGRIC PERSONNEL COST F.x'!E17+'FINANCE PERSONNEL COST F.x'!E17+'WORKS PERSONNEL COST F.x'!E17+'ESD PERSONNEL COST F.x'!E18+'PHC PERSONNEL COST F.x'!E17+'WATSAN PERSONNEL COST F.x'!E17+'TRADITIONAL PERSONNEL COST F.x'!E17 -> 0
A18: 210202 | B18: SOCIAL CONTRIBUTIONS | C18: =C19 -> 0 | D18: =D19 -> 0 | E18: =E19 -> 0
A19: 21020207 | B19: CONTRIBUTION BY LGAs | C19: ='CHAIR PERSONNEL COST F.x'!C19+'SLT PERSONNEL COST F.x'!C19+'COUNCIL PERSONNEL COST F.x'!C19+'PMD PERSONNEL COST F.x'!C19+'AGRIC PERSONNEL COST F.x'!C19+'FINANCE PERSONNEL COST F.x'!C19+'WORKS PERSONNEL COST F.x'!C19+'ESD PERSONNEL COST F.x'!C20+'PHC PERSONNEL COST F.x'!C19+'WATSAN PERSONNEL COST F.x'!C19+'TRADITIONAL PERSONNEL COST F.x'!C19 -> 0 | D19: ='CHAIR PERSONNEL COST F.x'!D19+'SLT PERSONNEL COST F.x'!D19+'COUNCIL PERSONNEL COST F.x'!D19+'PMD PERSONNEL COST F.x'!D19+'AGRIC PERSONNEL COST F.x'!D19+'FINANCE PERSONNEL COST F.x'!D19+'WORKS PERSONNEL COST F.x'!D19+'ESD PERSONNEL COST F.x'!D20+'PHC PERSONNEL COST F.x'!D19+'WATSAN PERSONNEL COST F.x'!D19+'TRADITIONAL PERSONNEL COST F.x'!D19 -> 0 | E19: ='CHAIR PERSONNEL COST F.x'!E19+'SLT PERSONNEL COST F.x'!E19+'COUNCIL PERSONNEL COST F.x'!E19+'PMD PERSONNEL COST F.x'!E19+'AGRIC PERSONNEL COST F.x'!E19+'FINANCE PERSONNEL COST F.x'!E19+'WORKS PERSONNEL COST F.x'!E19+'ESD PERSONNEL COST F.x'!E20+'PHC PERSONNEL COST F.x'!E19+'WATSAN PERSONNEL COST F.x'!E19+'TRADITIONAL PERSONNEL COST F.x'!E19 -> 0
A20: 210301 | B20: SOCIAL BENEFITS | C20: =SUM(C21:C23) -> 166192108 | D20: =SUM(D21:D23) -> 126192108 | E20: =SUM(E21:E23) -> 8.0682326e+08
A21: 21030101 | B21: GRATUITY | C21: ='CHAIR PERSONNEL COST F.x'!C21+'SLT PERSONNEL COST F.x'!C21+'COUNCIL PERSONNEL COST F.x'!C21+'PMD PERSONNEL COST F.x'!C21+'AGRIC PERSONNEL COST F.x'!C21+'FINANCE PERSONNEL COST F.x'!C21+'WORKS PERSONNEL COST F.x'!C21+'ESD PERSONNEL COST F.x'!C22+'PHC PERSONNEL COST F.x'!C21+'WATSAN PERSONNEL COST F.x'!C21+'TRADITIONAL PERSONNEL COST F.x'!C21 -> 51192108 | D21: ='CHAIR PERSONNEL COST F.x'!D21+'SLT PERSONNEL COST F.x'!D21+'COUNCIL PERSONNEL COST F.x'!D21+'PMD PERSONNEL COST F.x'!D21+'AGRIC PERSONNEL COST F.x'!D21+'FINANCE PERSONNEL COST F.x'!D21+'WORKS PERSONNEL COST F.x'!D21+'ESD PERSONNEL COST F.x'!D22+'PHC PERSONNEL COST F.x'!D21+'WATSAN PERSONNEL COST F.x'!D21+'TRADITIONAL PERSONNEL COST F.x'!D21 -> 51192108 | E21: ='CHAIR PERSONNEL COST F.x'!E21+'SLT PERSONNEL COST F.x'!E21+'COUNCIL PERSONNEL COST F.x'!E21+'PMD PERSONNEL COST F.x'!E21+'AGRIC PERSONNEL COST F.x'!E21+'FINANCE PERSONNEL COST F.x'!E21+'WORKS PERSONNEL COST F.x'!E21+'ESD PERSONNEL COST F.x'!E22+'PHC PERSONNEL COST F.x'!E21+'WATSAN PERSONNEL COST F.x'!E21+'TRADITIONAL PERSONNEL COST F.x'!E21 -> 450000000
A22: 21030102 | B22: PENSION | C22: ='CHAIR PERSONNEL COST F.x'!C22+'SLT PERSONNEL COST F.x'!C22+'COUNCIL PERSONNEL COST F.x'!C22+'PMD PERSONNEL COST F.x'!C22+'AGRIC PERSONNEL COST F.x'!C22+'FINANCE PERSONNEL COST F.x'!C22+'WORKS PERSONNEL COST F.x'!C22+'ESD PERSONNEL COST F.x'!C23+'PHC PERSONNEL COST F.x'!C22+'WATSAN PERSONNEL COST F.x'!C22+'TRADITIONAL PERSONNEL COST F.x'!C22 -> 115000000 | D22: ='CHAIR PERSONNEL COST F.x'!D22+'SLT PERSONNEL COST F.x'!D22+'COUNCIL PERSONNEL COST F.x'!D22+'PMD PERSONNEL COST F.x'!D22+'AGRIC PERSONNEL COST F.x'!D22+'FINANCE PERSONNEL COST F.x'!D22+'WORKS PERSONNEL COST F.x'!D22+'ESD PERSONNEL COST F.x'!D23+'PHC PERSONNEL COST F.x'!D22+'WATSAN PERSONNEL COST F.x'!D22+'TRADITIONAL PERSONNEL COST F.x'!D22 -> 75000000 | E22: ='CHAIR PERSONNEL COST F.x'!E22+'SLT PERSONNEL COST F.x'!E22+'COUNCIL PERSONNEL COST F.x'!E22+'PMD PERSONNEL COST F.x'!E22+'AGRIC PERSONNEL COST F.x'!E22+'FINANCE PERSONNEL COST F.x'!E22+'WORKS PERSONNEL COST F.x'!E22+'ESD PERSONNEL COST F.x'!E23+'PHC PERSONNEL COST F.x'!E22+'WATSAN PERSONNEL COST F.x'!E22+'TRADITIONAL PERSONNEL COST F.x'!E22 -> 3.3628339e+08
A23: 21030104 | B23: OTHER BENEFITS | C23: ='CHAIR PERSONNEL COST F.x'!C23+'SLT PERSONNEL COST F.x'!C23+'COUNCIL PERSONNEL COST F.x'!C23+'PMD PERSONNEL COST F.x'!C23+'AGRIC PERSONNEL COST F.x'!C23+'FINANCE PERSONNEL COST F.x'!C27+'WORKS PERSONNEL COST F.x'!C23+'ESD PERSONNEL COST F.x'!C24+'PHC PERSONNEL COST F.x'!C23+'WATSAN PERSONNEL COST F.x'!C23+'TRADITIONAL PERSONNEL COST F.x'!C23 -> 0 | D23: ='CHAIR PERSONNEL COST F.x'!D23+'SLT PERSONNEL COST F.x'!D23+'COUNCIL PERSONNEL COST F.x'!D23+'PMD PERSONNEL COST F.x'!D23+'AGRIC PERSONNEL COST F.x'!D23+'FINANCE PERSONNEL COST F.x'!D27+'WORKS PERSONNEL COST F.x'!D23+'ESD PERSONNEL COST F.x'!D24+'PHC PERSONNEL COST F.x'!D23+'WATSAN PERSONNEL COST F.x'!D23+'TRADITIONAL PERSONNEL COST F.x'!D23 -> 0 | E23: ='CHAIR PERSONNEL COST F.x'!E23+'SLT PERSONNEL COST F.x'!E23+'COUNCIL PERSONNEL COST F.x'!E23+'PMD PERSONNEL COST F.x'!E23+'AGRIC PERSONNEL COST F.x'!E23+'FINANCE PERSONNEL COST F.x'!E27+'WORKS PERSONNEL COST F.x'!E23+'ESD PERSONNEL COST F.x'!E24+'PHC PERSONNEL COST F.x'!E23+'WATSAN PERSONNEL COST F.x'!E23+'TRADITIONAL PERSONNEL COST F.x'!E23 -> 20539869
A25: 22 | B25: OTHER RECURRENT COSTS | C25: =C26+C103+C107+C112 -> 1973730482 | D25: =D26+D103+D107+D112 -> 5.215046e+08 | E25: =E26+E103+E107+E112 -> 1.1347574e+09
A26: 2202 | B26: OVERHEAD COST | C26: =C27+C32+C40+C54+C63+C66+C72+C81+C85+C88 -> 1484520690 | D26: =D27+D32+D40+D54+D63+D66+D72+D81+D85+D88 -> 2.9094156e+08 | E26: =E27+E32+E40+E54+E63+E66+E72+E81+E85+E88 -> 6.1033323e+08
A27: 220201 | B27: TRAVEL & TRANSPORT – GENERAL | C27: =SUM(C28:C31) -> 56000000 | D27: =SUM(D28:D31) -> 16750000 | E27: =SUM(E28:E31) -> 40608426
A28: 22020101 | B28: LOCAL TRAVEL & TRANSPORT: TRAINING | C28: ='CHAIR OVERHEAD COST F.xi'!C10+'SLT OVERHEAD COST F.xi'!C10+'COUNCIL OVERHEAD COST F.xi'!C10+'PMD OVERHEAD COST F.xi'!C10+'AGRIC OVERHEAD COST F.xi'!C10+'FINANCE OVERHEAD COST F.xi'!C10+'WORKS OVERHEAD COST F.xi'!C10+'ESD OVERHEAD COST F.xi'!C10+'PHC OVERHEAD COST F.xi'!C10+'WATSAN OVERHEAD COST F.xi'!C10+'TRADITIONAL OVERHEAD COST F.xi'!C10 -> 7500000 | D28: ='CHAIR OVERHEAD COST F.xi'!D10+'SLT OVERHEAD COST F.xi'!D10+'COUNCIL OVERHEAD COST F.xi'!D10+'PMD OVERHEAD COST F.xi'!D10+'AGRIC OVERHEAD COST F.xi'!D10+'FINANCE OVERHEAD COST F.xi'!D10+'WORKS OVERHEAD COST F.xi'!D10+'ESD OVERHEAD COST F.xi'!D10+'PHC OVERHEAD COST F.xi'!D10+'WATSAN OVERHEAD COST F.xi'!D10+'TRADITIONAL OVERHEAD COST F.xi'!D10 -> 5092000 | E28: ='CHAIR OVERHEAD COST F.xi'!E10+'SLT OVERHEAD COST F.xi'!E10+'COUNCIL OVERHEAD COST F.xi'!E10+'PMD OVERHEAD COST F.xi'!E10+'AGRIC OVERHEAD COST F.xi'!E10+'FINANCE OVERHEAD COST F.xi'!E10+'WORKS OVERHEAD COST F.xi'!E10+'ESD OVERHEAD COST F.xi'!E10+'PHC OVERHEAD COST F.xi'!E10+'WATSAN OVERHEAD COST F.xi'!E10+'TRADITIONAL OVERHEAD COST F.xi'!E10 -> 18900000
A29: 22020102 | B29: LOCAL TRAVEL & TRANSPORT: OTHERS | C29: ='CHAIR OVERHEAD COST F.xi'!C11+'SLT OVERHEAD COST F.xi'!C11+'COUNCIL OVERHEAD COST F.xi'!C11+'PMD OVERHEAD COST F.xi'!C11+'AGRIC OVERHEAD COST F.xi'!C11+'FINANCE OVERHEAD COST F.xi'!C11+'WORKS OVERHEAD COST F.xi'!C11+'ESD OVERHEAD COST F.xi'!C11+'PHC OVERHEAD COST F.xi'!C11+'WATSAN OVERHEAD COST F.xi'!C11+'TRADITIONAL OVERHEAD COST F.xi'!C11 -> 48500000 | D29: ='CHAIR OVERHEAD COST F.xi'!D11+'SLT OVERHEAD COST F.xi'!D11+'COUNCIL OVERHEAD COST F.xi'!D11+'PMD OVERHEAD COST F.xi'!D11+'AGRIC OVERHEAD COST F.xi'!D11+'FINANCE OVERHEAD COST F.xi'!D11+'WORKS OVERHEAD COST F.xi'!D11+'ESD OVERHEAD COST F.xi'!D11+'PHC OVERHEAD COST F.xi'!D11+'WATSAN OVERHEAD COST F.xi'!D11+'TRADITIONAL OVERHEAD COST F.xi'!D11 -> 11658000 | E29: ='CHAIR OVERHEAD COST F.xi'!E11+'SLT OVERHEAD COST F.xi'!E11+'COUNCIL OVERHEAD COST F.xi'!E11+'PMD OVERHEAD COST F.xi'!E11+'AGRIC OVERHEAD COST F.xi'!E11+'FINANCE OVERHEAD COST F.xi'!E11+'WORKS OVERHEAD COST F.xi'!E11+'ESD OVERHEAD COST F.xi'!E11+'PHC OVERHEAD COST F.xi'!E11+'WATSAN OVERHEAD COST F.xi'!E11+'TRADITIONAL OVERHEAD COST F.xi'!E11 -> 11708426
A30: 22020103 | B30: INTERNATIONAL TRAVEL & TRANSPORT: TRAINING | C30: ='CHAIR OVERHEAD COST F.xi'!C12+'SLT OVERHEAD COST F.xi'!C12+'COUNCIL OVERHEAD COST F.xi'!C12+'PMD OVERHEAD COST F.xi'!C12+'AGRIC OVERHEAD COST F.xi'!C12+'FINANCE OVERHEAD COST F.xi'!C12+'WORKS OVERHEAD COST F.xi'!C12+'ESD OVERHEAD COST F.xi'!C12+'PHC OVERHEAD COST F.xi'!C12+'WATSAN OVERHEAD COST F.xi'!C12+'TRADITIONAL OVERHEAD COST F.xi'!C12 -> 0 | D30: ='CHAIR OVERHEAD COST F.xi'!D12+'SLT OVERHEAD COST F.xi'!D12+'COUNCIL OVERHEAD COST F.xi'!D12+'PMD OVERHEAD COST F.xi'!D12+'AGRIC OVERHEAD COST F.xi'!D12+'FINANCE OVERHEAD COST F.xi'!D12+'WORKS OVERHEAD COST F.xi'!D12+'ESD OVERHEAD COST F.xi'!D12+'PHC OVERHEAD COST F.xi'!D12+'WATSAN OVERHEAD COST F.xi'!D12+'TRADITIONAL OVERHEAD COST F.xi'!D12 -> 0 | E30: ='CHAIR OVERHEAD COST F.xi'!E12+'SLT OVERHEAD COST F.xi'!E12+'COUNCIL OVERHEAD COST F.xi'!E12+'PMD OVERHEAD COST F.xi'!E12+'AGRIC OVERHEAD COST F.xi'!E12+'FINANCE OVERHEAD COST F.xi'!E12+'WORKS OVERHEAD COST F.xi'!E12+'ESD OVERHEAD COST F.xi'!E12+'PHC OVERHEAD COST F.xi'!E12+'WATSAN OVERHEAD COST F.xi'!E12+'TRADITIONAL OVERHEAD COST F.xi'!E12 -> 10000000
A31: 22020104 | B31: INTERNATIONAL TRAVEL & TRANSPORT: OTHERS | C31: ='CHAIR OVERHEAD COST F.xi'!C13+'SLT OVERHEAD COST F.xi'!C13+'COUNCIL OVERHEAD COST F.xi'!C13+'PMD OVERHEAD COST F.xi'!C13+'AGRIC OVERHEAD COST F.xi'!C13+'FINANCE OVERHEAD COST F.xi'!C13+'WORKS OVERHEAD COST F.xi'!C13+'ESD OVERHEAD COST F.xi'!C13+'PHC OVERHEAD COST F.xi'!C13+'WATSAN OVERHEAD COST F.xi'!C13+'TRADITIONAL OVERHEAD COST F.xi'!C13 -> 0 | D31: ='CHAIR OVERHEAD COST F.xi'!D13+'SLT OVERHEAD COST F.xi'!D13+'COUNCIL OVERHEAD COST F.xi'!D13+'PMD OVERHEAD COST F.xi'!D13+'AGRIC OVERHEAD COST F.xi'!D13+'FINANCE OVERHEAD COST F.xi'!D13+'WORKS OVERHEAD COST F.xi'!D13+'ESD OVERHEAD COST F.xi'!D13+'PHC OVERHEAD COST F.xi'!D13+'WATSAN OVERHEAD COST F.xi'!D13+'TRADITIONAL OVERHEAD COST F.xi'!D13 -> 0 | E31: ='CHAIR OVERHEAD COST F.xi'!E13+'SLT OVERHEAD COST F.xi'!E13+'COUNCIL OVERHEAD COST F.xi'!E13+'PMD OVERHEAD COST F.xi'!E13+'AGRIC OVERHEAD COST F.xi'!E13+'FINANCE OVERHEAD COST F.xi'!E13+'WORKS OVERHEAD COST F.xi'!E13+'ESD OVERHEAD COST F.xi'!E13+'PHC OVERHEAD COST F.xi'!E13+'WATSAN OVERHEAD COST F.xi'!E13+'TRADITIONAL OVERHEAD COST F.xi'!E13 -> 0
A32: 220202 | B32: UTILITIES – GENERAL | C32: =SUM(C33:C39) -> 24000000 | D32: =SUM(D33:D39) -> 24182289 | E32: =SUM(E33:E39) -> 0
A33: 22020201 | B33: ELECTRICITY CHARGES | C33: ='CHAIR OVERHEAD COST F.xi'!C15+'SLT OVERHEAD COST F.xi'!C15+'COUNCIL OVERHEAD COST F.xi'!C15+'PMD OVERHEAD COST F.xi'!C15+'AGRIC OVERHEAD COST F.xi'!C15+'FINANCE OVERHEAD COST F.xi'!C15+'WORKS OVERHEAD COST F.xi'!C15+'ESD OVERHEAD COST F.xi'!C15+'PHC OVERHEAD COST F.xi'!C15+'WATSAN OVERHEAD COST F.xi'!C15+'TRADITIONAL OVERHEAD COST F.xi'!C15 -> 24000000 | D33: ='CHAIR OVERHEAD COST F.xi'!D15+'SLT OVERHEAD COST F.xi'!D15+'COUNCIL OVERHEAD COST F.xi'!D15+'PMD OVERHEAD COST F.xi'!D15+'AGRIC OVERHEAD COST F.xi'!D15+'FINANCE OVERHEAD COST F.xi'!D15+'WORKS OVERHEAD COST F.xi'!D15+'ESD OVERHEAD COST F.xi'!D15+'PHC OVERHEAD COST F.xi'!D15+'WATSAN OVERHEAD COST F.xi'!D15+'TRADITIONAL OVERHEAD COST F.xi'!D15 -> 20000000 | E33: ='CHAIR OVERHEAD COST F.xi'!E15+'SLT OVERHEAD COST F.xi'!E15+'COUNCIL OVERHEAD COST F.xi'!E15+'PMD OVERHEAD COST F.xi'!E15+'AGRIC OVERHEAD COST F.xi'!E15+'FINANCE OVERHEAD COST F.xi'!E15+'WORKS OVERHEAD COST F.xi'!E15+'ESD OVERHEAD COST F.xi'!E15+'PHC OVERHEAD COST F.xi'!E15+'WATSAN OVERHEAD COST F.xi'!E15+'TRADITIONAL OVERHEAD COST F.xi'!E15 -> 0
A34: 22020202 | B34: TELEPHONE CHARGES | C34: ='CHAIR OVERHEAD COST F.xi'!C16+'SLT OVERHEAD COST F.xi'!C16+'COUNCIL OVERHEAD COST F.xi'!C16+'PMD OVERHEAD COST F.xi'!C16+'AGRIC OVERHEAD COST F.xi'!C16+'FINANCE OVERHEAD COST F.xi'!C16+'WORKS OVERHEAD COST F.xi'!C16+'ESD OVERHEAD COST F.xi'!C16+'PHC OVERHEAD COST F.xi'!C16+'WATSAN OVERHEAD COST F.xi'!C16+'TRADITIONAL OVERHEAD COST F.xi'!C16 -> 0 | D34: ='CHAIR OVERHEAD COST F.xi'!D16+'SLT OVERHEAD COST F.xi'!D16+'COUNCIL OVERHEAD COST F.xi'!D16+'PMD OVERHEAD COST F.xi'!D16+'AGRIC OVERHEAD COST F.xi'!D16+'FINANCE OVERHEAD COST F.xi'!D16+'WORKS OVERHEAD COST F.xi'!D16+'ESD OVERHEAD COST F.xi'!D16+'PHC OVERHEAD COST F.xi'!D16+'WATSAN OVERHEAD COST F.xi'!D16+'TRADITIONAL OVERHEAD COST F.xi'!D16 -> 0 | E34: ='CHAIR OVERHEAD COST F.xi'!E16+'SLT OVERHEAD COST F.xi'!E16+'COUNCIL OVERHEAD COST F.xi'!E16+'PMD OVERHEAD COST F.xi'!E16+'AGRIC OVERHEAD COST F.xi'!E16+'FINANCE OVERHEAD COST F.xi'!E16+'WORKS OVERHEAD COST F.xi'!E16+'ESD OVERHEAD COST F.xi'!E16+'PHC OVERHEAD COST F.xi'!E16+'WATSAN OVERHEAD COST F.xi'!E16+'TRADITIONAL OVERHEAD COST F.xi'!E16 -> 0
A35: 22020203 | B35: INTERNET ACCESS CHARGES | C35: ='CHAIR OVERHEAD COST F.xi'!C17+'SLT OVERHEAD COST F.xi'!C17+'COUNCIL OVERHEAD COST F.xi'!C17+'PMD OVERHEAD COST F.xi'!C17+'AGRIC OVERHEAD COST F.xi'!C17+'FINANCE OVERHEAD COST F.xi'!C17+'WORKS OVERHEAD COST F.xi'!C17+'ESD OVERHEAD COST F.xi'!C17+'PHC OVERHEAD COST F.xi'!C17+'WATSAN OVERHEAD COST F.xi'!C17+'TRADITIONAL OVERHEAD COST F.xi'!C17 -> 0 | D35: ='CHAIR OVERHEAD COST F.xi'!D17+'SLT OVERHEAD COST F.xi'!D17+'COUNCIL OVERHEAD COST F.xi'!D17+'PMD OVERHEAD COST F.xi'!D17+'AGRIC OVERHEAD COST F.xi'!D17+'FINANCE OVERHEAD COST F.xi'!D17+'WORKS OVERHEAD COST F.xi'!D17+'ESD OVERHEAD COST F.xi'!D17+'PHC OVERHEAD COST F.xi'!D17+'WATSAN OVERHEAD COST F.xi'!D17+'TRADITIONAL OVERHEAD COST F.xi'!D17 -> 0 | E35: ='CHAIR OVERHEAD COST F.xi'!E17+'SLT OVERHEAD COST F.xi'!E17+'COUNCIL OVERHEAD COST F.xi'!E17+'PMD OVERHEAD COST F.xi'!E17+'AGRIC OVERHEAD COST F.xi'!E17+'FINANCE OVERHEAD COST F.xi'!E17+'WORKS OVERHEAD COST F.xi'!E17+'ESD OVERHEAD COST F.xi'!E17+'PHC OVERHEAD COST F.xi'!E17+'WATSAN OVERHEAD COST F.xi'!E17+'TRADITIONAL OVERHEAD COST F.xi'!E17 -> 0
A36: 22020204 | B36: DSTV SUBSCRIPTION CHARGES | C36: ='CHAIR OVERHEAD COST F.xi'!C18+'SLT OVERHEAD COST F.xi'!C18+'COUNCIL OVERHEAD COST F.xi'!C18+'PMD OVERHEAD COST F.xi'!C18+'AGRIC OVERHEAD COST F.xi'!C18+'FINANCE OVERHEAD COST F.xi'!C18+'WORKS OVERHEAD COST F.xi'!C18+'ESD OVERHEAD COST F.xi'!C18+'PHC OVERHEAD COST F.xi'!C18+'WATSAN OVERHEAD COST F.xi'!C18+'TRADITIONAL OVERHEAD COST F.xi'!C18 -> 0 | D36: ='CHAIR OVERHEAD COST F.xi'!D18+'SLT OVERHEAD COST F.xi'!D18+'COUNCIL OVERHEAD COST F.xi'!D18+'PMD OVERHEAD COST F.xi'!D18+'AGRIC OVERHEAD COST F.xi'!D18+'FINANCE OVERHEAD COST F.xi'!D18+'WORKS OVERHEAD COST F.xi'!D18+'ESD OVERHEAD COST F.xi'!D18+'PHC OVERHEAD COST F.xi'!D18+'WATSAN OVERHEAD COST F.xi'!D18+'TRADITIONAL OVERHEAD COST F.xi'!D18 -> 0 | E36: ='CHAIR OVERHEAD COST F.xi'!E18+'SLT OVERHEAD COST F.xi'!E18+'COUNCIL OVERHEAD COST F.xi'!E18+'PMD OVERHEAD COST F.xi'!E18+'AGRIC OVERHEAD COST F.xi'!E18+'FINANCE OVERHEAD COST F.xi'!E18+'WORKS OVERHEAD COST F.xi'!E18+'ESD OVERHEAD COST F.xi'!E18+'PHC OVERHEAD COST F.xi'!E18+'WATSAN OVERHEAD COST F.xi'!E18+'TRADITIONAL OVERHEAD COST F.xi'!E18 -> 0
A37: 22020205 | B37: WATER RATES | D37: ='CHAIR OVERHEAD COST F.xi'!D19+'SLT OVERHEAD COST F.xi'!D19+'COUNCIL OVERHEAD COST F.xi'!D19+'PMD OVERHEAD COST F.xi'!D19+'AGRIC OVERHEAD COST F.xi'!D19+'FINANCE OVERHEAD COST F.xi'!D19+'WORKS OVERHEAD COST F.xi'!D19+'ESD OVERHEAD COST F.xi'!D19+'PHC OVERHEAD COST F.xi'!D19+'WATSAN OVERHEAD COST F.xi'!D19+'TRADITIONAL OVERHEAD COST F.xi'!D19 -> 4182289 | E37: ='CHAIR OVERHEAD COST F.xi'!E19+'SLT OVERHEAD COST F.xi'!E19+'COUNCIL OVERHEAD COST F.xi'!E19+'PMD OVERHEAD COST F.xi'!E19+'AGRIC OVERHEAD COST F.xi'!E19+'FINANCE OVERHEAD COST F.xi'!E19+'WORKS OVERHEAD COST F.xi'!E19+'ESD OVERHEAD COST F.xi'!E19+'PHC OVERHEAD COST F.xi'!E19+'WATSAN OVERHEAD COST F.xi'!E19+'TRADITIONAL OVERHEAD COST F.xi'!E19 -> 0
A38: 22020206 | B38: SEWAGE CHARGES | C38: ='CHAIR OVERHEAD COST F.xi'!C20+'SLT OVERHEAD COST F.xi'!C20+'COUNCIL OVERHEAD COST F.xi'!C20+'PMD OVERHEAD COST F.xi'!C20+'AGRIC OVERHEAD COST F.xi'!C20+'FINANCE OVERHEAD COST F.xi'!C20+'WORKS OVERHEAD COST F.xi'!C20+'ESD OVERHEAD COST F.xi'!C20+'PHC OVERHEAD COST F.xi'!C20+'WATSAN OVERHEAD COST F.xi'!C20+'TRADITIONAL OVERHEAD COST F.xi'!C20 -> 0 | D38: ='CHAIR OVERHEAD COST F.xi'!D20+'SLT OVERHEAD COST F.xi'!D20+'COUNCIL OVERHEAD COST F.xi'!D20+'PMD OVERHEAD COST F.xi'!D20+'AGRIC OVERHEAD COST F.xi'!D20+'FINANCE OVERHEAD COST F.xi'!D20+'WORKS OVERHEAD COST F.xi'!D20+'ESD OVERHEAD COST F.xi'!D20+'PHC OVERHEAD COST F.xi'!D20+'WATSAN OVERHEAD COST F.xi'!D20+'TRADITIONAL OVERHEAD COST F.xi'!D20 -> 0 | E38: ='CHAIR OVERHEAD COST F.xi'!E20+'SLT OVERHEAD COST F.xi'!E20+'COUNCIL OVERHEAD COST F.xi'!E20+'PMD OVERHEAD COST F.xi'!E20+'AGRIC OVERHEAD COST F.xi'!E20+'FINANCE OVERHEAD COST F.xi'!E20+'WORKS OVERHEAD COST F.xi'!E20+'ESD OVERHEAD COST F.xi'!E20+'PHC OVERHEAD COST F.xi'!E20+'WATSAN OVERHEAD COST F.xi'!E20+'TRADITIONAL OVERHEAD COST F.xi'!E20 -> 0
A39: 22020210 | B39: SOFTWARE CHARGES/ LICENCE RENEWAL | C39: ='CHAIR OVERHEAD COST F.xi'!C21+'SLT OVERHEAD COST F.xi'!C21+'COUNCIL OVERHEAD COST F.xi'!C21+'PMD OVERHEAD COST F.xi'!C21+'AGRIC OVERHEAD COST F.xi'!C21+'FINANCE OVERHEAD COST F.xi'!C21+'WORKS OVERHEAD COST F.xi'!C21+'ESD OVERHEAD COST F.xi'!C21+'PHC OVERHEAD COST F.xi'!C21+'WATSAN OVERHEAD COST F.xi'!C21+'TRADITIONAL OVERHEAD COST F.xi'!C21 -> 0 | D39: ='CHAIR OVERHEAD COST F.xi'!D21+'SLT OVERHEAD COST F.xi'!D21+'COUNCIL OVERHEAD COST F.xi'!D21+'PMD OVERHEAD COST F.xi'!D21+'AGRIC OVERHEAD COST F.xi'!D21+'FINANCE OVERHEAD COST F.xi'!D21+'WORKS OVERHEAD COST F.xi'!D21+'ESD OVERHEAD COST F.xi'!D21+'PHC OVERHEAD COST F.xi'!D21+'WATSAN OVERHEAD COST F.xi'!D21+'TRADITIONAL OVERHEAD COST F.xi'!D21 -> 0 | E39: ='CHAIR OVERHEAD COST F.xi'!E21+'SLT OVERHEAD COST F.xi'!E21+'COUNCIL OVERHEAD COST F.xi'!E21+'PMD OVERHEAD COST F.xi'!E21+'AGRIC OVERHEAD COST F.xi'!E21+'FINANCE OVERHEAD COST F.xi'!E21+'WORKS OVERHEAD COST F.xi'!E21+'ESD OVERHEAD COST F.xi'!E21+'PHC OVERHEAD COST F.xi'!E21+'WATSAN OVERHEAD COST F.xi'!E21+'TRADITIONAL OVERHEAD COST F.xi'!E21 -> 0
A40: 220203 | B40: MATERIALS & SUPPLIES – GENERAL | C40: =SUM(C41:C53) -> 272000000 | D40: =SUM(D41:D53) -> 29738125 | E40: =SUM(E41:E53) -> 24500000
A41: 22020301 | B41: OFFICE STATIONERIES/CONSUMABLES | C41: ='CHAIR OVERHEAD COST F.xi'!C23+'SLT OVERHEAD COST F.xi'!C23+'COUNCIL OVERHEAD COST F.xi'!C23+'PMD OVERHEAD COST F.xi'!C23+'AGRIC OVERHEAD COST F.xi'!C23+'FINANCE OVERHEAD COST F.xi'!C23+'WORKS OVERHEAD COST F.xi'!C23+'ESD OVERHEAD COST F.xi'!C23+'PHC OVERHEAD COST F.xi'!C23+'WATSAN OVERHEAD COST F.xi'!C23+'TRADITIONAL OVERHEAD COST F.xi'!C23 -> 22000000 | D41: ='CHAIR OVERHEAD COST F.xi'!D23+'SLT OVERHEAD COST F.xi'!D23+'COUNCIL OVERHEAD COST F.xi'!D23+'PMD OVERHEAD COST F.xi'!D23+'AGRIC OVERHEAD COST F.xi'!D23+'FINANCE OVERHEAD COST F.xi'!D23+'WORKS OVERHEAD COST F.xi'!D23+'ESD OVERHEAD COST F.xi'!D23+'PHC OVERHEAD COST F.xi'!D23+'WATSAN OVERHEAD COST F.xi'!D23+'TRADITIONAL OVERHEAD COST F.xi'!D23 -> 12588125 | E41: ='CHAIR OVERHEAD COST F.xi'!E23+'SLT OVERHEAD COST F.xi'!E23+'COUNCIL OVERHEAD COST F.xi'!E23+'PMD OVERHEAD COST F.xi'!E23+'AGRIC OVERHEAD COST F.xi'!E23+'FINANCE OVERHEAD COST F.xi'!E23+'WORKS OVERHEAD COST F.xi'!E23+'ESD OVERHEAD COST F.xi'!E23+'PHC OVERHEAD COST F.xi'!E23+'WATSAN OVERHEAD COST F.xi'!E23+'TRADITIONAL OVERHEAD COST F.xi'!E23 -> 8000000
A42: 22020302 | B42: BOOKS | C42: ='CHAIR OVERHEAD COST F.xi'!C24+'SLT OVERHEAD COST F.xi'!C24+'COUNCIL OVERHEAD COST F.xi'!C24+'PMD OVERHEAD COST F.xi'!C24+'AGRIC OVERHEAD COST F.xi'!C24+'FINANCE OVERHEAD COST F.xi'!C24+'WORKS OVERHEAD COST F.xi'!C24+'ESD OVERHEAD COST F.xi'!C24+'PHC OVERHEAD COST F.xi'!C24+'WATSAN OVERHEAD COST F.xi'!C24+'TRADITIONAL OVERHEAD COST F.xi'!C24 -> 7000000 | D42: ='CHAIR OVERHEAD COST F.xi'!D24+'SLT OVERHEAD COST F.xi'!D24+'COUNCIL OVERHEAD COST F.xi'!D24+'PMD OVERHEAD COST F.xi'!D24+'AGRIC OVERHEAD COST F.xi'!D24+'FINANCE OVERHEAD COST F.xi'!D24+'WORKS OVERHEAD COST F.xi'!D24+'ESD OVERHEAD COST F.xi'!D24+'PHC OVERHEAD COST F.xi'!D24+'WATSAN OVERHEAD COST F.xi'!D24+'TRADITIONAL OVERHEAD COST F.xi'!D24 -> 5000000 | E42: ='CHAIR OVERHEAD COST F.xi'!E24+'SLT OVERHEAD COST F.xi'!E24+'COUNCIL OVERHEAD COST F.xi'!E24+'PMD OVERHEAD COST F.xi'!E24+'AGRIC OVERHEAD COST F.xi'!E24+'FINANCE OVERHEAD COST F.xi'!E24+'WORKS OVERHEAD COST F.xi'!E24+'ESD OVERHEAD COST F.xi'!E24+'PHC OVERHEAD COST F.xi'!E24+'WATSAN OVERHEAD COST F.xi'!E24+'TRADITIONAL OVERHEAD COST F.xi'!E24 -> 2000000
A43: 22020303 | B43: NEWSPAPERS | C43: ='CHAIR OVERHEAD COST F.xi'!C25+'SLT OVERHEAD COST F.xi'!C25+'COUNCIL OVERHEAD COST F.xi'!C25+'PMD OVERHEAD COST F.xi'!C25+'AGRIC OVERHEAD COST F.xi'!C25+'FINANCE OVERHEAD COST F.xi'!C25+'WORKS OVERHEAD COST F.xi'!C25+'ESD OVERHEAD COST F.xi'!C25+'PHC OVERHEAD COST F.xi'!C25+'WATSAN OVERHEAD COST F.xi'!C25+'TRADITIONAL OVERHEAD COST F.xi'!C25 -> 0 | D43: ='CHAIR OVERHEAD COST F.xi'!D25+'SLT OVERHEAD COST F.xi'!D25+'COUNCIL OVERHEAD COST F.xi'!D25+'PMD OVERHEAD COST F.xi'!D25+'AGRIC OVERHEAD COST F.xi'!D25+'FINANCE OVERHEAD COST F.xi'!D25+'WORKS OVERHEAD COST F.xi'!D25+'ESD OVERHEAD COST F.xi'!D25+'PHC OVERHEAD COST F.xi'!D25+'WATSAN OVERHEAD COST F.xi'!D25+'TRADITIONAL OVERHEAD COST F.xi'!D25 -> 0 | E43: ='CHAIR OVERHEAD COST F.xi'!E25+'SLT OVERHEAD COST F.xi'!E25+'COUNCIL OVERHEAD COST F.xi'!E25+'PMD OVERHEAD COST F.xi'!E25+'AGRIC OVERHEAD COST F.xi'!E25+'FINANCE OVERHEAD COST F.xi'!E25+'WORKS OVERHEAD COST F.xi'!E25+'ESD OVERHEAD COST F.xi'!E25+'PHC OVERHEAD COST F.xi'!E25+'WATSAN OVERHEAD COST F.xi'!E25+'TRADITIONAL OVERHEAD COST F.xi'!E25 -> 0
A44: 22020304 | B44: MAGAZINES & PERIODICALS | C44: ='CHAIR OVERHEAD COST F.xi'!C26+'SLT OVERHEAD COST F.xi'!C26+'COUNCIL OVERHEAD COST F.xi'!C26+'PMD OVERHEAD COST F.xi'!C26+'AGRIC OVERHEAD COST F.xi'!C26+'FINANCE OVERHEAD COST F.xi'!C26+'WORKS OVERHEAD COST F.xi'!C26+'ESD OVERHEAD COST F.xi'!C26+'PHC OVERHEAD COST F.xi'!C26+'WATSAN OVERHEAD COST F.xi'!C26+'TRADITIONAL OVERHEAD COST F.xi'!C26 -> 0 | D44: ='CHAIR OVERHEAD COST F.xi'!D26+'SLT OVERHEAD COST F.xi'!D26+'COUNCIL OVERHEAD COST F.xi'!D26+'PMD OVERHEAD COST F.xi'!D26+'AGRIC OVERHEAD COST F.xi'!D26+'FINANCE OVERHEAD COST F.xi'!D26+'WORKS OVERHEAD COST F.xi'!D26+'ESD OVERHEAD COST F.xi'!D26+'PHC OVERHEAD COST F.xi'!D26+'WATSAN OVERHEAD COST F.xi'!D26+'TRADITIONAL OVERHEAD COST F.xi'!D26 -> 0 | E44: ='CHAIR OVERHEAD COST F.xi'!E26+'SLT OVERHEAD COST F.xi'!E26+'COUNCIL OVERHEAD COST F.xi'!E26+'PMD OVERHEAD COST F.xi'!E26+'AGRIC OVERHEAD COST F.xi'!E26+'FINANCE OVERHEAD COST F.xi'!E26+'WORKS OVERHEAD COST F.xi'!E26+'ESD OVERHEAD COST F.xi'!E26+'PHC OVERHEAD COST F.xi'!E26+'WATSAN OVERHEAD COST F.xi'!E26+'TRADITIONAL OVERHEAD COST F.xi'!E26 -> 0
A45: 22020305 | B45: PRINTING OF NON-SECURITY DOCUMENTS | C45: ='CHAIR OVERHEAD COST F.xi'!C27+'SLT OVERHEAD COST F.xi'!C27+'COUNCIL OVERHEAD COST F.xi'!C27+'PMD OVERHEAD COST F.xi'!C27+'AGRIC OVERHEAD COST F.xi'!C27+'FINANCE OVERHEAD COST F.xi'!C27+'WORKS OVERHEAD COST F.xi'!C27+'ESD OVERHEAD COST F.xi'!C27+'PHC OVERHEAD COST F.xi'!C27+'WATSAN OVERHEAD COST F.xi'!C27+'TRADITIONAL OVERHEAD COST F.xi'!C27 -> 0 | D45: ='CHAIR OVERHEAD COST F.xi'!D27+'SLT OVERHEAD COST F.xi'!D27+'COUNCIL OVERHEAD COST F.xi'!D27+'PMD OVERHEAD COST F.xi'!D27+'AGRIC OVERHEAD COST F.xi'!D27+'FINANCE OVERHEAD COST F.xi'!D27+'WORKS OVERHEAD COST F.xi'!D27+'ESD OVERHEAD COST F.xi'!D27+'PHC OVERHEAD COST F.xi'!D27+'WATSAN OVERHEAD COST F.xi'!D27+'TRADITIONAL OVERHEAD COST F.xi'!D27 -> 0 | E45: ='CHAIR OVERHEAD COST F.xi'!E27+'SLT OVERHEAD COST F.xi'!E27+'COUNCIL OVERHEAD COST F.xi'!E27+'PMD OVERHEAD COST F.xi'!E27+'AGRIC OVERHEAD COST F.xi'!E27+'FINANCE OVERHEAD COST F.xi'!E27+'WORKS OVERHEAD COST F.xi'!E27+'ESD OVERHEAD COST F.xi'!E27+'PHC OVERHEAD COST F.xi'!E27+'WATSAN OVERHEAD COST F.xi'!E27+'TRADITIONAL OVERHEAD COST F.xi'!E27 -> 0
A46: 22020306 | B46: PRINTING OF SECURITY DOCUMENTS | C46: ='CHAIR OVERHEAD COST F.xi'!C28+'SLT OVERHEAD COST F.xi'!C28+'COUNCIL OVERHEAD COST F.xi'!C28+'PMD OVERHEAD COST F.xi'!C28+'AGRIC OVERHEAD COST F.xi'!C28+'FINANCE OVERHEAD COST F.xi'!C28+'WORKS OVERHEAD COST F.xi'!C28+'ESD OVERHEAD COST F.xi'!C28+'PHC OVERHEAD COST F.xi'!C28+'WATSAN OVERHEAD COST F.xi'!C28+'TRADITIONAL OVERHEAD COST F.xi'!C28 -> 0 | D46: ='CHAIR OVERHEAD COST F.xi'!D28+'SLT OVERHEAD COST F.xi'!D28+'COUNCIL OVERHEAD COST F.xi'!D28+'PMD OVERHEAD COST F.xi'!D28+'AGRIC OVERHEAD COST F.xi'!D28+'FINANCE OVERHEAD COST F.xi'!D28+'WORKS OVERHEAD COST F.xi'!D28+'ESD OVERHEAD COST F.xi'!D28+'PHC OVERHEAD COST F.xi'!D28+'WATSAN OVERHEAD COST F.xi'!D28+'TRADITIONAL OVERHEAD COST F.xi'!D28 -> 0 | E46: ='CHAIR OVERHEAD COST F.xi'!E28+'SLT OVERHEAD COST F.xi'!E28+'COUNCIL OVERHEAD COST F.xi'!E28+'PMD OVERHEAD COST F.xi'!E28+'AGRIC OVERHEAD COST F.xi'!E28+'FINANCE OVERHEAD COST F.xi'!E28+'WORKS OVERHEAD COST F.xi'!E28+'ESD OVERHEAD COST F.xi'!E28+'PHC OVERHEAD COST F.xi'!E28+'WATSAN OVERHEAD COST F.xi'!E28+'TRADITIONAL OVERHEAD COST F.xi'!E28 -> 0
A47: 22020307 | B47: DRUGS/LABORATORY/MEDICAL SUPPLIES | C47: ='CHAIR OVERHEAD COST F.xi'!C29+'SLT OVERHEAD COST F.xi'!C29+'COUNCIL OVERHEAD COST F.xi'!C29+'PMD OVERHEAD COST F.xi'!C29+'AGRIC OVERHEAD COST F.xi'!C29+'FINANCE OVERHEAD COST F.xi'!C29+'WORKS OVERHEAD COST F.xi'!C29+'ESD OVERHEAD COST F.xi'!C29+'PHC OVERHEAD COST F.xi'!C29+'WATSAN OVERHEAD COST F.xi'!C29+'TRADITIONAL OVERHEAD COST F.xi'!C29 -> 43000000 | D47: ='CHAIR OVERHEAD COST F.xi'!D29+'SLT OVERHEAD COST F.xi'!D29+'COUNCIL OVERHEAD COST F.xi'!D29+'PMD OVERHEAD COST F.xi'!D29+'AGRIC OVERHEAD COST F.xi'!D29+'FINANCE OVERHEAD COST F.xi'!D29+'WORKS OVERHEAD COST F.xi'!D29+'ESD OVERHEAD COST F.xi'!D29+'PHC OVERHEAD COST F.xi'!D29+'WATSAN OVERHEAD COST F.xi'!D29+'TRADITIONAL OVERHEAD COST F.xi'!D29 -> 12150000 | E47: ='CHAIR OVERHEAD COST F.xi'!E29+'SLT OVERHEAD COST F.xi'!E29+'COUNCIL OVERHEAD COST F.xi'!E29+'PMD OVERHEAD COST F.xi'!E29+'AGRIC OVERHEAD COST F.xi'!E29+'FINANCE OVERHEAD COST F.xi'!E29+'WORKS OVERHEAD COST F.xi'!E29+'ESD OVERHEAD COST F.xi'!E29+'PHC OVERHEAD COST F.xi'!E29+'WATSAN OVERHEAD COST F.xi'!E29+'TRADITIONAL OVERHEAD COST F.xi'!E29 -> 14500000
A48: 22020308 | B48: FIELD & CAMPING MATERIALS SUPPLIES | C48: ='CHAIR OVERHEAD COST F.xi'!C30+'SLT OVERHEAD COST F.xi'!C30+'COUNCIL OVERHEAD COST F.xi'!C30+'PMD OVERHEAD COST F.xi'!C30+'AGRIC OVERHEAD COST F.xi'!C30+'FINANCE OVERHEAD COST F.xi'!C30+'WORKS OVERHEAD COST F.xi'!C30+'ESD OVERHEAD COST F.xi'!C30+'PHC OVERHEAD COST F.xi'!C30+'WATSAN OVERHEAD COST F.xi'!C30+'TRADITIONAL OVERHEAD COST F.xi'!C30 -> 0 | D48: ='CHAIR OVERHEAD COST F.xi'!D30+'SLT OVERHEAD COST F.xi'!D30+'COUNCIL OVERHEAD COST F.xi'!D30+'PMD OVERHEAD COST F.xi'!D30+'AGRIC OVERHEAD COST F.xi'!D30+'FINANCE OVERHEAD COST F.xi'!D30+'WORKS OVERHEAD COST F.xi'!D30+'ESD OVERHEAD COST F.xi'!D30+'PHC OVERHEAD COST F.xi'!D30+'WATSAN OVERHEAD COST F.xi'!D30+'TRADITIONAL OVERHEAD COST F.xi'!D30 -> 0 | E48: ='CHAIR OVERHEAD COST F.xi'!E30+'SLT OVERHEAD COST F.xi'!E30+'COUNCIL OVERHEAD COST F.xi'!E30+'PMD OVERHEAD COST F.xi'!E30+'AGRIC OVERHEAD COST F.xi'!E30+'FINANCE OVERHEAD COST F.xi'!E30+'WORKS OVERHEAD COST F.xi'!E30+'ESD OVERHEAD COST F.xi'!E30+'PHC OVERHEAD COST F.xi'!E30+'WATSAN OVERHEAD COST F.xi'!E30+'TRADITIONAL OVERHEAD COST F.xi'!E30 -> 0
A49: 22020309 | B49: UNIFORMS/ROBES & OTHER CLOTHING | C49: ='CHAIR OVERHEAD COST F.xi'!C31+'SLT OVERHEAD COST F.xi'!C31+'COUNCIL OVERHEAD COST F.xi'!C31+'PMD OVERHEAD COST F.xi'!C31+'AGRIC OVERHEAD COST F.xi'!C31+'FINANCE OVERHEAD COST F.xi'!C31+'WORKS OVERHEAD COST F.xi'!C31+'ESD OVERHEAD COST F.xi'!C31+'PHC OVERHEAD COST F.xi'!C31+'WATSAN OVERHEAD COST F.xi'!C31+'TRADITIONAL OVERHEAD COST F.xi'!C31 -> 0 | D49: ='CHAIR OVERHEAD COST F.xi'!D31+'SLT OVERHEAD COST F.xi'!D31+'COUNCIL OVERHEAD COST F.xi'!D31+'PMD OVERHEAD COST F.xi'!D31+'AGRIC OVERHEAD COST F.xi'!D31+'FINANCE OVERHEAD COST F.xi'!D31+'WORKS OVERHEAD COST F.xi'!D31+'ESD OVERHEAD COST F.xi'!D31+'PHC OVERHEAD COST F.xi'!D31+'WATSAN OVERHEAD COST F.xi'!D31+'TRADITIONAL OVERHEAD COST F.xi'!D31 -> 0 | E49: ='CHAIR OVERHEAD COST F.xi'!E31+'SLT OVERHEAD COST F.xi'!E31+'COUNCIL OVERHEAD COST F.xi'!E31+'PMD OVERHEAD COST F.xi'!E31+'AGRIC OVERHEAD COST F.xi'!E31+'FINANCE OVERHEAD COST F.xi'!E31+'WORKS OVERHEAD COST F.xi'!E31+'ESD OVERHEAD COST F.xi'!E31+'PHC OVERHEAD COST F.xi'!E31+'WATSAN OVERHEAD COST F.xi'!E31+'TRADITIONAL OVERHEAD COST F.xi'!E31 -> 0
A50: 22020310 | B50: TEACHING AIDS / INSTRUCTION MATERIALS | C50: ='CHAIR OVERHEAD COST F.xi'!C32+'SLT OVERHEAD COST F.xi'!C32+'COUNCIL OVERHEAD COST F.xi'!C32+'PMD OVERHEAD COST F.xi'!C32+'AGRIC OVERHEAD COST F.xi'!C32+'FINANCE OVERHEAD COST F.xi'!C32+'WORKS OVERHEAD COST F.xi'!C32+'ESD OVERHEAD COST F.xi'!C32+'PHC OVERHEAD COST F.xi'!C32+'WATSAN OVERHEAD COST F.xi'!C32+'TRADITIONAL OVERHEAD COST F.xi'!C32 -> 0 | D50: ='CHAIR OVERHEAD COST F.xi'!D32+'SLT OVERHEAD COST F.xi'!D32+'COUNCIL OVERHEAD COST F.xi'!D32+'PMD OVERHEAD COST F.xi'!D32+'AGRIC OVERHEAD COST F.xi'!D32+'FINANCE OVERHEAD COST F.xi'!D32+'WORKS OVERHEAD COST F.xi'!D32+'ESD OVERHEAD COST F.xi'!D32+'PHC OVERHEAD COST F.xi'!D32+'WATSAN OVERHEAD COST F.xi'!D32+'TRADITIONAL OVERHEAD COST F.xi'!D32 -> 0 | E50: ='CHAIR OVERHEAD COST F.xi'!E32+'SLT OVERHEAD COST F.xi'!E32+'COUNCIL OVERHEAD COST F.xi'!E32+'PMD OVERHEAD COST F.xi'!E32+'AGRIC OVERHEAD COST F.xi'!E32+'FINANCE OVERHEAD COST F.xi'!E32+'WORKS OVERHEAD COST F.xi'!E32+'ESD OVERHEAD COST F.xi'!E32+'PHC OVERHEAD COST F.xi'!E32+'WATSAN OVERHEAD COST F.xi'!E32+'TRADITIONAL OVERHEAD COST F.xi'!E32 -> 0
A51: 22020311 | B51: FOOD STUFF / CATERING MATERIALS SUPPLIES | C51: ='CHAIR OVERHEAD COST F.xi'!C33+'SLT OVERHEAD COST F.xi'!C33+'COUNCIL OVERHEAD COST F.xi'!C33+'PMD OVERHEAD COST F.xi'!C33+'AGRIC OVERHEAD COST F.xi'!C33+'FINANCE OVERHEAD COST F.xi'!C33+'WORKS OVERHEAD COST F.xi'!C33+'ESD OVERHEAD COST F.xi'!C33+'PHC OVERHEAD COST F.xi'!C33+'WATSAN OVERHEAD COST F.xi'!C33+'TRADITIONAL OVERHEAD COST F.xi'!C33 -> 200000000 | D51: ='CHAIR OVERHEAD COST F.xi'!D33+'SLT OVERHEAD COST F.xi'!D33+'COUNCIL OVERHEAD COST F.xi'!D33+'PMD OVERHEAD COST F.xi'!D33+'AGRIC OVERHEAD COST F.xi'!D33+'FINANCE OVERHEAD COST F.xi'!D33+'WORKS OVERHEAD COST F.xi'!D33+'ESD OVERHEAD COST F.xi'!D33+'PHC OVERHEAD COST F.xi'!D33+'WATSAN OVERHEAD COST F.xi'!D33+'TRADITIONAL OVERHEAD COST F.xi'!D33 -> 0 | E51: ='CHAIR OVERHEAD COST F.xi'!E33+'SLT OVERHEAD COST F.xi'!E33+'COUNCIL OVERHEAD COST F.xi'!E33+'PMD OVERHEAD COST F.xi'!E33+'AGRIC OVERHEAD COST F.xi'!E33+'FINANCE OVERHEAD COST F.xi'!E33+'WORKS OVERHEAD COST F.xi'!E33+'ESD OVERHEAD COST F.xi'!E33+'PHC OVERHEAD COST F.xi'!E33+'WATSAN OVERHEAD COST F.xi'!E33+'TRADITIONAL OVERHEAD COST F.xi'!E33 -> 0
A52: 22020312 | B52: PRODUCTION OF FINANCIAL STATEMENTS | C52: ='CHAIR OVERHEAD COST F.xi'!C34+'SLT OVERHEAD COST F.xi'!C34+'COUNCIL OVERHEAD COST F.xi'!C34+'PMD OVERHEAD COST F.xi'!C34+'AGRIC OVERHEAD COST F.xi'!C34+'FINANCE OVERHEAD COST F.xi'!C34+'WORKS OVERHEAD COST F.xi'!C34+'ESD OVERHEAD COST F.xi'!C34+'PHC OVERHEAD COST F.xi'!C34+'WATSAN OVERHEAD COST F.xi'!C34+'TRADITIONAL OVERHEAD COST F.xi'!C34 -> 0 | D52: ='CHAIR OVERHEAD COST F.xi'!D34+'SLT OVERHEAD COST F.xi'!D34+'COUNCIL OVERHEAD COST F.xi'!D34+'PMD OVERHEAD COST F.xi'!D34+'AGRIC OVERHEAD COST F.xi'!D34+'FINANCE OVERHEAD COST F.xi'!D34+'WORKS OVERHEAD COST F.xi'!D34+'ESD OVERHEAD COST F.xi'!D34+'PHC OVERHEAD COST F.xi'!D34+'WATSAN OVERHEAD COST F.xi'!D34+'TRADITIONAL OVERHEAD COST F.xi'!D34 -> 0 | E52: ='CHAIR OVERHEAD COST F.xi'!E34+'SLT OVERHEAD COST F.xi'!E34+'COUNCIL OVERHEAD COST F.xi'!E34+'PMD OVERHEAD COST F.xi'!E34+'AGRIC OVERHEAD COST F.xi'!E34+'FINANCE OVERHEAD COST F.xi'!E34+'WORKS OVERHEAD COST F.xi'!E34+'ESD OVERHEAD COST F.xi'!E34+'PHC OVERHEAD COST F.xi'!E34+'WATSAN OVERHEAD COST F.xi'!E34+'TRADITIONAL OVERHEAD COST F.xi'!E34 -> 0
A53: 22020313 | B53: PRODUCTION OF REPORTS TO PUBLIC | C53: ='CHAIR OVERHEAD COST F.xi'!C35+'SLT OVERHEAD COST F.xi'!C35+'COUNCIL OVERHEAD COST F.xi'!C35+'PMD OVERHEAD COST F.xi'!C35+'AGRIC OVERHEAD COST F.xi'!C35+'FINANCE OVERHEAD COST F.xi'!C35+'WORKS OVERHEAD COST F.xi'!C35+'ESD OVERHEAD COST F.xi'!C35+'PHC OVERHEAD COST F.xi'!C35+'WATSAN OVERHEAD COST F.xi'!C35+'TRADITIONAL OVERHEAD COST F.xi'!C35 -> 0 | D53: ='CHAIR OVERHEAD COST F.xi'!D35+'SLT OVERHEAD COST F.xi'!D35+'COUNCIL OVERHEAD COST F.xi'!D35+'PMD OVERHEAD COST F.xi'!D35+'AGRIC OVERHEAD COST F.xi'!D35+'FINANCE OVERHEAD COST F.xi'!D35+'WORKS OVERHEAD COST F.xi'!D35+'ESD OVERHEAD COST F.xi'!D35+'PHC OVERHEAD COST F.xi'!D35+'WATSAN OVERHEAD COST F.xi'!D35+'TRADITIONAL OVERHEAD COST F.xi'!D35 -> 0 | E53: ='CHAIR OVERHEAD COST F.xi'!E35+'SLT OVERHEAD COST F.xi'!E35+'COUNCIL OVERHEAD COST F.xi'!E35+'PMD OVERHEAD COST F.xi'!E35+'AGRIC OVERHEAD COST F.xi'!E35+'FINANCE OVERHEAD COST F.xi'!E35+'WORKS OVERHEAD COST F.xi'!E35+'ESD OVERHEAD COST F.xi'!E35+'PHC OVERHEAD COST F.xi'!E35+'WATSAN OVERHEAD COST F.xi'!E35+'TRADITIONAL OVERHEAD COST F.xi'!E35 -> 0
A54: 220204 | B54: MAINTENANCE SERVICES – GENERAL | C54: =SUM(C55:C62) -> 28500000 | D54: =SUM(D55:D62) -> 22260337 | E54: =SUM(E55:E62) -> 35100000
A55: 22020401 | B55: MAINTENANCE OF MOTOR VEHICLE | C55: ='CHAIR OVERHEAD COST F.xi'!C37+'SLT OVERHEAD COST F.xi'!C37+'COUNCIL OVERHEAD COST F.xi'!C37+'PMD OVERHEAD COST F.xi'!C37+'AGRIC OVERHEAD COST F.xi'!C37+'FINANCE OVERHEAD COST F.xi'!C37+'WORKS OVERHEAD COST F.xi'!C37+'ESD OVERHEAD COST F.xi'!C37+'PHC OVERHEAD COST F.xi'!C37+'WATSAN OVERHEAD COST F.xi'!C37+'TRADITIONAL OVERHEAD COST F.xi'!C37 -> 0 | D55: ='CHAIR OVERHEAD COST F.xi'!D37+'SLT OVERHEAD COST F.xi'!D37+'COUNCIL OVERHEAD COST F.xi'!D37+'PMD OVERHEAD COST F.xi'!D37+'AGRIC OVERHEAD COST F.xi'!D37+'FINANCE OVERHEAD COST F.xi'!D37+'WORKS OVERHEAD COST F.xi'!D37+'ESD OVERHEAD COST F.xi'!D37+'PHC OVERHEAD COST F.xi'!D37+'WATSAN OVERHEAD COST F.xi'!D37+'TRADITIONAL OVERHEAD COST F.xi'!D37 -> 14641200 | E55: ='CHAIR OVERHEAD COST F.xi'!E37+'SLT OVERHEAD COST F.xi'!E37+'COUNCIL OVERHEAD COST F.xi'!E37+'PMD OVERHEAD COST F.xi'!E37+'AGRIC OVERHEAD COST F.xi'!E37+'FINANCE OVERHEAD COST F.xi'!E37+'WORKS OVERHEAD COST F.xi'!E37+'ESD OVERHEAD COST F.xi'!E37+'PHC OVERHEAD COST F.xi'!E37+'WATSAN OVERHEAD COST F.xi'!E37+'TRADITIONAL OVERHEAD COST F.xi'!E37 -> 26100000
A56: 22020402 | B56: MAINTENANCE OF OFFICE FURNITURE | C56: ='CHAIR OVERHEAD COST F.xi'!C38+'SLT OVERHEAD COST F.xi'!C38+'COUNCIL OVERHEAD COST F.xi'!C38+'PMD OVERHEAD COST F.xi'!C38+'AGRIC OVERHEAD COST F.xi'!C38+'FINANCE OVERHEAD COST F.xi'!C38+'WORKS OVERHEAD COST F.xi'!C38+'ESD OVERHEAD COST F.xi'!C38+'PHC OVERHEAD COST F.xi'!C38+'WATSAN OVERHEAD COST F.xi'!C38+'TRADITIONAL OVERHEAD COST F.xi'!C38 -> 18500000 | D56: ='CHAIR OVERHEAD COST F.xi'!D38+'SLT OVERHEAD COST F.xi'!D38+'COUNCIL OVERHEAD COST F.xi'!D38+'PMD OVERHEAD COST F.xi'!D38+'AGRIC OVERHEAD COST F.xi'!D38+'FINANCE OVERHEAD COST F.xi'!D38+'WORKS OVERHEAD COST F.xi'!D38+'ESD OVERHEAD COST F.xi'!D38+'PHC OVERHEAD COST F.xi'!D38+'WATSAN OVERHEAD COST F.xi'!D38+'TRADITIONAL OVERHEAD COST F.xi'!D38 -> 1900000 | E56: ='CHAIR OVERHEAD COST F.xi'!E38+'SLT OVERHEAD COST F.xi'!E38+'COUNCIL OVERHEAD COST F.xi'!E38+'PMD OVERHEAD COST F.xi'!E38+'AGRIC OVERHEAD COST F.xi'!E38+'FINANCE OVERHEAD COST F.xi'!E38+'WORKS OVERHEAD COST F.xi'!E38+'ESD OVERHEAD COST F.xi'!E38+'PHC OVERHEAD COST F.xi'!E38+'WATSAN OVERHEAD COST F.xi'!E38+'TRADITIONAL OVERHEAD COST F.xi'!E38 -> 4000000
A57: 22020403 | B57: MAINTENANCE OF OFFICE BUILDING / RESIDENTIAL QTRS | C57: ='CHAIR OVERHEAD COST F.xi'!C39+'SLT OVERHEAD COST F.xi'!C39+'COUNCIL OVERHEAD COST F.xi'!C39+'PMD OVERHEAD COST F.xi'!C39+'AGRIC OVERHEAD COST F.xi'!C39+'FINANCE OVERHEAD COST F.xi'!C39+'WORKS OVERHEAD COST F.xi'!C39+'ESD OVERHEAD COST F.xi'!C39+'PHC OVERHEAD COST F.xi'!C39+'WATSAN OVERHEAD COST F.xi'!C39+'TRADITIONAL OVERHEAD COST F.xi'!C39 -> 0 | D57: ='CHAIR OVERHEAD COST F.xi'!D39+'SLT OVERHEAD COST F.xi'!D39+'COUNCIL OVERHEAD COST F.xi'!D39+'PMD OVERHEAD COST F.xi'!D39+'AGRIC OVERHEAD COST F.xi'!D39+'FINANCE OVERHEAD COST F.xi'!D39+'WORKS OVERHEAD COST F.xi'!D39+'ESD OVERHEAD COST F.xi'!D39+'PHC OVERHEAD COST F.xi'!D39+'WATSAN OVERHEAD COST F.xi'!D39+'TRADITIONAL OVERHEAD COST F.xi'!D39 -> 0 | E57: ='CHAIR OVERHEAD COST F.xi'!E39+'SLT OVERHEAD COST F.xi'!E39+'COUNCIL OVERHEAD COST F.xi'!E39+'PMD OVERHEAD COST F.xi'!E39+'AGRIC OVERHEAD COST F.xi'!E39+'FINANCE OVERHEAD COST F.xi'!E39+'WORKS OVERHEAD COST F.xi'!E39+'ESD OVERHEAD COST F.xi'!E39+'PHC OVERHEAD COST F.xi'!E39+'WATSAN OVERHEAD COST F.xi'!E39+'TRADITIONAL OVERHEAD COST F.xi'!E39 -> 0
A58: 22020404 | B58: MAINTENANCE OF OFFICE / IT EQUIPMENTS | C58: ='CHAIR OVERHEAD COST F.xi'!C40+'SLT OVERHEAD COST F.xi'!C40+'COUNCIL OVERHEAD COST F.xi'!C40+'PMD OVERHEAD COST F.xi'!C40+'AGRIC OVERHEAD COST F.xi'!C40+'FINANCE OVERHEAD COST F.xi'!C40+'WORKS OVERHEAD COST F.xi'!C40+'ESD OVERHEAD COST F.xi'!C40+'PHC OVERHEAD COST F.xi'!C40+'WATSAN OVERHEAD COST F.xi'!C40+'TRADITIONAL OVERHEAD COST F.xi'!C40 -> 0 | D58: ='CHAIR OVERHEAD COST F.xi'!D40+'SLT OVERHEAD COST F.xi'!D40+'COUNCIL OVERHEAD COST F.xi'!D40+'PMD OVERHEAD COST F.xi'!D40+'AGRIC OVERHEAD COST F.xi'!D40+'FINANCE OVERHEAD COST F.xi'!D40+'WORKS OVERHEAD COST F.xi'!D40+'ESD OVERHEAD COST F.xi'!D40+'PHC OVERHEAD COST F.xi'!D40+'WATSAN OVERHEAD COST F.xi'!D40+'TRADITIONAL OVERHEAD COST F.xi'!D40 -> 0 | E58: ='CHAIR OVERHEAD COST F.xi'!E40+'SLT OVERHEAD COST F.xi'!E40+'COUNCIL OVERHEAD COST F.xi'!E40+'PMD OVERHEAD COST F.xi'!E40+'AGRIC OVERHEAD COST F.xi'!E40+'FINANCE OVERHEAD COST F.xi'!E40+'WORKS OVERHEAD COST F.xi'!E40+'ESD OVERHEAD COST F.xi'!E40+'PHC OVERHEAD COST F.xi'!E40+'WATSAN OVERHEAD COST F.xi'!E40+'TRADITIONAL OVERHEAD COST F.xi'!E40 -> 0
A59: 22020405 | B59: MAINTENANCE OF PLANTS/GENERATORS | C59: ='CHAIR OVERHEAD COST F.xi'!C41+'SLT OVERHEAD COST F.xi'!C41+'COUNCIL OVERHEAD COST F.xi'!C41+'PMD OVERHEAD COST F.xi'!C41+'AGRIC OVERHEAD COST F.xi'!C41+'FINANCE OVERHEAD COST F.xi'!C41+'WORKS OVERHEAD COST F.xi'!C41+'ESD OVERHEAD COST F.xi'!C41+'PHC OVERHEAD COST F.xi'!C41+'WATSAN OVERHEAD COST F.xi'!C41+'TRADITIONAL OVERHEAD COST F.xi'!C41 -> 10000000 | D59: ='CHAIR OVERHEAD COST F.xi'!D41+'SLT OVERHEAD COST F.xi'!D41+'COUNCIL OVERHEAD COST F.xi'!D41+'PMD OVERHEAD COST F.xi'!D41+'AGRIC OVERHEAD COST F.xi'!D41+'FINANCE OVERHEAD COST F.xi'!D41+'WORKS OVERHEAD COST F.xi'!D41+'ESD OVERHEAD COST F.xi'!D41+'PHC OVERHEAD COST F.xi'!D41+'WATSAN OVERHEAD COST F.xi'!D41+'TRADITIONAL OVERHEAD COST F.xi'!D41 -> 5719136.9 | E59: ='CHAIR OVERHEAD COST F.xi'!E41+'SLT OVERHEAD COST F.xi'!E41+'COUNCIL OVERHEAD COST F.xi'!E41+'PMD OVERHEAD COST F.xi'!E41+'AGRIC OVERHEAD COST F.xi'!E41+'FINANCE OVERHEAD COST F.xi'!E41+'WORKS OVERHEAD COST F.xi'!E41+'ESD OVERHEAD COST F.xi'!E41+'PHC OVERHEAD COST F.xi'!E41+'WATSAN OVERHEAD COST F.xi'!E41+'TRADITIONAL OVERHEAD COST F.xi'!E41 -> 5000000
A60: 22020406 | B60: OTHER MAINTENANCE SERVICES | C60: ='CHAIR OVERHEAD COST F.xi'!C42+'SLT OVERHEAD COST F.xi'!C42+'COUNCIL OVERHEAD COST F.xi'!C42+'PMD OVERHEAD COST F.xi'!C42+'AGRIC OVERHEAD COST F.xi'!C42+'FINANCE OVERHEAD COST F.xi'!C42+'WORKS OVERHEAD COST F.xi'!C42+'ESD OVERHEAD COST F.xi'!C42+'PHC OVERHEAD COST F.xi'!C42+'WATSAN OVERHEAD COST F.xi'!C42+'TRADITIONAL OVERHEAD COST F.xi'!C42 -> 0 | D60: ='CHAIR OVERHEAD COST F.xi'!D42+'SLT OVERHEAD COST F.xi'!D42+'COUNCIL OVERHEAD COST F.xi'!D42+'PMD OVERHEAD COST F.xi'!D42+'AGRIC OVERHEAD COST F.xi'!D42+'FINANCE OVERHEAD COST F.xi'!D42+'WORKS OVERHEAD COST F.xi'!D42+'ESD OVERHEAD COST F.xi'!D42+'PHC OVERHEAD COST F.xi'!D42+'WATSAN OVERHEAD COST F.xi'!D42+'TRADITIONAL OVERHEAD COST F.xi'!D42 -> 0 | E60: ='CHAIR OVERHEAD COST F.xi'!E42+'SLT OVERHEAD COST F.xi'!E42+'COUNCIL OVERHEAD COST F.xi'!E42+'PMD OVERHEAD COST F.xi'!E42+'AGRIC OVERHEAD COST F.xi'!E42+'FINANCE OVERHEAD COST F.xi'!E42+'WORKS OVERHEAD COST F.xi'!E42+'ESD OVERHEAD COST F.xi'!E42+'PHC OVERHEAD COST F.xi'!E42+'WATSAN OVERHEAD COST F.xi'!E42+'TRADITIONAL OVERHEAD COST F.xi'!E42 -> 0
A61: 22020410 | B61: MAINTENANCE OF STREET LIGHTINGS | C61: ='CHAIR OVERHEAD COST F.xi'!C43+'SLT OVERHEAD COST F.xi'!C43+'COUNCIL OVERHEAD COST F.xi'!C43+'PMD OVERHEAD COST F.xi'!C43+'AGRIC OVERHEAD COST F.xi'!C43+'FINANCE OVERHEAD COST F.xi'!C43+'WORKS OVERHEAD COST F.xi'!C43+'ESD OVERHEAD COST F.xi'!C43+'PHC OVERHEAD COST F.xi'!C43+'WATSAN OVERHEAD COST F.xi'!C43+'TRADITIONAL OVERHEAD COST F.xi'!C43 -> 0 | D61: ='CHAIR OVERHEAD COST F.xi'!D43+'SLT OVERHEAD COST F.xi'!D43+'COUNCIL OVERHEAD COST F.xi'!D43+'PMD OVERHEAD COST F.xi'!D43+'AGRIC OVERHEAD COST F.xi'!D43+'FINANCE OVERHEAD COST F.xi'!D43+'WORKS OVERHEAD COST F.xi'!D43+'ESD OVERHEAD COST F.xi'!D43+'PHC OVERHEAD COST F.xi'!D43+'WATSAN OVERHEAD COST F.xi'!D43+'TRADITIONAL OVERHEAD COST F.xi'!D43 -> 0 | E61: ='CHAIR OVERHEAD COST F.xi'!E43+'SLT OVERHEAD COST F.xi'!E43+'COUNCIL OVERHEAD COST F.xi'!E43+'PMD OVERHEAD COST F.xi'!E43+'AGRIC OVERHEAD COST F.xi'!E43+'FINANCE OVERHEAD COST F.xi'!E43+'WORKS OVERHEAD COST F.xi'!E43+'ESD OVERHEAD COST F.xi'!E43+'PHC OVERHEAD COST F.xi'!E43+'WATSAN OVERHEAD COST F.xi'!E43+'TRADITIONAL OVERHEAD COST F.xi'!E43 -> 0
A62: 22020411 | B62: MAINTENANCE OF COMMUNICATION EQUIPMENT | C62: ='CHAIR OVERHEAD COST F.xi'!C44+'SLT OVERHEAD COST F.xi'!C44+'COUNCIL OVERHEAD COST F.xi'!C44+'PMD OVERHEAD COST F.xi'!C44+'AGRIC OVERHEAD COST F.xi'!C44+'FINANCE OVERHEAD COST F.xi'!C44+'WORKS OVERHEAD COST F.xi'!C44+'ESD OVERHEAD COST F.xi'!C44+'PHC OVERHEAD COST F.xi'!C44+'WATSAN OVERHEAD COST F.xi'!C44+'TRADITIONAL OVERHEAD COST F.xi'!C44 -> 0 | D62: ='CHAIR OVERHEAD COST F.xi'!D44+'SLT OVERHEAD COST F.xi'!D44+'COUNCIL OVERHEAD COST F.xi'!D44+'PMD OVERHEAD COST F.xi'!D44+'AGRIC OVERHEAD COST F.xi'!D44+'FINANCE OVERHEAD COST F.xi'!D44+'WORKS OVERHEAD COST F.xi'!D44+'ESD OVERHEAD COST F.xi'!D44+'PHC OVERHEAD COST F.xi'!D44+'WATSAN OVERHEAD COST F.xi'!D44+'TRADITIONAL OVERHEAD COST F.xi'!D44 -> 0 | E62: ='CHAIR OVERHEAD COST F.xi'!E44+'SLT OVERHEAD COST F.xi'!E44+'COUNCIL OVERHEAD COST F.xi'!E44+'PMD OVERHEAD COST F.xi'!E44+'AGRIC OVERHEAD COST F.xi'!E44+'FINANCE OVERHEAD COST F.xi'!E44+'WORKS OVERHEAD COST F.xi'!E44+'ESD OVERHEAD COST F.xi'!E44+'PHC OVERHEAD COST F.xi'!E44+'WATSAN OVERHEAD COST F.xi'!E44+'TRADITIONAL OVERHEAD COST F.xi'!E44 -> 0
A63: 220205 | B63: TRAINING – GENERAL | C63: =SUM(C64:C65) -> 131000000 | D63: =SUM(D64:D65) -> 25000000 | E63: =SUM(E64:E65) -> 20000000
A64: 22020501 | B64: LOCAL TRAINING | C64: ='CHAIR OVERHEAD COST F.xi'!C46+'SLT OVERHEAD COST F.xi'!C46+'COUNCIL OVERHEAD COST F.xi'!C46+'PMD OVERHEAD COST F.xi'!C46+'AGRIC OVERHEAD COST F.xi'!C46+'FINANCE OVERHEAD COST F.xi'!C46+'WORKS OVERHEAD COST F.xi'!C46+'ESD OVERHEAD COST F.xi'!C46+'PHC OVERHEAD COST F.xi'!C46+'WATSAN OVERHEAD COST F.xi'!C46+'TRADITIONAL OVERHEAD COST F.xi'!C46 -> 131000000 | D64: ='CHAIR OVERHEAD COST F.xi'!D46+'SLT OVERHEAD COST F.xi'!D46+'COUNCIL OVERHEAD COST F.xi'!D46+'PMD OVERHEAD COST F.xi'!D46+'AGRIC OVERHEAD COST F.xi'!D46+'FINANCE OVERHEAD COST F.xi'!D46+'WORKS OVERHEAD COST F.xi'!D46+'ESD OVERHEAD COST F.xi'!D46+'PHC OVERHEAD COST F.xi'!D46+'WATSAN OVERHEAD COST F.xi'!D46+'TRADITIONAL OVERHEAD COST F.xi'!D46 -> 25000000 | E64: ='CHAIR OVERHEAD COST F.xi'!E46+'SLT OVERHEAD COST F.xi'!E46+'COUNCIL OVERHEAD COST F.xi'!E46+'PMD OVERHEAD COST F.xi'!E46+'AGRIC OVERHEAD COST F.xi'!E46+'FINANCE OVERHEAD COST F.xi'!E46+'WORKS OVERHEAD COST F.xi'!E46+'ESD OVERHEAD COST F.xi'!E46+'PHC OVERHEAD COST F.xi'!E46+'WATSAN OVERHEAD COST F.xi'!E46+'TRADITIONAL OVERHEAD COST F.xi'!E46 -> 20000000
A65: 22020502 | B65: INTERNATIONAL TRAINING | C65: ='CHAIR OVERHEAD COST F.xi'!C47+'SLT OVERHEAD COST F.xi'!C47+'COUNCIL OVERHEAD COST F.xi'!C47+'PMD OVERHEAD COST F.xi'!C47+'AGRIC OVERHEAD COST F.xi'!C47+'FINANCE OVERHEAD COST F.xi'!C47+'WORKS OVERHEAD COST F.xi'!C47+'ESD OVERHEAD COST F.xi'!C47+'PHC OVERHEAD COST F.xi'!C47+'WATSAN OVERHEAD COST F.xi'!C47+'TRADITIONAL OVERHEAD COST F.xi'!C47 -> 0 | D65: ='CHAIR OVERHEAD COST F.xi'!D47+'SLT OVERHEAD COST F.xi'!D47+'COUNCIL OVERHEAD COST F.xi'!D47+'PMD OVERHEAD COST F.xi'!D47+'AGRIC OVERHEAD COST F.xi'!D47+'FINANCE OVERHEAD COST F.xi'!D47+'WORKS OVERHEAD COST F.xi'!D47+'ESD OVERHEAD COST F.xi'!D47+'PHC OVERHEAD COST F.xi'!D47+'WATSAN OVERHEAD COST F.xi'!D47+'TRADITIONAL OVERHEAD COST F.xi'!D47 -> 0 | E65: ='CHAIR OVERHEAD COST F.xi'!E47+'SLT OVERHEAD COST F.xi'!E47+'COUNCIL OVERHEAD COST F.xi'!E47+'PMD OVERHEAD COST F.xi'!E47+'AGRIC OVERHEAD COST F.xi'!E47+'FINANCE OVERHEAD COST F.xi'!E47+'WORKS OVERHEAD COST F.xi'!E47+'ESD OVERHEAD COST F.xi'!E47+'PHC OVERHEAD COST F.xi'!E47+'WATSAN OVERHEAD COST F.xi'!E47+'TRADITIONAL OVERHEAD COST F.xi'!E47 -> 0
A66: 220206 | B66: OTHER SERVICES – GENERAL | C66: =SUM(C67:C71) -> 361000000 | D66: =SUM(D67:D71) -> 51204743 | E66: =SUM(E67:E71) -> 110000000
A67: 22020601 | B67: SECURITY SERVICES | C67: ='CHAIR OVERHEAD COST F.xi'!C49+'SLT OVERHEAD COST F.xi'!C49+'COUNCIL OVERHEAD COST F.xi'!C49+'PMD OVERHEAD COST F.xi'!C49+'AGRIC OVERHEAD COST F.xi'!C49+'FINANCE OVERHEAD COST F.xi'!C49+'WORKS OVERHEAD COST F.xi'!C49+'ESD OVERHEAD COST F.xi'!C49+'PHC OVERHEAD COST F.xi'!C49+'WATSAN OVERHEAD COST F.xi'!C49+'TRADITIONAL OVERHEAD COST F.xi'!C49 -> 350000000 | D67: ='CHAIR OVERHEAD COST F.xi'!D49+'SLT OVERHEAD COST F.xi'!D49+'COUNCIL OVERHEAD COST F.xi'!D49+'PMD OVERHEAD COST F.xi'!D49+'AGRIC OVERHEAD COST F.xi'!D49+'FINANCE OVERHEAD COST F.xi'!D49+'WORKS OVERHEAD COST F.xi'!D49+'ESD OVERHEAD COST F.xi'!D49+'PHC OVERHEAD COST F.xi'!D49+'WATSAN OVERHEAD COST F.xi'!D49+'TRADITIONAL OVERHEAD COST F.xi'!D49 -> 44554743 | E67: ='CHAIR OVERHEAD COST F.xi'!E49+'SLT OVERHEAD COST F.xi'!E49+'COUNCIL OVERHEAD COST F.xi'!E49+'PMD OVERHEAD COST F.xi'!E49+'AGRIC OVERHEAD COST F.xi'!E49+'FINANCE OVERHEAD COST F.xi'!E49+'WORKS OVERHEAD COST F.xi'!E49+'ESD OVERHEAD COST F.xi'!E49+'PHC OVERHEAD COST F.xi'!E49+'WATSAN OVERHEAD COST F.xi'!E49+'TRADITIONAL OVERHEAD COST F.xi'!E49 -> 100000000
A68: 22020602 | B68: OFFICE RENT | C68: ='CHAIR OVERHEAD COST F.xi'!C50+'SLT OVERHEAD COST F.xi'!C50+'COUNCIL OVERHEAD COST F.xi'!C50+'PMD OVERHEAD COST F.xi'!C50+'AGRIC OVERHEAD COST F.xi'!C50+'FINANCE OVERHEAD COST F.xi'!C50+'WORKS OVERHEAD COST F.xi'!C50+'ESD OVERHEAD COST F.xi'!C50+'PHC OVERHEAD COST F.xi'!C50+'WATSAN OVERHEAD COST F.xi'!C50+'TRADITIONAL OVERHEAD COST F.xi'!C50 -> 0 | D68: ='CHAIR OVERHEAD COST F.xi'!D50+'SLT OVERHEAD COST F.xi'!D50+'COUNCIL OVERHEAD COST F.xi'!D50+'PMD OVERHEAD COST F.xi'!D50+'AGRIC OVERHEAD COST F.xi'!D50+'FINANCE OVERHEAD COST F.xi'!D50+'WORKS OVERHEAD COST F.xi'!D50+'ESD OVERHEAD COST F.xi'!D50+'PHC OVERHEAD COST F.xi'!D50+'WATSAN OVERHEAD COST F.xi'!D50+'TRADITIONAL OVERHEAD COST F.xi'!D50 -> 0 | E68: ='CHAIR OVERHEAD COST F.xi'!E50+'SLT OVERHEAD COST F.xi'!E50+'COUNCIL OVERHEAD COST F.xi'!E50+'PMD OVERHEAD COST F.xi'!E50+'AGRIC OVERHEAD COST F.xi'!E50+'FINANCE OVERHEAD COST F.xi'!E50+'WORKS OVERHEAD COST F.xi'!E50+'ESD OVERHEAD COST F.xi'!E50+'PHC OVERHEAD COST F.xi'!E50+'WATSAN OVERHEAD COST F.xi'!E50+'TRADITIONAL OVERHEAD COST F.xi'!E50 -> 0
A69: 22020603 | B69: RESIDENTIAL RENT | C69: ='CHAIR OVERHEAD COST F.xi'!C51+'SLT OVERHEAD COST F.xi'!C51+'COUNCIL OVERHEAD COST F.xi'!C51+'PMD OVERHEAD COST F.xi'!C51+'AGRIC OVERHEAD COST F.xi'!C51+'FINANCE OVERHEAD COST F.xi'!C51+'WORKS OVERHEAD COST F.xi'!C51+'ESD OVERHEAD COST F.xi'!C51+'PHC OVERHEAD COST F.xi'!C51+'WATSAN OVERHEAD COST F.xi'!C51+'TRADITIONAL OVERHEAD COST F.xi'!C51 -> 0 | D69: ='CHAIR OVERHEAD COST F.xi'!D51+'SLT OVERHEAD COST F.xi'!D51+'COUNCIL OVERHEAD COST F.xi'!D51+'PMD OVERHEAD COST F.xi'!D51+'AGRIC OVERHEAD COST F.xi'!D51+'FINANCE OVERHEAD COST F.xi'!D51+'WORKS OVERHEAD COST F.xi'!D51+'ESD OVERHEAD COST F.xi'!D51+'PHC OVERHEAD COST F.xi'!D51+'WATSAN OVERHEAD COST F.xi'!D51+'TRADITIONAL OVERHEAD COST F.xi'!D51 -> 0 | E69: ='CHAIR OVERHEAD COST F.xi'!E51+'SLT OVERHEAD COST F.xi'!E51+'COUNCIL OVERHEAD COST F.xi'!E51+'PMD OVERHEAD COST F.xi'!E51+'AGRIC OVERHEAD COST F.xi'!E51+'FINANCE OVERHEAD COST F.xi'!E51+'WORKS OVERHEAD COST F.xi'!E51+'ESD OVERHEAD COST F.xi'!E51+'PHC OVERHEAD COST F.xi'!E51+'WATSAN OVERHEAD COST F.xi'!E51+'TRADITIONAL OVERHEAD COST F.xi'!E51 -> 0
A70: 22020604 | B70: SECURITY VOTE (INCLUDING OPERATIONS) | C70: ='CHAIR OVERHEAD COST F.xi'!C52+'SLT OVERHEAD COST F.xi'!C52+'COUNCIL OVERHEAD COST F.xi'!C52+'PMD OVERHEAD COST F.xi'!C52+'AGRIC OVERHEAD COST F.xi'!C52+'FINANCE OVERHEAD COST F.xi'!C52+'WORKS OVERHEAD COST F.xi'!C52+'ESD OVERHEAD COST F.xi'!C52+'PHC OVERHEAD COST F.xi'!C52+'WATSAN OVERHEAD COST F.xi'!C52+'TRADITIONAL OVERHEAD COST F.xi'!C52 -> 6000000 | D70: ='CHAIR OVERHEAD COST F.xi'!D52+'SLT OVERHEAD COST F.xi'!D52+'COUNCIL OVERHEAD COST F.xi'!D52+'PMD OVERHEAD COST F.xi'!D52+'AGRIC OVERHEAD COST F.xi'!D52+'FINANCE OVERHEAD COST F.xi'!D52+'WORKS OVERHEAD COST F.xi'!D52+'ESD OVERHEAD COST F.xi'!D52+'PHC OVERHEAD COST F.xi'!D52+'WATSAN OVERHEAD COST F.xi'!D52+'TRADITIONAL OVERHEAD COST F.xi'!D52 -> 6000000 | E70: ='CHAIR OVERHEAD COST F.xi'!E52+'SLT OVERHEAD COST F.xi'!E52+'COUNCIL OVERHEAD COST F.xi'!E52+'PMD OVERHEAD COST F.xi'!E52+'AGRIC OVERHEAD COST F.xi'!E52+'FINANCE OVERHEAD COST F.xi'!E52+'WORKS OVERHEAD COST F.xi'!E52+'ESD OVERHEAD COST F.xi'!E52+'PHC OVERHEAD COST F.xi'!E52+'WATSAN OVERHEAD COST F.xi'!E52+'TRADITIONAL OVERHEAD COST F.xi'!E52 -> 6000000
A71: 22020605 | B71: CLEANING & FUMIGATION SERVICES | C71: ='CHAIR OVERHEAD COST F.xi'!C53+'SLT OVERHEAD COST F.xi'!C53+'COUNCIL OVERHEAD COST F.xi'!C53+'PMD OVERHEAD COST F.xi'!C53+'AGRIC OVERHEAD COST F.xi'!C53+'FINANCE OVERHEAD COST F.xi'!C53+'WORKS OVERHEAD COST F.xi'!C53+'ESD OVERHEAD COST F.xi'!C53+'PHC OVERHEAD COST F.xi'!C53+'WATSAN OVERHEAD COST F.xi'!C53+'TRADITIONAL OVERHEAD COST F.xi'!C53 -> 5000000 | D71: ='CHAIR OVERHEAD COST F.xi'!D53+'SLT OVERHEAD COST F.xi'!D53+'COUNCIL OVERHEAD COST F.xi'!D53+'PMD OVERHEAD COST F.xi'!D53+'AGRIC OVERHEAD COST F.xi'!D53+'FINANCE OVERHEAD COST F.xi'!D53+'WORKS OVERHEAD COST F.xi'!D53+'ESD OVERHEAD COST F.xi'!D53+'PHC OVERHEAD COST F.xi'!D53+'WATSAN OVERHEAD COST F.xi'!D53+'TRADITIONAL OVERHEAD COST F.xi'!D53 -> 650000 | E71: ='CHAIR OVERHEAD COST F.xi'!E53+'SLT OVERHEAD COST F.xi'!E53+'COUNCIL OVERHEAD COST F.xi'!E53+'PMD OVERHEAD COST F.xi'!E53+'AGRIC OVERHEAD COST F.xi'!E53+'FINANCE OVERHEAD COST F.xi'!E53+'WORKS OVERHEAD COST F.xi'!E53+'ESD OVERHEAD COST F.xi'!E53+'PHC OVERHEAD COST F.xi'!E53+'WATSAN OVERHEAD COST F.xi'!E53+'TRADITIONAL OVERHEAD COST F.xi'!E53 -> 4000000
A72: 220207 | B72: CONSULTING & PROFESSIONAL SERVICES – GENERAL | C72: =SUM(C73:C80) -> 3600000 | D72: =SUM(D73:D80) -> 0 | E72: =SUM(E73:E80) -> 0
A73: 22020701 | B73: FINANCIAL CONSULTING | C73: ='CHAIR OVERHEAD COST F.xi'!C55+'SLT OVERHEAD COST F.xi'!C55+'COUNCIL OVERHEAD COST F.xi'!C55+'PMD OVERHEAD COST F.xi'!C55+'AGRIC OVERHEAD COST F.xi'!C55+'FINANCE OVERHEAD COST F.xi'!C55+'WORKS OVERHEAD COST F.xi'!C55+'ESD OVERHEAD COST F.xi'!C55+'PHC OVERHEAD COST F.xi'!C55+'WATSAN OVERHEAD COST F.xi'!C55+'TRADITIONAL OVERHEAD COST F.xi'!C55 -> 0 | D73: ='CHAIR OVERHEAD COST F.xi'!D55+'SLT OVERHEAD COST F.xi'!D55+'COUNCIL OVERHEAD COST F.xi'!D55+'PMD OVERHEAD COST F.xi'!D55+'AGRIC OVERHEAD COST F.xi'!D55+'FINANCE OVERHEAD COST F.xi'!D55+'WORKS OVERHEAD COST F.xi'!D55+'ESD OVERHEAD COST F.xi'!D55+'PHC OVERHEAD COST F.xi'!D55+'WATSAN OVERHEAD COST F.xi'!D55+'TRADITIONAL OVERHEAD COST F.xi'!D55 -> 0 | E73: ='CHAIR OVERHEAD COST F.xi'!E55+'SLT OVERHEAD COST F.xi'!E55+'COUNCIL OVERHEAD COST F.xi'!E55+'PMD OVERHEAD COST F.xi'!E55+'AGRIC OVERHEAD COST F.xi'!E55+'FINANCE OVERHEAD COST F.xi'!E55+'WORKS OVERHEAD COST F.xi'!E55+'ESD OVERHEAD COST F.xi'!E55+'PHC OVERHEAD COST F.xi'!E55+'WATSAN OVERHEAD COST F.xi'!E55+'TRADITIONAL OVERHEAD COST F.xi'!E55 -> 0
A74: 22020702 | B74: INFORMATION TECHNOLOGY CONSULTING | C74: ='CHAIR OVERHEAD COST F.xi'!C56+'SLT OVERHEAD COST F.xi'!C56+'COUNCIL OVERHEAD COST F.xi'!C56+'PMD OVERHEAD COST F.xi'!C56+'AGRIC OVERHEAD COST F.xi'!C56+'FINANCE OVERHEAD COST F.xi'!C56+'WORKS OVERHEAD COST F.xi'!C56+'ESD OVERHEAD COST F.xi'!C56+'PHC OVERHEAD COST F.xi'!C56+'WATSAN OVERHEAD COST F.xi'!C56+'TRADITIONAL OVERHEAD COST F.xi'!C56 -> 0 | D74: ='CHAIR OVERHEAD COST F.xi'!D56+'SLT OVERHEAD COST F.xi'!D56+'COUNCIL OVERHEAD COST F.xi'!D56+'PMD OVERHEAD COST F.xi'!D56+'AGRIC OVERHEAD COST F.xi'!D56+'FINANCE OVERHEAD COST F.xi'!D56+'WORKS OVERHEAD COST F.xi'!D56+'ESD OVERHEAD COST F.xi'!D56+'PHC OVERHEAD COST F.xi'!D56+'WATSAN OVERHEAD COST F.xi'!D56+'TRADITIONAL OVERHEAD COST F.xi'!D56 -> 0 | E74: ='CHAIR OVERHEAD COST F.xi'!E56+'SLT OVERHEAD COST F.xi'!E56+'COUNCIL OVERHEAD COST F.xi'!E56+'PMD OVERHEAD COST F.xi'!E56+'AGRIC OVERHEAD COST F.xi'!E56+'FINANCE OVERHEAD COST F.xi'!E56+'WORKS OVERHEAD COST F.xi'!E56+'ESD OVERHEAD COST F.xi'!E56+'PHC OVERHEAD COST F.xi'!E56+'WATSAN OVERHEAD COST F.xi'!E56+'TRADITIONAL OVERHEAD COST F.xi'!E56 -> 0
A75: 22020703 | B75: LEGAL SERVICES | C75: ='CHAIR OVERHEAD COST F.xi'!C57+'SLT OVERHEAD COST F.xi'!C57+'COUNCIL OVERHEAD COST F.xi'!C57+'PMD OVERHEAD COST F.xi'!C57+'AGRIC OVERHEAD COST F.xi'!C57+'FINANCE OVERHEAD COST F.xi'!C57+'WORKS OVERHEAD COST F.xi'!C57+'ESD OVERHEAD COST F.xi'!C57+'PHC OVERHEAD COST F.xi'!C57+'WATSAN OVERHEAD COST F.xi'!C57+'TRADITIONAL OVERHEAD COST F.xi'!C57 -> 0 | D75: ='CHAIR OVERHEAD COST F.xi'!D57+'SLT OVERHEAD COST F.xi'!D57+'COUNCIL OVERHEAD COST F.xi'!D57+'PMD OVERHEAD COST F.xi'!D57+'AGRIC OVERHEAD COST F.xi'!D57+'FINANCE OVERHEAD COST F.xi'!D57+'WORKS OVERHEAD COST F.xi'!D57+'ESD OVERHEAD COST F.xi'!D57+'PHC OVERHEAD COST F.xi'!D57+'WATSAN OVERHEAD COST F.xi'!D57+'TRADITIONAL OVERHEAD COST F.xi'!D57 -> 0 | E75: ='CHAIR OVERHEAD COST F.xi'!E57+'SLT OVERHEAD COST F.xi'!E57+'COUNCIL OVERHEAD COST F.xi'!E57+'PMD OVERHEAD COST F.xi'!E57+'AGRIC OVERHEAD COST F.xi'!E57+'FINANCE OVERHEAD COST F.xi'!E57+'WORKS OVERHEAD COST F.xi'!E57+'ESD OVERHEAD COST F.xi'!E57+'PHC OVERHEAD COST F.xi'!E57+'WATSAN OVERHEAD COST F.xi'!E57+'TRADITIONAL OVERHEAD COST F.xi'!E57 -> 0
A76: 22020707 | B76: AGRICULTURAL CONSULTING | C76: ='CHAIR OVERHEAD COST F.xi'!C58+'SLT OVERHEAD COST F.xi'!C58+'COUNCIL OVERHEAD COST F.xi'!C58+'PMD OVERHEAD COST F.xi'!C58+'AGRIC OVERHEAD COST F.xi'!C58+'FINANCE OVERHEAD COST F.xi'!C58+'WORKS OVERHEAD COST F.xi'!C58+'ESD OVERHEAD COST F.xi'!C58+'PHC OVERHEAD COST F.xi'!C58+'WATSAN OVERHEAD COST F.xi'!C58+'TRADITIONAL OVERHEAD COST F.xi'!C58 -> 0 | D76: ='CHAIR OVERHEAD COST F.xi'!D58+'SLT OVERHEAD COST F.xi'!D58+'COUNCIL OVERHEAD COST F.xi'!D58+'PMD OVERHEAD COST F.xi'!D58+'AGRIC OVERHEAD COST F.xi'!D58+'FINANCE OVERHEAD COST F.xi'!D58+'WORKS OVERHEAD COST F.xi'!D58+'ESD OVERHEAD COST F.xi'!D58+'PHC OVERHEAD COST F.xi'!D58+'WATSAN OVERHEAD COST F.xi'!D58+'TRADITIONAL OVERHEAD COST F.xi'!D58 -> 0 | E76: ='CHAIR OVERHEAD COST F.xi'!E58+'SLT OVERHEAD COST F.xi'!E58+'COUNCIL OVERHEAD COST F.xi'!E58+'PMD OVERHEAD COST F.xi'!E58+'AGRIC OVERHEAD COST F.xi'!E58+'FINANCE OVERHEAD COST F.xi'!E58+'WORKS OVERHEAD COST F.xi'!E58+'ESD OVERHEAD COST F.xi'!E58+'PHC OVERHEAD COST F.xi'!E58+'WATSAN OVERHEAD COST F.xi'!E58+'TRADITIONAL OVERHEAD COST F.xi'!E58 -> 0
A77: 22020708 | B77: MEDICAL CONSULTING | C77: ='CHAIR OVERHEAD COST F.xi'!C59+'SLT OVERHEAD COST F.xi'!C59+'COUNCIL OVERHEAD COST F.xi'!C59+'PMD OVERHEAD COST F.xi'!C59+'AGRIC OVERHEAD COST F.xi'!C59+'FINANCE OVERHEAD COST F.xi'!C59+'WORKS OVERHEAD COST F.xi'!C59+'ESD OVERHEAD COST F.xi'!C59+'PHC OVERHEAD COST F.xi'!C59+'WATSAN OVERHEAD COST F.xi'!C59+'TRADITIONAL OVERHEAD COST F.xi'!C59 -> 3600000 | D77: ='CHAIR OVERHEAD COST F.xi'!D59+'SLT OVERHEAD COST F.xi'!D59+'COUNCIL OVERHEAD COST F.xi'!D59+'PMD OVERHEAD COST F.xi'!D59+'AGRIC OVERHEAD COST F.xi'!D59+'FINANCE OVERHEAD COST F.xi'!D59+'WORKS OVERHEAD COST F.xi'!D59+'ESD OVERHEAD COST F.xi'!D59+'PHC OVERHEAD COST F.xi'!D59+'WATSAN OVERHEAD COST F.xi'!D59+'TRADITIONAL OVERHEAD COST F.xi'!D59 -> 0 | E77: ='CHAIR OVERHEAD COST F.xi'!E59+'SLT OVERHEAD COST F.xi'!E59+'COUNCIL OVERHEAD COST F.xi'!E59+'PMD OVERHEAD COST F.xi'!E59+'AGRIC OVERHEAD COST F.xi'!E59+'FINANCE OVERHEAD COST F.xi'!E59+'WORKS OVERHEAD COST F.xi'!E59+'ESD OVERHEAD COST F.xi'!E59+'PHC OVERHEAD COST F.xi'!E59+'WATSAN OVERHEAD COST F.xi'!E59+'TRADITIONAL OVERHEAD COST F.xi'!E59 -> 0
A78: 22020709 | B78: AUDITING OF ACCOUNTS | C78: ='CHAIR OVERHEAD COST F.xi'!C60+'SLT OVERHEAD COST F.xi'!C60+'COUNCIL OVERHEAD COST F.xi'!C60+'PMD OVERHEAD COST F.xi'!C60+'AGRIC OVERHEAD COST F.xi'!C60+'FINANCE OVERHEAD COST F.xi'!C60+'WORKS OVERHEAD COST F.xi'!C60+'ESD OVERHEAD COST F.xi'!C60+'PHC OVERHEAD COST F.xi'!C60+'WATSAN OVERHEAD COST F.xi'!C60+'TRADITIONAL OVERHEAD COST F.xi'!C60 -> 0 | D78: ='CHAIR OVERHEAD COST F.xi'!D60+'SLT OVERHEAD COST F.xi'!D60+'COUNCIL OVERHEAD COST F.xi'!D60+'PMD OVERHEAD COST F.xi'!D60+'AGRIC OVERHEAD COST F.xi'!D60+'FINANCE OVERHEAD COST F.xi'!D60+'WORKS OVERHEAD COST F.xi'!D60+'ESD OVERHEAD COST F.xi'!D60+'PHC OVERHEAD COST F.xi'!D60+'WATSAN OVERHEAD COST F.xi'!D60+'TRADITIONAL OVERHEAD COST F.xi'!D60 -> 0 | E78: ='CHAIR OVERHEAD COST F.xi'!E60+'SLT OVERHEAD COST F.xi'!E60+'COUNCIL OVERHEAD COST F.xi'!E60+'PMD OVERHEAD COST F.xi'!E60+'AGRIC OVERHEAD COST F.xi'!E60+'FINANCE OVERHEAD COST F.xi'!E60+'WORKS OVERHEAD COST F.xi'!E60+'ESD OVERHEAD COST F.xi'!E60+'PHC OVERHEAD COST F.xi'!E60+'WATSAN OVERHEAD COST F.xi'!E60+'TRADITIONAL OVERHEAD COST F.xi'!E60 -> 0
A79: 22020711 | B79: MEDIA RELATION SERVICES | C79: ='CHAIR OVERHEAD COST F.xi'!C61+'SLT OVERHEAD COST F.xi'!C61+'COUNCIL OVERHEAD COST F.xi'!C61+'PMD OVERHEAD COST F.xi'!C61+'AGRIC OVERHEAD COST F.xi'!C61+'FINANCE OVERHEAD COST F.xi'!C61+'WORKS OVERHEAD COST F.xi'!C61+'ESD OVERHEAD COST F.xi'!C61+'PHC OVERHEAD COST F.xi'!C61+'WATSAN OVERHEAD COST F.xi'!C61+'TRADITIONAL OVERHEAD COST F.xi'!C61 -> 0 | D79: ='CHAIR OVERHEAD COST F.xi'!D61+'SLT OVERHEAD COST F.xi'!D61+'COUNCIL OVERHEAD COST F.xi'!D61+'PMD OVERHEAD COST F.xi'!D61+'AGRIC OVERHEAD COST F.xi'!D61+'FINANCE OVERHEAD COST F.xi'!D61+'WORKS OVERHEAD COST F.xi'!D61+'ESD OVERHEAD COST F.xi'!D61+'PHC OVERHEAD COST F.xi'!D61+'WATSAN OVERHEAD COST F.xi'!D61+'TRADITIONAL OVERHEAD COST F.xi'!D61 -> 0 | E79: ='CHAIR OVERHEAD COST F.xi'!E61+'SLT OVERHEAD COST F.xi'!E61+'COUNCIL OVERHEAD COST F.xi'!E61+'PMD OVERHEAD COST F.xi'!E61+'AGRIC OVERHEAD COST F.xi'!E61+'FINANCE OVERHEAD COST F.xi'!E61+'WORKS OVERHEAD COST F.xi'!E61+'ESD OVERHEAD COST F.xi'!E61+'PHC OVERHEAD COST F.xi'!E61+'WATSAN OVERHEAD COST F.xi'!E61+'TRADITIONAL OVERHEAD COST F.xi'!E61 -> 0
A80: 22020712 | B80: OTHER CONSULTING SERVICES | C80: ='CHAIR OVERHEAD COST F.xi'!C62+'SLT OVERHEAD COST F.xi'!C62+'COUNCIL OVERHEAD COST F.xi'!C62+'PMD OVERHEAD COST F.xi'!C62+'AGRIC OVERHEAD COST F.xi'!C62+'FINANCE OVERHEAD COST F.xi'!C62+'WORKS OVERHEAD COST F.xi'!C62+'ESD OVERHEAD COST F.xi'!C62+'PHC OVERHEAD COST F.xi'!C62+'WATSAN OVERHEAD COST F.xi'!C62+'TRADITIONAL OVERHEAD COST F.xi'!C62 -> 0 | D80: ='CHAIR OVERHEAD COST F.xi'!D62+'SLT OVERHEAD COST F.xi'!D62+'COUNCIL OVERHEAD COST F.xi'!D62+'PMD OVERHEAD COST F.xi'!D62+'AGRIC OVERHEAD COST F.xi'!D62+'FINANCE OVERHEAD COST F.xi'!D62+'WORKS OVERHEAD COST F.xi'!D62+'ESD OVERHEAD COST F.xi'!D62+'PHC OVERHEAD COST F.xi'!D62+'WATSAN OVERHEAD COST F.xi'!D62+'TRADITIONAL OVERHEAD COST F.xi'!D62 -> 0 | E80: ='CHAIR OVERHEAD COST F.xi'!E62+'SLT OVERHEAD COST F.xi'!E62+'COUNCIL OVERHEAD COST F.xi'!E62+'PMD OVERHEAD COST F.xi'!E62+'AGRIC OVERHEAD COST F.xi'!E62+'FINANCE OVERHEAD COST F.xi'!E62+'WORKS OVERHEAD COST F.xi'!E62+'ESD OVERHEAD COST F.xi'!E62+'PHC OVERHEAD COST F.xi'!E62+'WATSAN OVERHEAD COST F.xi'!E62+'TRADITIONAL OVERHEAD COST F.xi'!E62 -> 0
A81: 220208 | B81: FUEL & LUBRICANTS – GENERAL | C81: =SUM(C82:C84) -> 183000000 | D81: =SUM(D82:D84) -> 51057069 | E81: =SUM(E82:E84) -> 2224800.3
A82: 22020801 | B82: MOTOR VEHICLE FUEL COST | C82: ='CHAIR OVERHEAD COST F.xi'!C64+'SLT OVERHEAD COST F.xi'!C64+'COUNCIL OVERHEAD COST F.xi'!C64+'PMD OVERHEAD COST F.xi'!C64+'AGRIC OVERHEAD COST F.xi'!C64+'FINANCE OVERHEAD COST F.xi'!C64+'WORKS OVERHEAD COST F.xi'!C64+'ESD OVERHEAD COST F.xi'!C64+'PHC OVERHEAD COST F.xi'!C64+'WATSAN OVERHEAD COST F.xi'!C64+'TRADITIONAL OVERHEAD COST F.xi'!C64 -> 3000000 | D82: ='CHAIR OVERHEAD COST F.xi'!D64+'SLT OVERHEAD COST F.xi'!D64+'COUNCIL OVERHEAD COST F.xi'!D64+'PMD OVERHEAD COST F.xi'!D64+'AGRIC OVERHEAD COST F.xi'!D64+'FINANCE OVERHEAD COST F.xi'!D64+'WORKS OVERHEAD COST F.xi'!D64+'ESD OVERHEAD COST F.xi'!D64+'PHC OVERHEAD COST F.xi'!D64+'WATSAN OVERHEAD COST F.xi'!D64+'TRADITIONAL OVERHEAD COST F.xi'!D64 -> 0 | E82: ='CHAIR OVERHEAD COST F.xi'!E64+'SLT OVERHEAD COST F.xi'!E64+'COUNCIL OVERHEAD COST F.xi'!E64+'PMD OVERHEAD COST F.xi'!E64+'AGRIC OVERHEAD COST F.xi'!E64+'FINANCE OVERHEAD COST F.xi'!E64+'WORKS OVERHEAD COST F.xi'!E64+'ESD OVERHEAD COST F.xi'!E64+'PHC OVERHEAD COST F.xi'!E64+'WATSAN OVERHEAD COST F.xi'!E64+'TRADITIONAL OVERHEAD COST F.xi'!E64 -> 0
A83: 22020802 | B83: OTHER TRANSPORT EQUIPMENT FUEL COST | C83: ='CHAIR OVERHEAD COST F.xi'!C65+'SLT OVERHEAD COST F.xi'!C65+'COUNCIL OVERHEAD COST F.xi'!C65+'PMD OVERHEAD COST F.xi'!C65+'AGRIC OVERHEAD COST F.xi'!C65+'FINANCE OVERHEAD COST F.xi'!C65+'WORKS OVERHEAD COST F.xi'!C65+'ESD OVERHEAD COST F.xi'!C65+'PHC OVERHEAD COST F.xi'!C65+'WATSAN OVERHEAD COST F.xi'!C65+'TRADITIONAL OVERHEAD COST F.xi'!C65 -> 0 | D83: ='CHAIR OVERHEAD COST F.xi'!D65+'SLT OVERHEAD COST F.xi'!D65+'COUNCIL OVERHEAD COST F.xi'!D65+'PMD OVERHEAD COST F.xi'!D65+'AGRIC OVERHEAD COST F.xi'!D65+'FINANCE OVERHEAD COST F.xi'!D65+'WORKS OVERHEAD COST F.xi'!D65+'ESD OVERHEAD COST F.xi'!D65+'PHC OVERHEAD COST F.xi'!D65+'WATSAN OVERHEAD COST F.xi'!D65+'TRADITIONAL OVERHEAD COST F.xi'!D65 -> 0 | E83: ='CHAIR OVERHEAD COST F.xi'!E65+'SLT OVERHEAD COST F.xi'!E65+'COUNCIL OVERHEAD COST F.xi'!E65+'PMD OVERHEAD COST F.xi'!E65+'AGRIC OVERHEAD COST F.xi'!E65+'FINANCE OVERHEAD COST F.xi'!E65+'WORKS OVERHEAD COST F.xi'!E65+'ESD OVERHEAD COST F.xi'!E65+'PHC OVERHEAD COST F.xi'!E65+'WATSAN OVERHEAD COST F.xi'!E65+'TRADITIONAL OVERHEAD COST F.xi'!E65 -> 0
A84: 22020803 | B84: PLANT / GENERATOR FUEL COST | C84: ='CHAIR OVERHEAD COST F.xi'!C66+'SLT OVERHEAD COST F.xi'!C66+'COUNCIL OVERHEAD COST F.xi'!C66+'PMD OVERHEAD COST F.xi'!C66+'AGRIC OVERHEAD COST F.xi'!C66+'FINANCE OVERHEAD COST F.xi'!C66+'WORKS OVERHEAD COST F.xi'!C66+'ESD OVERHEAD COST F.xi'!C66+'PHC OVERHEAD COST F.xi'!C66+'WATSAN OVERHEAD COST F.xi'!C66+'TRADITIONAL OVERHEAD COST F.xi'!C66 -> 180000000 | D84: ='CHAIR OVERHEAD COST F.xi'!D66+'SLT OVERHEAD COST F.xi'!D66+'COUNCIL OVERHEAD COST F.xi'!D66+'PMD OVERHEAD COST F.xi'!D66+'AGRIC OVERHEAD COST F.xi'!D66+'FINANCE OVERHEAD COST F.xi'!D66+'WORKS OVERHEAD COST F.xi'!D66+'ESD OVERHEAD COST F.xi'!D66+'PHC OVERHEAD COST F.xi'!D66+'WATSAN OVERHEAD COST F.xi'!D66+'TRADITIONAL OVERHEAD COST F.xi'!D66 -> 51057069 | E84: ='CHAIR OVERHEAD COST F.xi'!E66+'SLT OVERHEAD COST F.xi'!E66+'COUNCIL OVERHEAD COST F.xi'!E66+'PMD OVERHEAD COST F.xi'!E66+'AGRIC OVERHEAD COST F.xi'!E66+'FINANCE OVERHEAD COST F.xi'!E66+'WORKS OVERHEAD COST F.xi'!E66+'ESD OVERHEAD COST F.xi'!E66+'PHC OVERHEAD COST F.xi'!E66+'WATSAN OVERHEAD COST F.xi'!E66+'TRADITIONAL OVERHEAD COST F.xi'!E66 -> 2224800.3
A85: 220209 | B85: FINANCIAL CHARGES - GENERAL | C85: =SUM(C86:C87) -> 800000 | D85: =SUM(D86:D87) -> 750000 | E85: =SUM(E86:E87) -> 400000
A86: 22020901 | B86: BANK CHARGES | C86: ='CHAIR OVERHEAD COST F.xi'!C68+'SLT OVERHEAD COST F.xi'!C68+'COUNCIL OVERHEAD COST F.xi'!C68+'PMD OVERHEAD COST F.xi'!C68+'AGRIC OVERHEAD COST F.xi'!C68+'FINANCE OVERHEAD COST F.xi'!C68+'WORKS OVERHEAD COST F.xi'!C68+'ESD OVERHEAD COST F.xi'!C68+'PHC OVERHEAD COST F.xi'!C68+'WATSAN OVERHEAD COST F.xi'!C68+'TRADITIONAL OVERHEAD COST F.xi'!C68 -> 800000 | D86: ='CHAIR OVERHEAD COST F.xi'!D68+'SLT OVERHEAD COST F.xi'!D68+'COUNCIL OVERHEAD COST F.xi'!D68+'PMD OVERHEAD COST F.xi'!D68+'AGRIC OVERHEAD COST F.xi'!D68+'FINANCE OVERHEAD COST F.xi'!D68+'WORKS OVERHEAD COST F.xi'!D68+'ESD OVERHEAD COST F.xi'!D68+'PHC OVERHEAD COST F.xi'!D68+'WATSAN OVERHEAD COST F.xi'!D68+'TRADITIONAL OVERHEAD COST F.xi'!D68 -> 750000 | E86: ='CHAIR OVERHEAD COST F.xi'!E68+'SLT OVERHEAD COST F.xi'!E68+'COUNCIL OVERHEAD COST F.xi'!E68+'PMD OVERHEAD COST F.xi'!E68+'AGRIC OVERHEAD COST F.xi'!E68+'FINANCE OVERHEAD COST F.xi'!E68+'WORKS OVERHEAD COST F.xi'!E68+'ESD OVERHEAD COST F.xi'!E68+'PHC OVERHEAD COST F.xi'!E68+'WATSAN OVERHEAD COST F.xi'!E68+'TRADITIONAL OVERHEAD COST F.xi'!E68 -> 400000
A87: 22020902 | B87: INSURANCE PREMIUM | C87: ='CHAIR OVERHEAD COST F.xi'!C69+'SLT OVERHEAD COST F.xi'!C69+'COUNCIL OVERHEAD COST F.xi'!C69+'PMD OVERHEAD COST F.xi'!C69+'AGRIC OVERHEAD COST F.xi'!C69+'FINANCE OVERHEAD COST F.xi'!C69+'WORKS OVERHEAD COST F.xi'!C69+'ESD OVERHEAD COST F.xi'!C69+'PHC OVERHEAD COST F.xi'!C69+'WATSAN OVERHEAD COST F.xi'!C69+'TRADITIONAL OVERHEAD COST F.xi'!C69 -> 0 | D87: ='CHAIR OVERHEAD COST F.xi'!D69+'SLT OVERHEAD COST F.xi'!D69+'COUNCIL OVERHEAD COST F.xi'!D69+'PMD OVERHEAD COST F.xi'!D69+'AGRIC OVERHEAD COST F.xi'!D69+'FINANCE OVERHEAD COST F.xi'!D69+'WORKS OVERHEAD COST F.xi'!D69+'ESD OVERHEAD COST F.xi'!D69+'PHC OVERHEAD COST F.xi'!D69+'WATSAN OVERHEAD COST F.xi'!D69+'TRADITIONAL OVERHEAD COST F.xi'!D69 -> 0 | E87: ='CHAIR OVERHEAD COST F.xi'!E69+'SLT OVERHEAD COST F.xi'!E69+'COUNCIL OVERHEAD COST F.xi'!E69+'PMD OVERHEAD COST F.xi'!E69+'AGRIC OVERHEAD COST F.xi'!E69+'FINANCE OVERHEAD COST F.xi'!E69+'WORKS OVERHEAD COST F.xi'!E69+'ESD OVERHEAD COST F.xi'!E69+'PHC OVERHEAD COST F.xi'!E69+'WATSAN OVERHEAD COST F.xi'!E69+'TRADITIONAL OVERHEAD COST F.xi'!E69 -> 0
A88: 220210 | B88: MISCELLANEOUS EXPENSES GENERAL | C88: =SUM(C89:C102) -> 424620690 | D88: =SUM(D89:D102) -> 69999000 | E88: =SUM(E89:E102) -> 377500000
A89: 22021001 | B89: REFRESHMENT & MEALS | C89: ='CHAIR OVERHEAD COST F.xi'!C71+'SLT OVERHEAD COST F.xi'!C71+'COUNCIL OVERHEAD COST F.xi'!C71+'PMD OVERHEAD COST F.xi'!C71+'AGRIC OVERHEAD COST F.xi'!C71+'FINANCE OVERHEAD COST F.xi'!C71+'WORKS OVERHEAD COST F.xi'!C71+'ESD OVERHEAD COST F.xi'!C71+'PHC OVERHEAD COST F.xi'!C71+'WATSAN OVERHEAD COST F.xi'!C71+'TRADITIONAL OVERHEAD COST F.xi'!C71 -> 42500000 | D89: ='CHAIR OVERHEAD COST F.xi'!D71+'SLT OVERHEAD COST F.xi'!D71+'COUNCIL OVERHEAD COST F.xi'!D71+'PMD OVERHEAD COST F.xi'!D71+'AGRIC OVERHEAD COST F.xi'!D71+'FINANCE OVERHEAD COST F.xi'!D71+'WORKS OVERHEAD COST F.xi'!D71+'ESD OVERHEAD COST F.xi'!D71+'PHC OVERHEAD COST F.xi'!D71+'WATSAN OVERHEAD COST F.xi'!D71+'TRADITIONAL OVERHEAD COST F.xi'!D71 -> 17220000 | E89: ='CHAIR OVERHEAD COST F.xi'!E71+'SLT OVERHEAD COST F.xi'!E71+'COUNCIL OVERHEAD COST F.xi'!E71+'PMD OVERHEAD COST F.xi'!E71+'AGRIC OVERHEAD COST F.xi'!E71+'FINANCE OVERHEAD COST F.xi'!E71+'WORKS OVERHEAD COST F.xi'!E71+'ESD OVERHEAD COST F.xi'!E71+'PHC OVERHEAD COST F.xi'!E71+'WATSAN OVERHEAD COST F.xi'!E71+'TRADITIONAL OVERHEAD COST F.xi'!E71 -> 18000000
A90: 22021002 | B90: HONORARIUM & SITTING ALLOWANCE | C90: ='CHAIR OVERHEAD COST F.xi'!C72+'SLT OVERHEAD COST F.xi'!C72+'COUNCIL OVERHEAD COST F.xi'!C72+'PMD OVERHEAD COST F.xi'!C72+'AGRIC OVERHEAD COST F.xi'!C72+'FINANCE OVERHEAD COST F.xi'!C72+'WORKS OVERHEAD COST F.xi'!C72+'ESD OVERHEAD COST F.xi'!C72+'PHC OVERHEAD COST F.xi'!C72+'WATSAN OVERHEAD COST F.xi'!C72+'TRADITIONAL OVERHEAD COST F.xi'!C72 -> 8000000 | D90: ='CHAIR OVERHEAD COST F.xi'!D72+'SLT OVERHEAD COST F.xi'!D72+'COUNCIL OVERHEAD COST F.xi'!D72+'PMD OVERHEAD COST F.xi'!D72+'AGRIC OVERHEAD COST F.xi'!D72+'FINANCE OVERHEAD COST F.xi'!D72+'WORKS OVERHEAD COST F.xi'!D72+'ESD OVERHEAD COST F.xi'!D72+'PHC OVERHEAD COST F.xi'!D72+'WATSAN OVERHEAD COST F.xi'!D72+'TRADITIONAL OVERHEAD COST F.xi'!D72 -> 1220000 | E90: ='CHAIR OVERHEAD COST F.xi'!E72+'SLT OVERHEAD COST F.xi'!E72+'COUNCIL OVERHEAD COST F.xi'!E72+'PMD OVERHEAD COST F.xi'!E72+'AGRIC OVERHEAD COST F.xi'!E72+'FINANCE OVERHEAD COST F.xi'!E72+'WORKS OVERHEAD COST F.xi'!E72+'ESD OVERHEAD COST F.xi'!E72+'PHC OVERHEAD COST F.xi'!E72+'WATSAN OVERHEAD COST F.xi'!E72+'TRADITIONAL OVERHEAD COST F.xi'!E72 -> 3500000
A91: 22021003 | B91: PUBLICITY & ADVERTISEMENTS | C91: ='CHAIR OVERHEAD COST F.xi'!C73+'SLT OVERHEAD COST F.xi'!C73+'COUNCIL OVERHEAD COST F.xi'!C73+'PMD OVERHEAD COST F.xi'!C73+'AGRIC OVERHEAD COST F.xi'!C73+'FINANCE OVERHEAD COST F.xi'!C73+'WORKS OVERHEAD COST F.xi'!C73+'ESD OVERHEAD COST F.xi'!C73+'PHC OVERHEAD COST F.xi'!C73+'WATSAN OVERHEAD COST F.xi'!C73+'TRADITIONAL OVERHEAD COST F.xi'!C73 -> 30000000 | D91: ='CHAIR OVERHEAD COST F.xi'!D73+'SLT OVERHEAD COST F.xi'!D73+'COUNCIL OVERHEAD COST F.xi'!D73+'PMD OVERHEAD COST F.xi'!D73+'AGRIC OVERHEAD COST F.xi'!D73+'FINANCE OVERHEAD COST F.xi'!D73+'WORKS OVERHEAD COST F.xi'!D73+'ESD OVERHEAD COST F.xi'!D73+'PHC OVERHEAD COST F.xi'!D73+'WATSAN OVERHEAD COST F.xi'!D73+'TRADITIONAL OVERHEAD COST F.xi'!D73 -> 0 | E91: ='CHAIR OVERHEAD COST F.xi'!E73+'SLT OVERHEAD COST F.xi'!E73+'COUNCIL OVERHEAD COST F.xi'!E73+'PMD OVERHEAD COST F.xi'!E73+'AGRIC OVERHEAD COST F.xi'!E73+'FINANCE OVERHEAD COST F.xi'!E73+'WORKS OVERHEAD COST F.xi'!E73+'ESD OVERHEAD COST F.xi'!E73+'PHC OVERHEAD COST F.xi'!E73+'WATSAN OVERHEAD COST F.xi'!E73+'TRADITIONAL OVERHEAD COST F.xi'!E73 -> 0
A92: 22021004 | B92: MEDICAL EXPENSES-LOCAL | C92: ='CHAIR OVERHEAD COST F.xi'!C74+'SLT OVERHEAD COST F.xi'!C74+'COUNCIL OVERHEAD COST F.xi'!C74+'PMD OVERHEAD COST F.xi'!C74+'AGRIC OVERHEAD COST F.xi'!C74+'FINANCE OVERHEAD COST F.xi'!C74+'WORKS OVERHEAD COST F.xi'!C74+'ESD OVERHEAD COST F.xi'!C74+'PHC OVERHEAD COST F.xi'!C74+'WATSAN OVERHEAD COST F.xi'!C74+'TRADITIONAL OVERHEAD COST F.xi'!C74 -> 0 | D92: ='CHAIR OVERHEAD COST F.xi'!D74+'SLT OVERHEAD COST F.xi'!D74+'COUNCIL OVERHEAD COST F.xi'!D74+'PMD OVERHEAD COST F.xi'!D74+'AGRIC OVERHEAD COST F.xi'!D74+'FINANCE OVERHEAD COST F.xi'!D74+'WORKS OVERHEAD COST F.xi'!D74+'ESD OVERHEAD COST F.xi'!D74+'PHC OVERHEAD COST F.xi'!D74+'WATSAN OVERHEAD COST F.xi'!D74+'TRADITIONAL OVERHEAD COST F.xi'!D74 -> 0 | E92: ='CHAIR OVERHEAD COST F.xi'!E74+'SLT OVERHEAD COST F.xi'!E74+'COUNCIL OVERHEAD COST F.xi'!E74+'PMD OVERHEAD COST F.xi'!E74+'AGRIC OVERHEAD COST F.xi'!E74+'FINANCE OVERHEAD COST F.xi'!E74+'WORKS OVERHEAD COST F.xi'!E74+'ESD OVERHEAD COST F.xi'!E74+'PHC OVERHEAD COST F.xi'!E74+'WATSAN OVERHEAD COST F.xi'!E74+'TRADITIONAL OVERHEAD COST F.xi'!E74 -> 5000000
A93: 22021006 | B93: POSTAGES & COURIER SERVICES | C93: ='CHAIR OVERHEAD COST F.xi'!C75+'SLT OVERHEAD COST F.xi'!C75+'COUNCIL OVERHEAD COST F.xi'!C75+'PMD OVERHEAD COST F.xi'!C75+'AGRIC OVERHEAD COST F.xi'!C75+'FINANCE OVERHEAD COST F.xi'!C75+'WORKS OVERHEAD COST F.xi'!C75+'ESD OVERHEAD COST F.xi'!C75+'PHC OVERHEAD COST F.xi'!C75+'WATSAN OVERHEAD COST F.xi'!C75+'TRADITIONAL OVERHEAD COST F.xi'!C75 -> 0 | D93: ='CHAIR OVERHEAD COST F.xi'!D75+'SLT OVERHEAD COST F.xi'!D75+'COUNCIL OVERHEAD COST F.xi'!D75+'PMD OVERHEAD COST F.xi'!D75+'AGRIC OVERHEAD COST F.xi'!D75+'FINANCE OVERHEAD COST F.xi'!D75+'WORKS OVERHEAD COST F.xi'!D75+'ESD OVERHEAD COST F.xi'!D75+'PHC OVERHEAD COST F.xi'!D75+'WATSAN OVERHEAD COST F.xi'!D75+'TRADITIONAL OVERHEAD COST F.xi'!D75 -> 0 | E93: ='CHAIR OVERHEAD COST F.xi'!E75+'SLT OVERHEAD COST F.xi'!E75+'COUNCIL OVERHEAD COST F.xi'!E75+'PMD OVERHEAD COST F.xi'!E75+'AGRIC OVERHEAD COST F.xi'!E75+'FINANCE OVERHEAD COST F.xi'!E75+'WORKS OVERHEAD COST F.xi'!E75+'ESD OVERHEAD COST F.xi'!E75+'PHC OVERHEAD COST F.xi'!E75+'WATSAN OVERHEAD COST F.xi'!E75+'TRADITIONAL OVERHEAD COST F.xi'!E75 -> 0
A94: 22021007 | B94: WELFARE PACKAGES | C94: ='CHAIR OVERHEAD COST F.xi'!C76+'SLT OVERHEAD COST F.xi'!C76+'COUNCIL OVERHEAD COST F.xi'!C76+'PMD OVERHEAD COST F.xi'!C76+'AGRIC OVERHEAD COST F.xi'!C76+'FINANCE OVERHEAD COST F.xi'!C76+'WORKS OVERHEAD COST F.xi'!C76+'ESD OVERHEAD COST F.xi'!C76+'PHC OVERHEAD COST F.xi'!C76+'WATSAN OVERHEAD COST F.xi'!C76+'TRADITIONAL OVERHEAD COST F.xi'!C76 -> 103620690 | D94: ='CHAIR OVERHEAD COST F.xi'!D76+'SLT OVERHEAD COST F.xi'!D76+'COUNCIL OVERHEAD COST F.xi'!D76+'PMD OVERHEAD COST F.xi'!D76+'AGRIC OVERHEAD COST F.xi'!D76+'FINANCE OVERHEAD COST F.xi'!D76+'WORKS OVERHEAD COST F.xi'!D76+'ESD OVERHEAD COST F.xi'!D76+'PHC OVERHEAD COST F.xi'!D76+'WATSAN OVERHEAD COST F.xi'!D76+'TRADITIONAL OVERHEAD COST F.xi'!D76 -> 51559000 | E94: ='CHAIR OVERHEAD COST F.xi'!E76+'SLT OVERHEAD COST F.xi'!E76+'COUNCIL OVERHEAD COST F.xi'!E76+'PMD OVERHEAD COST F.xi'!E76+'AGRIC OVERHEAD COST F.xi'!E76+'FINANCE OVERHEAD COST F.xi'!E76+'WORKS OVERHEAD COST F.xi'!E76+'ESD OVERHEAD COST F.xi'!E76+'PHC OVERHEAD COST F.xi'!E76+'WATSAN OVERHEAD COST F.xi'!E76+'TRADITIONAL OVERHEAD COST F.xi'!E76 -> 146000000
A95: 22021008 | B95: SUBSCRIPTION TO PROFESSIONAL BODIES | C95: ='CHAIR OVERHEAD COST F.xi'!C77+'SLT OVERHEAD COST F.xi'!C77+'COUNCIL OVERHEAD COST F.xi'!C77+'PMD OVERHEAD COST F.xi'!C77+'AGRIC OVERHEAD COST F.xi'!C77+'FINANCE OVERHEAD COST F.xi'!C77+'WORKS OVERHEAD COST F.xi'!C77+'ESD OVERHEAD COST F.xi'!C77+'PHC OVERHEAD COST F.xi'!C77+'WATSAN OVERHEAD COST F.xi'!C77+'TRADITIONAL OVERHEAD COST F.xi'!C77 -> 0 | D95: ='CHAIR OVERHEAD COST F.xi'!D77+'SLT OVERHEAD COST F.xi'!D77+'COUNCIL OVERHEAD COST F.xi'!D77+'PMD OVERHEAD COST F.xi'!D77+'AGRIC OVERHEAD COST F.xi'!D77+'FINANCE OVERHEAD COST F.xi'!D77+'WORKS OVERHEAD COST F.xi'!D77+'ESD OVERHEAD COST F.xi'!D77+'PHC OVERHEAD COST F.xi'!D77+'WATSAN OVERHEAD COST F.xi'!D77+'TRADITIONAL OVERHEAD COST F.xi'!D77 -> 0 | E95: ='CHAIR OVERHEAD COST F.xi'!E77+'SLT OVERHEAD COST F.xi'!E77+'COUNCIL OVERHEAD COST F.xi'!E77+'PMD OVERHEAD COST F.xi'!E77+'AGRIC OVERHEAD COST F.xi'!E77+'FINANCE OVERHEAD COST F.xi'!E77+'WORKS OVERHEAD COST F.xi'!E77+'ESD OVERHEAD COST F.xi'!E77+'PHC OVERHEAD COST F.xi'!E77+'WATSAN OVERHEAD COST F.xi'!E77+'TRADITIONAL OVERHEAD COST F.xi'!E77 -> 0
A96: 22021009 | B96: SPORTING ACTIVITIES | C96: ='CHAIR OVERHEAD COST F.xi'!C78+'SLT OVERHEAD COST F.xi'!C78+'COUNCIL OVERHEAD COST F.xi'!C78+'PMD OVERHEAD COST F.xi'!C78+'AGRIC OVERHEAD COST F.xi'!C78+'FINANCE OVERHEAD COST F.xi'!C78+'WORKS OVERHEAD COST F.xi'!C78+'ESD OVERHEAD COST F.xi'!C78+'PHC OVERHEAD COST F.xi'!C78+'WATSAN OVERHEAD COST F.xi'!C78+'TRADITIONAL OVERHEAD COST F.xi'!C78 -> 0 | D96: ='CHAIR OVERHEAD COST F.xi'!D78+'SLT OVERHEAD COST F.xi'!D78+'COUNCIL OVERHEAD COST F.xi'!D78+'PMD OVERHEAD COST F.xi'!D78+'AGRIC OVERHEAD COST F.xi'!D78+'FINANCE OVERHEAD COST F.xi'!D78+'WORKS OVERHEAD COST F.xi'!D78+'ESD OVERHEAD COST F.xi'!D78+'PHC OVERHEAD COST F.xi'!D78+'WATSAN OVERHEAD COST F.xi'!D78+'TRADITIONAL OVERHEAD COST F.xi'!D78 -> 0 | E96: ='CHAIR OVERHEAD COST F.xi'!E78+'SLT OVERHEAD COST F.xi'!E78+'COUNCIL OVERHEAD COST F.xi'!E78+'PMD OVERHEAD COST F.xi'!E78+'AGRIC OVERHEAD COST F.xi'!E78+'FINANCE OVERHEAD COST F.xi'!E78+'WORKS OVERHEAD COST F.xi'!E78+'ESD OVERHEAD COST F.xi'!E78+'PHC OVERHEAD COST F.xi'!E78+'WATSAN OVERHEAD COST F.xi'!E78+'TRADITIONAL OVERHEAD COST F.xi'!E78 -> 0
A97: 22021010 | B97: DIRECT TEACHING & LABORATORY COST | C97: ='CHAIR OVERHEAD COST F.xi'!C79+'SLT OVERHEAD COST F.xi'!C79+'COUNCIL OVERHEAD COST F.xi'!C79+'PMD OVERHEAD COST F.xi'!C79+'AGRIC OVERHEAD COST F.xi'!C79+'FINANCE OVERHEAD COST F.xi'!C79+'WORKS OVERHEAD COST F.xi'!C79+'ESD OVERHEAD COST F.xi'!C79+'PHC OVERHEAD COST F.xi'!C79+'WATSAN OVERHEAD COST F.xi'!C79+'TRADITIONAL OVERHEAD COST F.xi'!C79 -> 0 | D97: ='CHAIR OVERHEAD COST F.xi'!D79+'SLT OVERHEAD COST F.xi'!D79+'COUNCIL OVERHEAD COST F.xi'!D79+'PMD OVERHEAD COST F.xi'!D79+'AGRIC OVERHEAD COST F.xi'!D79+'FINANCE OVERHEAD COST F.xi'!D79+'WORKS OVERHEAD COST F.xi'!D79+'ESD OVERHEAD COST F.xi'!D79+'PHC OVERHEAD COST F.xi'!D79+'WATSAN OVERHEAD COST F.xi'!D79+'TRADITIONAL OVERHEAD COST F.xi'!D79 -> 0 | E97: ='CHAIR OVERHEAD COST F.xi'!E79+'SLT OVERHEAD COST F.xi'!E79+'COUNCIL OVERHEAD COST F.xi'!E79+'PMD OVERHEAD COST F.xi'!E79+'AGRIC OVERHEAD COST F.xi'!E79+'FINANCE OVERHEAD COST F.xi'!E79+'WORKS OVERHEAD COST F.xi'!E79+'ESD OVERHEAD COST F.xi'!E79+'PHC OVERHEAD COST F.xi'!E79+'WATSAN OVERHEAD COST F.xi'!E79+'TRADITIONAL OVERHEAD COST F.xi'!E79 -> 0
A98: 22021014 | B98: ANNUAL BUDGET EXPENSES | C98: ='CHAIR OVERHEAD COST F.xi'!C80+'SLT OVERHEAD COST F.xi'!C80+'COUNCIL OVERHEAD COST F.xi'!C80+'PMD OVERHEAD COST F.xi'!C80+'AGRIC OVERHEAD COST F.xi'!C80+'FINANCE OVERHEAD COST F.xi'!C80+'WORKS OVERHEAD COST F.xi'!C80+'ESD OVERHEAD COST F.xi'!C80+'PHC OVERHEAD COST F.xi'!C80+'WATSAN OVERHEAD COST F.xi'!C80+'TRADITIONAL OVERHEAD COST F.xi'!C80 -> 0 | D98: ='CHAIR OVERHEAD COST F.xi'!D80+'SLT OVERHEAD COST F.xi'!D80+'COUNCIL OVERHEAD COST F.xi'!D80+'PMD OVERHEAD COST F.xi'!D80+'AGRIC OVERHEAD COST F.xi'!D80+'FINANCE OVERHEAD COST F.xi'!D80+'WORKS OVERHEAD COST F.xi'!D80+'ESD OVERHEAD COST F.xi'!D80+'PHC OVERHEAD COST F.xi'!D80+'WATSAN OVERHEAD COST F.xi'!D80+'TRADITIONAL OVERHEAD COST F.xi'!D80 -> 0 | E98: ='CHAIR OVERHEAD COST F.xi'!E80+'SLT OVERHEAD COST F.xi'!E80+'COUNCIL OVERHEAD COST F.xi'!E80+'PMD OVERHEAD COST F.xi'!E80+'AGRIC OVERHEAD COST F.xi'!E80+'FINANCE OVERHEAD COST F.xi'!E80+'WORKS OVERHEAD COST F.xi'!E80+'ESD OVERHEAD COST F.xi'!E80+'PHC OVERHEAD COST F.xi'!E80+'WATSAN OVERHEAD COST F.xi'!E80+'TRADITIONAL OVERHEAD COST F.xi'!E80 -> 5000000
A99: 22021020 | B99: ELECTION-LOGISTICS SUPPORT | C99: ='CHAIR OVERHEAD COST F.xi'!C81+'SLT OVERHEAD COST F.xi'!C81+'COUNCIL OVERHEAD COST F.xi'!C81+'PMD OVERHEAD COST F.xi'!C81+'AGRIC OVERHEAD COST F.xi'!C81+'FINANCE OVERHEAD COST F.xi'!C81+'WORKS OVERHEAD COST F.xi'!C81+'ESD OVERHEAD COST F.xi'!C81+'PHC OVERHEAD COST F.xi'!C81+'WATSAN OVERHEAD COST F.xi'!C81+'TRADITIONAL OVERHEAD COST F.xi'!C81 -> 240500000 | D99: ='CHAIR OVERHEAD COST F.xi'!D81+'SLT OVERHEAD COST F.xi'!D81+'COUNCIL OVERHEAD COST F.xi'!D81+'PMD OVERHEAD COST F.xi'!D81+'AGRIC OVERHEAD COST F.xi'!D81+'FINANCE OVERHEAD COST F.xi'!D81+'WORKS OVERHEAD COST F.xi'!D81+'ESD OVERHEAD COST F.xi'!D81+'PHC OVERHEAD COST F.xi'!D81+'WATSAN OVERHEAD COST F.xi'!D81+'TRADITIONAL OVERHEAD COST F.xi'!D81 -> 0 | E99: ='CHAIR OVERHEAD COST F.xi'!E81+'SLT OVERHEAD COST F.xi'!E81+'COUNCIL OVERHEAD COST F.xi'!E81+'PMD OVERHEAD COST F.xi'!E81+'AGRIC OVERHEAD COST F.xi'!E81+'FINANCE OVERHEAD COST F.xi'!E81+'WORKS OVERHEAD COST F.xi'!E81+'ESD OVERHEAD COST F.xi'!E81+'PHC OVERHEAD COST F.xi'!E81+'WATSAN OVERHEAD COST F.xi'!E81+'TRADITIONAL OVERHEAD COST F.xi'!E81 -> 0
A100: 22021050 | B100: MEDICAL EXPENSES-INTERNATIONAL | C100: ='CHAIR OVERHEAD COST F.xi'!C82+'SLT OVERHEAD COST F.xi'!C82+'COUNCIL OVERHEAD COST F.xi'!C82+'PMD OVERHEAD COST F.xi'!C82+'AGRIC OVERHEAD COST F.xi'!C82+'FINANCE OVERHEAD COST F.xi'!C82+'WORKS OVERHEAD COST F.xi'!C82+'ESD OVERHEAD COST F.xi'!C82+'PHC OVERHEAD COST F.xi'!C82+'WATSAN OVERHEAD COST F.xi'!C82+'TRADITIONAL OVERHEAD COST F.xi'!C82 -> 0 | D100: ='CHAIR OVERHEAD COST F.xi'!D82+'SLT OVERHEAD COST F.xi'!D82+'COUNCIL OVERHEAD COST F.xi'!D82+'PMD OVERHEAD COST F.xi'!D82+'AGRIC OVERHEAD COST F.xi'!D82+'FINANCE OVERHEAD COST F.xi'!D82+'WORKS OVERHEAD COST F.xi'!D82+'ESD OVERHEAD COST F.xi'!D82+'PHC OVERHEAD COST F.xi'!D82+'WATSAN OVERHEAD COST F.xi'!D82+'TRADITIONAL OVERHEAD COST F.xi'!D82 -> 0 | E100: ='CHAIR OVERHEAD COST F.xi'!E82+'SLT OVERHEAD COST F.xi'!E82+'COUNCIL OVERHEAD COST F.xi'!E82+'PMD OVERHEAD COST F.xi'!E82+'AGRIC OVERHEAD COST F.xi'!E82+'FINANCE OVERHEAD COST F.xi'!E82+'WORKS OVERHEAD COST F.xi'!E82+'ESD OVERHEAD COST F.xi'!E82+'PHC OVERHEAD COST F.xi'!E82+'WATSAN OVERHEAD COST F.xi'!E82+'TRADITIONAL OVERHEAD COST F.xi'!E82 -> 0
A101: 220210 | B101: RECURRENT ADJUSTMENT | C101: ='CHAIR OVERHEAD COST F.xi'!C82+'SLT OVERHEAD COST F.xi'!C82+'COUNCIL OVERHEAD COST F.xi'!C82+'PMD OVERHEAD COST F.xi'!C82+'AGRIC OVERHEAD COST F.xi'!C82+'FINANCE OVERHEAD COST F.xi'!C83+'WORKS OVERHEAD COST F.xi'!C82+'ESD OVERHEAD COST F.xi'!C82+'PHC OVERHEAD COST F.xi'!C82+'WATSAN OVERHEAD COST F.xi'!C82+'TRADITIONAL OVERHEAD COST F.xi'!C82 -> 0 | D101: ='CHAIR OVERHEAD COST F.xi'!D82+'SLT OVERHEAD COST F.xi'!D82+'COUNCIL OVERHEAD COST F.xi'!D82+'PMD OVERHEAD COST F.xi'!D82+'AGRIC OVERHEAD COST F.xi'!D82+'FINANCE OVERHEAD COST F.xi'!D83+'WORKS OVERHEAD COST F.xi'!D82+'ESD OVERHEAD COST F.xi'!D82+'PHC OVERHEAD COST F.xi'!D82+'WATSAN OVERHEAD COST F.xi'!D82+'TRADITIONAL OVERHEAD COST F.xi'!D82 -> 0 | E101: ='CHAIR OVERHEAD COST F.xi'!E82+'SLT OVERHEAD COST F.xi'!E82+'COUNCIL OVERHEAD COST F.xi'!E82+'PMD OVERHEAD COST F.xi'!E82+'AGRIC OVERHEAD COST F.xi'!E82+'FINANCE OVERHEAD COST F.xi'!E83+'WORKS OVERHEAD COST F.xi'!E82+'ESD OVERHEAD COST F.xi'!E82+'PHC OVERHEAD COST F.xi'!E82+'WATSAN OVERHEAD COST F.xi'!E82+'TRADITIONAL OVERHEAD COST F.xi'!E82 -> 200000000
A102: 22021052 | B102: SPECIAL DAYS/CELEBRATIONS | C102: ='CHAIR OVERHEAD COST F.xi'!C83+'SLT OVERHEAD COST F.xi'!C83+'COUNCIL OVERHEAD COST F.xi'!C83+'PMD OVERHEAD COST F.xi'!C83+'AGRIC OVERHEAD COST F.xi'!C83+'FINANCE OVERHEAD COST F.xi'!C84+'WORKS OVERHEAD COST F.xi'!C83+'ESD OVERHEAD COST F.xi'!C83+'PHC OVERHEAD COST F.xi'!C83+'WATSAN OVERHEAD COST F.xi'!C83+'TRADITIONAL OVERHEAD COST F.xi'!C83 -> 0 | D102: ='CHAIR OVERHEAD COST F.xi'!D83+'SLT OVERHEAD COST F.xi'!D83+'COUNCIL OVERHEAD COST F.xi'!D83+'PMD OVERHEAD COST F.xi'!D83+'AGRIC OVERHEAD COST F.xi'!D83+'FINANCE OVERHEAD COST F.xi'!D84+'WORKS OVERHEAD COST F.xi'!D83+'ESD OVERHEAD COST F.xi'!D83+'PHC OVERHEAD COST F.xi'!D83+'WATSAN OVERHEAD COST F.xi'!D83+'TRADITIONAL OVERHEAD COST F.xi'!D83 -> 0 | E102: ='CHAIR OVERHEAD COST F.xi'!E83+'SLT OVERHEAD COST F.xi'!E83+'COUNCIL OVERHEAD COST F.xi'!E83+'PMD OVERHEAD COST F.xi'!E83+'AGRIC OVERHEAD COST F.xi'!E83+'FINANCE OVERHEAD COST F.xi'!E84+'WORKS OVERHEAD COST F.xi'!E83+'ESD OVERHEAD COST F.xi'!E83+'PHC OVERHEAD COST F.xi'!E83+'WATSAN OVERHEAD COST F.xi'!E83+'TRADITIONAL OVERHEAD COST F.xi'!E83 -> 0
...

Sheet SUMMARY OF EXP SECTOR F.v
A1: KATSINA STATE MINISTRY FOR LOCAL GOVERNMENT AND EMIRATE AFFAIRS F.v
A2: JIBIA LOCAL GOVERNMENT COUNCIL – 2026 BUDGET - SUMMARY OF EXPENDITURE BY SECTOR
A4: Code | B4: Sector | C4: Personnel cost N | D4: Overhead cost N | E4: Total Recurrent N | F4: Capital Expenditure N | G4: Total Expenditure N
A5: 01000000000 | B5: Administrative sector | C5: ='CHAIR PERSONNEL COST F.x'!E7+'SLT PERSONNEL COST F.x'!E7+'COUNCIL PERSONNEL COST F.x'!E7+'PMD PERSONNEL COST F.x'!E7 -> 140479524 | D5: ='CHAIR OVERHEAD COST F.xi'!E7+'SLT OVERHEAD COST F.xi'!E7+'COUNCIL OVERHEAD COST F.xi'!E7+'PMD OVERHEAD COST F.xi'!E7 -> 221600000 | E5: =C5+D5 -> 362079524 | F5: ='PMD CAPITAL EXP F.xii'!F6 -> 275000000 | G5: =E5+F5 -> 637079524
A6: 02000000000 | B6: Economic sector | C6: ='AGRIC PERSONNEL COST F.x'!E7+'FINANCE PERSONNEL COST F.x'!E7+'WORKS PERSONNEL COST F.x'!E7 -> 9.7857181e+08 | D6: ='AGRIC OVERHEAD COST F.xi'!E7+'FINANCE OVERHEAD COST F.xi'!E7+'WORKS OVERHEAD COST F.xi'!E7 -> 6.8404895e+08 | E6: =C6+D6 -> 1.6626208e+09 | F6: ='AGRIC CAPITAL EXP F.xii'!F6+'FINANCE CAPITAL EXP F.xii'!F6+'WORKS CAPITAL EXP F.xii'!F6 -> 3.026011e+09 | G6: =E6+F6 -> 4.6886317e+09
A7: 03000000000 | B7: Law and Justice | C7: 0 | D7: 0 | E7: =C7+D7 -> 0 | F7: 0 | G7: =E7+F7 -> 0
A8: 04000000000 | B8: Regional Sector | C8: 0 | D8: 0 | E8: =C8+D8 -> 0 | F8: 0 | G8: =E8+F8 -> 0
A9: 05000000000 | B9: Social Sector | C9: ='ESD PERSONNEL COST F.x'!E7+'PHC PERSONNEL COST F.x'!E7+'WATSAN PERSONNEL COST F.x'!E7+'TRADITIONAL PERSONNEL COST F.x'!E7 -> 1.7417588e+09 | D9: ='ESD OVERHEAD COST F.xi'!E7+'PHC OVERHEAD COST F.xi'!E7+'WATSAN OVERHEAD COST F.xi'!E7+'TRADITIONAL OVERHEAD COST F.xi'!E7 -> 2.2910843e+08 | E9: =C9+D9 -> 1.9708672e+09 | F9: ='ESD CAPITAL EXP F.xii'!F6+'PHC CAPITAL EXP F.xii'!F6+'WATSAN CAPITAL EXP F.xii'!F6 -> 5.6226684e+08 | G9: =E9+F9 -> 2.5331341e+09
B23: TOTAL | C23: =SUM(C5:C22) -> 2.8608101e+09 | D23: =SUM(D5:D22) -> 1.1347574e+09 | E23: =SUM(E5:E22) -> 3.9955675e+09 | F23: =SUM(F5:F22) -> 3.8632778e+09 | G23: =SUM(G5:G22) -> 7.8588453e+09

Sheet SUMMARY OF REC. EXP DEPT F.vi
A1: KATSINA STATE MINISTRY FOR LOCAL GOVERNMENT AND EMIRATE AFFAIRS F.vi
A2: JIBIA LOCAL GOVERNMENT COUNCIL – 2026 PROPOSED BUDGET - SUMMARY OF RECURRENT EXPENDITURE BY DEPARTMENT
A4: Code | B4: Department | C4: 2025 Revised Budget N | D4: 2025 Budget Performance N | E4: 2026 Proposed Budget N
A5: 011100100100 | B5: OFFICE OF THE LG CHAIRMAN | C5: ='CHAIR PERSONNEL COST F.x'!C7+'CHAIR OVERHEAD COST F.xi'!C7 -> 425937542 | D5: ='CHAIR PERSONNEL COST F.x'!D7+'CHAIR OVERHEAD COST F.xi'!D7 -> 1.0607228e+08 | E5: ='CHAIR PERSONNEL COST F.x'!E7+'CHAIR OVERHEAD COST F.xi'!E7 -> 165840908
A6: 011101300100 | B6: OFFICE OF THE LG SECRETARY | C6: ='SLT PERSONNEL COST F.x'!C7+'SLT OVERHEAD COST F.xi'!C7 -> 93151360 | D6: ='SLT PERSONNEL COST F.x'!D7+'SLT OVERHEAD COST F.xi'!D7 -> 75472560 | E6: ='SLT PERSONNEL COST F.x'!E7+'SLT OVERHEAD COST F.xi'!E7 -> 37107256
A7: 011200300100 | B7: THE COUNCIL | C7: ='COUNCIL PERSONNEL COST F.x'!C7+'COUNCIL OVERHEAD COST F.xi'!C7 -> 105837409 | D7: ='COUNCIL PERSONNEL COST F.x'!D7+'COUNCIL OVERHEAD COST F.xi'!D7 -> 92167409 | E7: ='COUNCIL PERSONNEL COST F.x'!E7+'COUNCIL OVERHEAD COST F.xi'!E7 -> 46087548
A8: 012500100100 | B8: PERSONNEL MANAGEMENT DEPARTMENT | C8: ='PMD PERSONNEL COST F.x'!C7+'PMD OVERHEAD COST F.xi'!C7 -> 289826886 | D8: ='PMD PERSONNEL COST F.x'!D7+'PMD OVERHEAD COST F.xi'!D7 -> 100454776 | E8: ='PMD PERSONNEL COST F.x'!E7+'PMD OVERHEAD COST F.xi'!E7 -> 113043812
A9: 021500100100 | B9: AGRICULTURE AND NATURAL RESOURCES | C9: ='AGRIC PERSONNEL COST F.x'!C7+'AGRIC OVERHEAD COST F.xi'!C7 -> 4.882509e+08 | D9: ='AGRIC PERSONNEL COST F.x'!D7+'AGRIC OVERHEAD COST F.xi'!D7 -> 1.3134295e+08 | E9: ='AGRIC PERSONNEL COST F.x'!E7+'AGRIC OVERHEAD COST F.xi'!E7 -> 1.079757e+08
A10: 022000100100 | B10: FINANCE DEPARTMENT | C10: ='FINANCE PERSONNEL COST F.x'!C7+'FINANCE OVERHEAD COST F.xi'!C7 -> 7.6075633e+08 | D10: ='FINANCE PERSONNEL COST F.x'!D7+'FINANCE OVERHEAD COST F.xi'!D7 -> 904985881 | E10: ='FINANCE PERSONNEL COST F.x'!E7+'FINANCE OVERHEAD COST F.xi'!E7 -> 1.5134256e+09
A11: 023400100100 | B11: WORKS DEPARTMENT | C11: ='WORKS PERSONNEL COST F.x'!C7+'WORKS OVERHEAD COST F.xi'!C7 -> 99670470 | D11: ='WORKS PERSONNEL COST F.x'!D7+'WORKS OVERHEAD COST F.xi'!D7 -> 65838156 | E11: ='WORKS PERSONNEL COST F.x'!E7+'WORKS OVERHEAD COST F.xi'!E7 -> 41219472
A12: 051700100100 | B12: EDUCATION AND SOCIAL SERVICES | C12: ='ESD PERSONNEL COST F.x'!C7+'ESD OVERHEAD COST F.xi'!C7 -> 1644403598 | D12: ='ESD PERSONNEL COST F.x'!D7+'ESD OVERHEAD COST F.xi'!D7 -> 1.4015077e+09 | E12: ='ESD PERSONNEL COST F.x'!E7+'ESD OVERHEAD COST F.xi'!E7 -> 1.4626022e+09
A13: 052100100100 | B13: PRIMARY HEALTH CARE DEPARTMENT | C13: ='PHC PERSONNEL COST F.x'!C7+'PHC OVERHEAD COST F.xi'!C7 -> 4.4131211e+08 | D13: ='PHC PERSONNEL COST F.x'!D7+'PHC OVERHEAD COST F.xi'!D7 -> 42190000 | E13: ='PHC PERSONNEL COST F.x'!E7+'PHC OVERHEAD COST F.xi'!E7 -> 331375313
A14: 053500100100 | B14: WATER AND SANITATION DEPARTMENT | C14: ='WATSAN PERSONNEL COST F.x'!C7+'WATSAN OVERHEAD COST F.xi'!C7 -> 1.6102477e+08 | D14: ='WATSAN PERSONNEL COST F.x'!D7+'WATSAN OVERHEAD COST F.xi'!D7 -> 87745965 | E14: ='WATSAN PERSONNEL COST F.x'!E7+'WATSAN OVERHEAD COST F.xi'!E7 -> 86652809
A15: 055100200100 | B15: TRADITIONAL RULERS OFFICE | C15: ='TRADITIONAL PERSONNEL COST F.x'!C7+'TRADITIONAL OVERHEAD COST F.xi'!C7 -> 58246278 | D15: ='TRADITIONAL PERSONNEL COST F.x'!D7+'TRADITIONAL OVERHEAD COST F.xi'!D7 -> 30225875 | E15: ='TRADITIONAL PERSONNEL COST F.x'!E7+'TRADITIONAL OVERHEAD COST F.xi'!E7 -> 90236893
B28: TOTAL | C28: =SUM(C5:C27) -> 4.5684176e+09 | D28: =SUM(D5:D27) -> 3.0380036e+09 | E28: =SUM(E5:E27) -> 3.9955675e+09

Sheet SUMMARY OF RECURRENT EXP F.vii
A1: KATSINA STATE MINISTRY FOR LOCAL GOVERNMENT AND EMIRATE AFFAIRS F.vii
A2: JIBIA LOCAL GOVERNMENT COUNCIL – 2026 BUDGET - SUMMARY OF RECURRENT EXPENDITURE
A4: Code | B4: Economic Items | C4: 2025 Revised Budget N | D4: 2025 Budget Performance N | E4: 2026 Proposed Budget N
B5: TOTAL RECURRENT EXPENDITURE | C5: =C6+C11 -> 4.5684176e+09 | D5: =D6+D11 -> 3.0380036e+09 | E5: =E6+E11 -> 3.9955675e+09
A6: 21 | B6: PERSONNEL COST | C6: =SUM(C7:C10) -> 2.5646872e+09 | D6: =SUM(D7:D10) -> 2.516499e+09 | E6: =SUM(E7:E10) -> 2.8608101e+09
A7: 21010100 | B7: SALARIES AND WAGES | C7: ='CHAIR PERSONNEL COST F.x'!C9+'SLT PERSONNEL COST F.x'!C9+'COUNCIL PERSONNEL COST F.x'!C9+'PMD PERSONNEL COST F.x'!C9+'AGRIC PERSONNEL COST F.x'!C9+'FINANCE PERSONNEL COST F.x'!C9+'WORKS PERSONNEL COST F.x'!C9+'ESD PERSONNEL COST F.x'!C9+'PHC PERSONNEL COST F.x'!C9+'WATSAN PERSONNEL COST F.x'!C9+'TRADITIONAL PERSONNEL COST F.x'!C9 -> 2.2573029e+09 | D7: ='CHAIR PERSONNEL COST F.x'!D9+'SLT PERSONNEL COST F.x'!D9+'COUNCIL PERSONNEL COST F.x'!D9+'PMD PERSONNEL COST F.x'!D9+'AGRIC PERSONNEL COST F.x'!D9+'FINANCE PERSONNEL COST F.x'!D9+'WORKS PERSONNEL COST F.x'!D9+'ESD PERSONNEL COST F.x'!D9+'PHC PERSONNEL COST F.x'!D9+'WATSAN PERSONNEL COST F.x'!D9+'TRADITIONAL PERSONNEL COST F.x'!D9 -> 1.7964926e+09 | E7: ='CHAIR PERSONNEL COST F.x'!E9+'SLT PERSONNEL COST F.x'!E9+'COUNCIL PERSONNEL COST F.x'!E9+'PMD PERSONNEL COST F.x'!E9+'AGRIC PERSONNEL COST F.x'!E9+'FINANCE PERSONNEL COST F.x'!E9+'WORKS PERSONNEL COST F.x'!E9+'ESD PERSONNEL COST F.x'!E9+'PHC PERSONNEL COST F.x'!E9+'WATSAN PERSONNEL COST F.x'!E9+'TRADITIONAL PERSONNEL COST F.x'!E9 -> 2.0539869e+09
A8: 21020100 | B8: ALLOWANCES | C8: ='CHAIR PERSONNEL COST F.x'!C14+'SLT PERSONNEL COST F.x'!C14+'COUNCIL PERSONNEL COST F.x'!C14+'PMD PERSONNEL COST F.x'!C14+'AGRIC PERSONNEL COST F.x'!C14+'FINANCE PERSONNEL COST F.x'!C14+'WORKS PERSONNEL COST F.x'!C14+'ESD PERSONNEL COST F.x'!C15+'PHC PERSONNEL COST F.x'!C14+'WATSAN PERSONNEL COST F.x'!C14+'TRADITIONAL PERSONNEL COST F.x'!C14 -> 141192108 | D8: ='CHAIR PERSONNEL COST F.x'!D14+'SLT PERSONNEL COST F.x'!D14+'COUNCIL PERSONNEL COST F.x'!D14+'PMD PERSONNEL COST F.x'!D14+'AGRIC PERSONNEL COST F.x'!D14+'FINANCE PERSONNEL COST F.x'!D14+'WORKS PERSONNEL COST F.x'!D14+'ESD PERSONNEL COST F.x'!D15+'PHC PERSONNEL COST F.x'!D14+'WATSAN PERSONNEL COST F.x'!D14+'TRADITIONAL PERSONNEL COST F.x'!D14 -> 593814272 | E8: ='CHAIR PERSONNEL COST F.x'!E14+'SLT PERSONNEL COST F.x'!E14+'COUNCIL PERSONNEL COST F.x'!E14+'PMD PERSONNEL COST F.x'!E14+'AGRIC PERSONNEL COST F.x'!E14+'FINANCE PERSONNEL COST F.x'!E14+'WORKS PERSONNEL COST F.x'!E14+'ESD PERSONNEL COST F.x'!E15+'PHC PERSONNEL COST F.x'!E14+'WATSAN PERSONNEL COST F.x'!E14+'TRADITIONAL PERSONNEL COST F.x'!E14 -> 0
A9: 21020200 | B9: SOCIAL CONTRIBUTIONS | C9: ='CHAIR PERSONNEL COST F.x'!C18+'SLT PERSONNEL COST F.x'!C18+'COUNCIL PERSONNEL COST F.x'!C18+'PMD PERSONNEL COST F.x'!C18+'AGRIC PERSONNEL COST F.x'!C18+'FINANCE PERSONNEL COST F.x'!C18+'WORKS PERSONNEL COST F.x'!C18+'ESD PERSONNEL COST F.x'!C19+'PHC PERSONNEL COST F.x'!C18+'WATSAN PERSONNEL COST F.x'!C18+'TRADITIONAL PERSONNEL COST F.x'!C18 -> 0 | D9: ='CHAIR PERSONNEL COST F.x'!D18+'SLT PERSONNEL COST F.x'!D18+'COUNCIL PERSONNEL COST F.x'!D18+'PMD PERSONNEL COST F.x'!D18+'AGRIC PERSONNEL COST F.x'!D18+'FINANCE PERSONNEL COST F.x'!D18+'WORKS PERSONNEL COST F.x'!D18+'ESD PERSONNEL COST F.x'!D19+'PHC PERSONNEL COST F.x'!D18+'WATSAN PERSONNEL COST F.x'!D18+'TRADITIONAL PERSONNEL COST F.x'!D18 -> 0 | E9: ='CHAIR PERSONNEL COST F.x'!E18+'SLT PERSONNEL COST F.x'!E18+'COUNCIL PERSONNEL COST F.x'!E18+'PMD PERSONNEL COST F.x'!E18+'AGRIC PERSONNEL COST F.x'!E18+'FINANCE PERSONNEL COST F.x'!E18+'WORKS PERSONNEL COST F.x'!E18+'ESD PERSONNEL COST F.x'!E19+'PHC PERSONNEL COST F.x'!E18+'WATSAN PERSONNEL COST F.x'!E18+'TRADITIONAL PERSONNEL COST F.x'!E18 -> 0
A10: 21030100 | B10: SOCIAL BENEFITS | C10: ='CHAIR PERSONNEL COST F.x'!C20+'SLT PERSONNEL COST F.x'!C20+'COUNCIL PERSONNEL COST F.x'!C20+'PMD PERSONNEL COST F.x'!C20+'AGRIC PERSONNEL COST F.x'!C20+'FINANCE PERSONNEL COST F.x'!C20+'WORKS PERSONNEL COST F.x'!C20+'ESD PERSONNEL COST F.x'!C21+'PHC PERSONNEL COST F.x'!C20+'WATSAN PERSONNEL COST F.x'!C20+'TRADITIONAL PERSONNEL COST F.x'!C20 -> 166192108 | D10: ='CHAIR PERSONNEL COST F.x'!D20+'SLT PERSONNEL COST F.x'!D20+'COUNCIL PERSONNEL COST F.x'!D20+'PMD PERSONNEL COST F.x'!D20+'AGRIC PERSONNEL COST F.x'!D20+'FINANCE PERSONNEL COST F.x'!D20+'WORKS PERSONNEL COST F.x'!D20+'ESD PERSONNEL COST F.x'!D21+'PHC PERSONNEL COST F.x'!D20+'WATSAN PERSONNEL COST F.x'!D20+'TRADITIONAL PERSONNEL COST F.x'!D20 -> 126192108 | E10: ='CHAIR PERSONNEL COST F.x'!E20+'SLT PERSONNEL COST F.x'!E20+'COUNCIL PERSONNEL COST F.x'!E20+'PMD PERSONNEL COST F.x'!E20+'AGRIC PERSONNEL COST F.x'!E20+'FINANCE PERSONNEL COST F.x'!E20+'WORKS PERSONNEL COST F.x'!E20+'ESD PERSONNEL COST F.x'!E21+'PHC PERSONNEL COST F.x'!E20+'WATSAN PERSONNEL COST F.x'!E20+'TRADITIONAL PERSONNEL COST F.x'!E20 -> 8.0682326e+08
A11: 22 | B11: OTHER RECURRENT | C11: =SUM(C12:C24) -> 2003730482 | D11: =SUM(D12:D24) -> 5.215046e+08 | E11: =SUM(E12:E24) -> 1.1347574e+09
A12: 22020100 | B12: TRAVEL & TRANSPORT – GENERAL | C12: ='CHAIR OVERHEAD COST F.xi'!C9+'SLT OVERHEAD COST F.xi'!C9+'COUNCIL OVERHEAD COST F.xi'!C9+'PMD OVERHEAD COST F.xi'!C9+'AGRIC OVERHEAD COST F.xi'!C9+'FINANCE OVERHEAD COST F.xi'!C9+'WORKS OVERHEAD COST F.xi'!C9+'ESD OVERHEAD COST F.xi'!C9+'PHC OVERHEAD COST F.xi'!C9+'WATSAN OVERHEAD COST F.xi'!C9+'TRADITIONAL OVERHEAD COST F.xi'!C9 -> 56000000 | D12: ='CHAIR OVERHEAD COST F.xi'!D9+'SLT OVERHEAD COST F.xi'!D9+'COUNCIL OVERHEAD COST F.xi'!D9+'PMD OVERHEAD COST F.xi'!D9+'AGRIC OVERHEAD COST F.xi'!D9+'FINANCE OVERHEAD COST F.xi'!D9+'WORKS OVERHEAD COST F.xi'!D9+'ESD OVERHEAD COST F.xi'!D9+'PHC OVERHEAD COST F.xi'!D9+'WATSAN OVERHEAD COST F.xi'!D9+'TRADITIONAL OVERHEAD COST F.xi'!D9 -> 16750000 | E12: ='CHAIR OVERHEAD COST F.xi'!E9+'SLT OVERHEAD COST F.xi'!E9+'COUNCIL OVERHEAD COST F.xi'!E9+'PMD OVERHEAD COST F.xi'!E9+'AGRIC OVERHEAD COST F.xi'!E9+'FINANCE OVERHEAD COST F.xi'!E9+'WORKS OVERHEAD COST F.xi'!E9+'ESD OVERHEAD COST F.xi'!E9+'PHC OVERHEAD COST F.xi'!E9+'WATSAN OVERHEAD COST F.xi'!E9+'TRADITIONAL OVERHEAD COST F.xi'!E9 -> 40608426
A13: 22020200 | B13: UTILITIES – GENERAL | C13: ='CHAIR OVERHEAD COST F.xi'!C14+'SLT OVERHEAD COST F.xi'!C14+'COUNCIL OVERHEAD COST F.xi'!C14+'PMD OVERHEAD COST F.xi'!C14+'AGRIC OVERHEAD COST F.xi'!C14+'FINANCE OVERHEAD COST F.xi'!C14+'WORKS OVERHEAD COST F.xi'!C14+'ESD OVERHEAD COST F.xi'!C14+'PHC OVERHEAD COST F.xi'!C14+'WATSAN OVERHEAD COST F.xi'!C14+'TRADITIONAL OVERHEAD COST F.xi'!C14 -> 54000000 | D13: ='CHAIR OVERHEAD COST F.xi'!D14+'SLT OVERHEAD COST F.xi'!D14+'COUNCIL OVERHEAD COST F.xi'!D14+'PMD OVERHEAD COST F.xi'!D14+'AGRIC OVERHEAD COST F.xi'!D14+'FINANCE OVERHEAD COST F.xi'!D14+'WORKS OVERHEAD COST F.xi'!D14+'ESD OVERHEAD COST F.xi'!D14+'PHC OVERHEAD COST F.xi'!D14+'WATSAN OVERHEAD COST F.xi'!D14+'TRADITIONAL OVERHEAD COST F.xi'!D14 -> 24182289 | E13: ='CHAIR OVERHEAD COST F.xi'!E14+'SLT OVERHEAD COST F.xi'!E14+'COUNCIL OVERHEAD COST F.xi'!E14+'PMD OVERHEAD COST F.xi'!E14+'AGRIC OVERHEAD COST F.xi'!E14+'FINANCE OVERHEAD COST F.xi'!E14+'WORKS OVERHEAD COST F.xi'!E14+'ESD OVERHEAD COST F.xi'!E14+'PHC OVERHEAD COST F.xi'!E14+'WATSAN OVERHEAD COST F.xi'!E14+'TRADITIONAL OVERHEAD COST F.xi'!E14 -> 0
A14: 22020300 | B14: MATERIALS & SUPPLIES – GENERAL | C14: ='CHAIR OVERHEAD COST F.xi'!C22+'SLT OVERHEAD COST F.xi'!C22+'COUNCIL OVERHEAD COST F.xi'!C22+'PMD OVERHEAD COST F.xi'!C22+'AGRIC OVERHEAD COST F.xi'!C22+'FINANCE OVERHEAD COST F.xi'!C22+'WORKS OVERHEAD COST F.xi'!C22+'ESD OVERHEAD COST F.xi'!C22+'PHC OVERHEAD COST F.xi'!C22+'WATSAN OVERHEAD COST F.xi'!C22+'TRADITIONAL OVERHEAD COST F.xi'!C22 -> 272000000 | D14: ='CHAIR OVERHEAD COST F.xi'!D22+'SLT OVERHEAD COST F.xi'!D22+'COUNCIL OVERHEAD COST F.xi'!D22+'PMD OVERHEAD COST F.xi'!D22+'AGRIC OVERHEAD COST F.xi'!D22+'FINANCE OVERHEAD COST F.xi'!D22+'WORKS OVERHEAD COST F.xi'!D22+'ESD OVERHEAD COST F.xi'!D22+'PHC OVERHEAD COST F.xi'!D22+'WATSAN OVERHEAD COST F.xi'!D22+'TRADITIONAL OVERHEAD COST F.xi'!D22 -> 29738125 | E14: ='CHAIR OVERHEAD COST F.xi'!E22+'SLT OVERHEAD COST F.xi'!E22+'COUNCIL OVERHEAD COST F.xi'!E22+'PMD OVERHEAD COST F.xi'!E22+'AGRIC OVERHEAD COST F.xi'!E22+'FINANCE OVERHEAD COST F.xi'!E22+'WORKS OVERHEAD COST F.xi'!E22+'ESD OVERHEAD COST F.xi'!E22+'PHC OVERHEAD COST F.xi'!E22+'WATSAN OVERHEAD COST F.xi'!E22+'TRADITIONAL OVERHEAD COST F.xi'!E22 -> 24500000
A15: 22020400 | B15: MAINTENANCE SERVICES – GENERAL | C15: ='CHAIR OVERHEAD COST F.xi'!C36+'SLT OVERHEAD COST F.xi'!C36+'COUNCIL OVERHEAD COST F.xi'!C36+'PMD OVERHEAD COST F.xi'!C36+'AGRIC OVERHEAD COST F.xi'!C36+'FINANCE OVERHEAD COST F.xi'!C36+'WORKS OVERHEAD COST F.xi'!C36+'ESD OVERHEAD COST F.xi'!C36+'PHC OVERHEAD COST F.xi'!C36+'WATSAN OVERHEAD COST F.xi'!C36+'TRADITIONAL OVERHEAD COST F.xi'!C36 -> 28500000 | D15: ='CHAIR OVERHEAD COST F.xi'!D36+'SLT OVERHEAD COST F.xi'!D36+'COUNCIL OVERHEAD COST F.xi'!D36+'PMD OVERHEAD COST F.xi'!D36+'AGRIC OVERHEAD COST F.xi'!D36+'FINANCE OVERHEAD COST F.xi'!D36+'WORKS OVERHEAD COST F.xi'!D36+'ESD OVERHEAD COST F.xi'!D36+'PHC OVERHEAD COST F.xi'!D36+'WATSAN OVERHEAD COST F.xi'!D36+'TRADITIONAL OVERHEAD COST F.xi'!D36 -> 22260337 | E15: ='CHAIR OVERHEAD COST F.xi'!E36+'SLT OVERHEAD COST F.xi'!E36+'COUNCIL OVERHEAD COST F.xi'!E36+'PMD OVERHEAD COST F.xi'!E36+'AGRIC OVERHEAD COST F.xi'!E36+'FINANCE OVERHEAD COST F.xi'!E36+'WORKS OVERHEAD COST F.xi'!E36+'ESD OVERHEAD COST F.xi'!E36+'PHC OVERHEAD COST F.xi'!E36+'WATSAN OVERHEAD COST F.xi'!E36+'TRADITIONAL OVERHEAD COST F.xi'!E36 -> 35100000
A16: 22020500 | B16: TRAINING – GENERAL | C16: ='CHAIR OVERHEAD COST F.xi'!C45+'SLT OVERHEAD COST F.xi'!C45+'COUNCIL OVERHEAD COST F.xi'!C45+'PMD OVERHEAD COST F.xi'!C45+'AGRIC OVERHEAD COST F.xi'!C45+'FINANCE OVERHEAD COST F.xi'!C45+'WORKS OVERHEAD COST F.xi'!C45+'ESD OVERHEAD COST F.xi'!C45+'PHC OVERHEAD COST F.xi'!C45+'WATSAN OVERHEAD COST F.xi'!C45+'TRADITIONAL OVERHEAD COST F.xi'!C45 -> 131000000 | D16: ='CHAIR OVERHEAD COST F.xi'!D45+'SLT OVERHEAD COST F.xi'!D45+'COUNCIL OVERHEAD COST F.xi'!D45+'PMD OVERHEAD COST F.xi'!D45+'AGRIC OVERHEAD COST F.xi'!D45+'FINANCE OVERHEAD COST F.xi'!D45+'WORKS OVERHEAD COST F.xi'!D45+'ESD OVERHEAD COST F.xi'!D45+'PHC OVERHEAD COST F.xi'!D45+'WATSAN OVERHEAD COST F.xi'!D45+'TRADITIONAL OVERHEAD COST F.xi'!D45 -> 25000000 | E16: ='CHAIR OVERHEAD COST F.xi'!E45+'SLT OVERHEAD COST F.xi'!E45+'COUNCIL OVERHEAD COST F.xi'!E45+'PMD OVERHEAD COST F.xi'!E45+'AGRIC OVERHEAD COST F.xi'!E45+'FINANCE OVERHEAD COST F.xi'!E45+'WORKS OVERHEAD COST F.xi'!E45+'ESD OVERHEAD COST F.xi'!E45+'PHC OVERHEAD COST F.xi'!E45+'WATSAN OVERHEAD COST F.xi'!E45+'TRADITIONAL OVERHEAD COST F.xi'!E45 -> 20000000
A17: 22020600 | B17: OTHER SERVICES – GENERAL | C17: ='CHAIR OVERHEAD COST F.xi'!C48+'SLT OVERHEAD COST F.xi'!C48+'COUNCIL OVERHEAD COST F.xi'!C48+'PMD OVERHEAD COST F.xi'!C48+'AGRIC OVERHEAD COST F.xi'!C48+'FINANCE OVERHEAD COST F.xi'!C48+'WORKS OVERHEAD COST F.xi'!C48+'ESD OVERHEAD COST F.xi'!C48+'PHC OVERHEAD COST F.xi'!C48+'WATSAN OVERHEAD COST F.xi'!C48+'TRADITIONAL OVERHEAD COST F.xi'!C48 -> 361000000 | D17: ='CHAIR OVERHEAD COST F.xi'!D48+'SLT OVERHEAD COST F.xi'!D48+'COUNCIL OVERHEAD COST F.xi'!D48+'PMD OVERHEAD COST F.xi'!D48+'AGRIC OVERHEAD COST F.xi'!D48+'FINANCE OVERHEAD COST F.xi'!D48+'WORKS OVERHEAD COST F.xi'!D48+'ESD OVERHEAD COST F.xi'!D48+'PHC OVERHEAD COST F.xi'!D48+'WATSAN OVERHEAD COST F.xi'!D48+'TRADITIONAL OVERHEAD COST F.xi'!D48 -> 51204743 | E17: ='CHAIR OVERHEAD COST F.xi'!E48+'SLT OVERHEAD COST F.xi'!E48+'COUNCIL OVERHEAD COST F.xi'!E48+'PMD OVERHEAD COST F.xi'!E48+'AGRIC OVERHEAD COST F.xi'!E48+'FINANCE OVERHEAD COST F.xi'!E48+'WORKS OVERHEAD COST F.xi'!E48+'ESD OVERHEAD COST F.xi'!E48+'PHC OVERHEAD COST F.xi'!E48+'WATSAN OVERHEAD COST F.xi'!E48+'TRADITIONAL OVERHEAD COST F.xi'!E48 -> 110000000
A18: 22020700 | B18: CONSULTING & PROFESSIONAL SERVICES – GEN | C18: ='CHAIR OVERHEAD COST F.xi'!C54+'SLT OVERHEAD COST F.xi'!C54+'COUNCIL OVERHEAD COST F.xi'!C54+'PMD OVERHEAD COST F.xi'!C54+'AGRIC OVERHEAD COST F.xi'!C54+'FINANCE OVERHEAD COST F.xi'!C54+'WORKS OVERHEAD COST F.xi'!C54+'ESD OVERHEAD COST F.xi'!C54+'PHC OVERHEAD COST F.xi'!C54+'WATSAN OVERHEAD COST F.xi'!C54+'TRADITIONAL OVERHEAD COST F.xi'!C54 -> 3600000 | D18: ='CHAIR OVERHEAD COST F.xi'!D54+'SLT OVERHEAD COST F.xi'!D54+'COUNCIL OVERHEAD COST F.xi'!D54+'PMD OVERHEAD COST F.xi'!D54+'AGRIC OVERHEAD COST F.xi'!D54+'FINANCE OVERHEAD COST F.xi'!D54+'WORKS OVERHEAD COST F.xi'!D54+'ESD OVERHEAD COST F.xi'!D54+'PHC OVERHEAD COST F.xi'!D54+'WATSAN OVERHEAD COST F.xi'!D54+'TRADITIONAL OVERHEAD COST F.xi'!D54 -> 0 | E18: ='CHAIR OVERHEAD COST F.xi'!E54+'SLT OVERHEAD COST F.xi'!E54+'COUNCIL OVERHEAD COST F.xi'!E54+'PMD OVERHEAD COST F.xi'!E54+'AGRIC OVERHEAD COST F.xi'!E54+'FINANCE OVERHEAD COST F.xi'!E54+'WORKS OVERHEAD COST F.xi'!E54+'ESD OVERHEAD COST F.xi'!E54+'PHC OVERHEAD COST F.xi'!E54+'WATSAN OVERHEAD COST F.xi'!E54+'TRADITIONAL OVERHEAD COST F.xi'!E54 -> 0
A19: 22020800 | B19: FUEL & LUBRICANTS – GENERAL | C19: ='CHAIR OVERHEAD COST F.xi'!C63+'SLT OVERHEAD COST F.xi'!C63+'COUNCIL OVERHEAD COST F.xi'!C63+'PMD OVERHEAD COST F.xi'!C63+'AGRIC OVERHEAD COST F.xi'!C63+'FINANCE OVERHEAD COST F.xi'!C63+'WORKS OVERHEAD COST F.xi'!C63+'ESD OVERHEAD COST F.xi'!C63+'PHC OVERHEAD COST F.xi'!C63+'WATSAN OVERHEAD COST F.xi'!C63+'TRADITIONAL OVERHEAD COST F.xi'!C63 -> 183000000 | D19: ='CHAIR OVERHEAD COST F.xi'!D63+'SLT OVERHEAD COST F.xi'!D63+'COUNCIL OVERHEAD COST F.xi'!D63+'PMD OVERHEAD COST F.xi'!D63+'AGRIC OVERHEAD COST F.xi'!D63+'FINANCE OVERHEAD COST F.xi'!D63+'WORKS OVERHEAD COST F.xi'!D63+'ESD OVERHEAD COST F.xi'!D63+'PHC OVERHEAD COST F.xi'!D63+'WATSAN OVERHEAD COST F.xi'!D63+'TRADITIONAL OVERHEAD COST F.xi'!D63 -> 51057069 | E19: ='CHAIR OVERHEAD COST F.xi'!E63+'SLT OVERHEAD COST F.xi'!E63+'COUNCIL OVERHEAD COST F.xi'!E63+'PMD OVERHEAD COST F.xi'!E63+'AGRIC OVERHEAD COST F.xi'!E63+'FINANCE OVERHEAD COST F.xi'!E63+'WORKS OVERHEAD COST F.xi'!E63+'ESD OVERHEAD COST F.xi'!E63+'PHC OVERHEAD COST F.xi'!E63+'WATSAN OVERHEAD COST F.xi'!E63+'TRADITIONAL OVERHEAD COST F.xi'!E63 -> 2224800.3
A20: 22020900 | B20: FINANCIAL CHARGES – GENERAL | C20: ='CHAIR OVERHEAD COST F.xi'!C67+'SLT OVERHEAD COST F.xi'!C67+'COUNCIL OVERHEAD COST F.xi'!C67+'PMD OVERHEAD COST F.xi'!C67+'AGRIC OVERHEAD COST F.xi'!C67+'FINANCE OVERHEAD COST F.xi'!C67+'WORKS OVERHEAD COST F.xi'!C67+'ESD OVERHEAD COST F.xi'!C67+'PHC OVERHEAD COST F.xi'!C67+'WATSAN OVERHEAD COST F.xi'!C67+'TRADITIONAL OVERHEAD COST F.xi'!C67 -> 800000 | D20: ='CHAIR OVERHEAD COST F.xi'!D67+'SLT OVERHEAD COST F.xi'!D67+'COUNCIL OVERHEAD COST F.xi'!D67+'PMD OVERHEAD COST F.xi'!D67+'AGRIC OVERHEAD COST F.xi'!D67+'FINANCE OVERHEAD COST F.xi'!D67+'WORKS OVERHEAD COST F.xi'!D67+'ESD OVERHEAD COST F.xi'!D67+'PHC OVERHEAD COST F.xi'!D67+'WATSAN OVERHEAD COST F.xi'!D67+'TRADITIONAL OVERHEAD COST F.xi'!D67 -> 750000 | E20: ='CHAIR OVERHEAD COST F.xi'!E67+'SLT OVERHEAD COST F.xi'!E67+'COUNCIL OVERHEAD COST F.xi'!E67+'PMD OVERHEAD COST F.xi'!E67+'AGRIC OVERHEAD COST F.xi'!E67+'FINANCE OVERHEAD COST F.xi'!E67+'WORKS OVERHEAD COST F.xi'!E67+'ESD OVERHEAD COST F.xi'!E67+'PHC OVERHEAD COST F.xi'!E67+'WATSAN OVERHEAD COST F.xi'!E67+'TRADITIONAL OVERHEAD COST F.xi'!E67 -> 400000
A21: 22021000 | B21: MISCELLANEOUS EXPENSES GENERAL | C21: ='CHAIR OVERHEAD COST F.xi'!C70+'SLT OVERHEAD COST F.xi'!C70+'COUNCIL OVERHEAD COST F.xi'!C70+'PMD OVERHEAD COST F.xi'!C70+'AGRIC OVERHEAD COST F.xi'!C70+'FINANCE OVERHEAD COST F.xi'!C70+'WORKS OVERHEAD COST F.xi'!C70+'ESD OVERHEAD COST F.xi'!C70+'PHC OVERHEAD COST F.xi'!C70+'WATSAN OVERHEAD COST F.xi'!C70+'TRADITIONAL OVERHEAD COST F.xi'!C70 -> 424620690 | D21: ='CHAIR OVERHEAD COST F.xi'!D70+'SLT OVERHEAD COST F.xi'!D70+'COUNCIL OVERHEAD COST F.xi'!D70+'PMD OVERHEAD COST F.xi'!D70+'AGRIC OVERHEAD COST F.xi'!D70+'FINANCE OVERHEAD COST F.xi'!D70+'WORKS OVERHEAD COST F.xi'!D70+'ESD OVERHEAD COST F.xi'!D70+'PHC OVERHEAD COST F.xi'!D70+'WATSAN OVERHEAD COST F.xi'!D70+'TRADITIONAL OVERHEAD COST F.xi'!D70 -> 69999000 | E21: ='CHAIR OVERHEAD COST F.xi'!E70+'SLT OVERHEAD COST F.xi'!E70+'COUNCIL OVERHEAD COST F.xi'!E70+'PMD OVERHEAD COST F.xi'!E70+'AGRIC OVERHEAD COST F.xi'!E70+'FINANCE OVERHEAD COST F.xi'!E70+'WORKS OVERHEAD COST F.xi'!E70+'ESD OVERHEAD COST F.xi'!E70+'PHC OVERHEAD COST F.xi'!E70+'WATSAN OVERHEAD COST F.xi'!E70+'TRADITIONAL OVERHEAD COST F.xi'!E70 -> 377500000
A22: 22040000 | B22: GRANTS AND CONTRIBUTIONS GENERAL | C22: ='CHAIR OVERHEAD COST F.xi'!C84+'SLT OVERHEAD COST F.xi'!C84+'COUNCIL OVERHEAD COST F.xi'!C84+'PMD OVERHEAD COST F.xi'!C84+'AGRIC OVERHEAD COST F.xi'!C84+'FINANCE OVERHEAD COST F.xi'!C85+'WORKS OVERHEAD COST F.xi'!C84+'ESD OVERHEAD COST F.xi'!C84+'PHC OVERHEAD COST F.xi'!C84+'WATSAN OVERHEAD COST F.xi'!C84+'TRADITIONAL OVERHEAD COST F.xi'!C84 -> 489209792 | D22: ='CHAIR OVERHEAD COST F.xi'!D84+'SLT OVERHEAD COST F.xi'!D84+'COUNCIL OVERHEAD COST F.xi'!D84+'PMD OVERHEAD COST F.xi'!D84+'AGRIC OVERHEAD COST F.xi'!D84+'FINANCE OVERHEAD COST F.xi'!D85+'WORKS OVERHEAD COST F.xi'!D84+'ESD OVERHEAD COST F.xi'!D84+'PHC OVERHEAD COST F.xi'!D84+'WATSAN OVERHEAD COST F.xi'!D84+'TRADITIONAL OVERHEAD COST F.xi'!D84 -> 2.3056304e+08 | E22: ='CHAIR OVERHEAD COST F.xi'!E84+'SLT OVERHEAD COST F.xi'!E84+'COUNCIL OVERHEAD COST F.xi'!E84+'PMD OVERHEAD COST F.xi'!E84+'AGRIC OVERHEAD COST F.xi'!E84+'FINANCE OVERHEAD COST F.xi'!E85+'WORKS OVERHEAD COST F.xi'!E84+'ESD OVERHEAD COST F.xi'!E84+'PHC OVERHEAD COST F.xi'!E84+'WATSAN OVERHEAD COST F.xi'!E84+'TRADITIONAL OVERHEAD COST F.xi'!E84 -> 5.2442415e+08
A23: 22050000 | B23: SUBSIDIES - GENERAL | C23: ='CHAIR OVERHEAD COST F.xi'!C88+'SLT OVERHEAD COST F.xi'!C88+'COUNCIL OVERHEAD COST F.xi'!C88+'PMD OVERHEAD COST F.xi'!C88+'AGRIC OVERHEAD COST F.xi'!C88+'FINANCE OVERHEAD COST F.xi'!C89+'WORKS OVERHEAD COST F.xi'!C88+'ESD OVERHEAD COST F.xi'!C88+'PHC OVERHEAD COST F.xi'!C88+'WATSAN OVERHEAD COST F.xi'!C88+'TRADITIONAL OVERHEAD COST F.xi'!C88 -> 0 | D23: ='CHAIR OVERHEAD COST F.xi'!D88+'SLT OVERHEAD COST F.xi'!D88+'COUNCIL OVERHEAD COST F.xi'!D88+'PMD OVERHEAD COST F.xi'!D88+'AGRIC OVERHEAD COST F.xi'!D88+'FINANCE OVERHEAD COST F.xi'!D89+'WORKS OVERHEAD COST F.xi'!D88+'ESD OVERHEAD COST F.xi'!D88+'PHC OVERHEAD COST F.xi'!D88+'WATSAN OVERHEAD COST F.xi'!D88+'TRADITIONAL OVERHEAD COST F.xi'!D88 -> 0 | E23: ='CHAIR OVERHEAD COST F.xi'!E88+'SLT OVERHEAD COST F.xi'!E88+'COUNCIL OVERHEAD COST F.xi'!E88+'PMD OVERHEAD COST F.xi'!E88+'AGRIC OVERHEAD COST F.xi'!E88+'FINANCE OVERHEAD COST F.xi'!E89+'WORKS OVERHEAD COST F.xi'!E88+'ESD OVERHEAD COST F.xi'!E88+'PHC OVERHEAD COST F.xi'!E88+'WATSAN OVERHEAD COST F.xi'!E88+'TRADITIONAL OVERHEAD COST F.xi'!E88 -> 0
A24: 22060000 | B24: PUBLIC DEBT CHARGES | C24: ='CHAIR OVERHEAD COST F.xi'!C93+'SLT OVERHEAD COST F.xi'!C93+'COUNCIL OVERHEAD COST F.xi'!C93+'PMD OVERHEAD COST F.xi'!C93+'AGRIC OVERHEAD COST F.xi'!C93+'FINANCE OVERHEAD COST F.xi'!C94+'WORKS OVERHEAD COST F.xi'!C93+'ESD OVERHEAD COST F.xi'!C93+'PHC OVERHEAD COST F.xi'!C93+'WATSAN OVERHEAD COST F.xi'!C93+'TRADITIONAL OVERHEAD COST F.xi'!C93 -> 0 | D24: ='CHAIR OVERHEAD COST F.xi'!D93+'SLT OVERHEAD COST F.xi'!D93+'COUNCIL OVERHEAD COST F.xi'!D93+'PMD OVERHEAD COST F.xi'!D93+'AGRIC OVERHEAD COST F.xi'!D93+'FINANCE OVERHEAD COST F.xi'!D94+'WORKS OVERHEAD COST F.xi'!D93+'ESD OVERHEAD COST F.xi'!D93+'PHC OVERHEAD COST F.xi'!D93+'WATSAN OVERHEAD COST F.xi'!D93+'TRADITIONAL OVERHEAD COST F.xi'!D93 -> 0 | E24: ='CHAIR OVERHEAD COST F.xi'!E93+'SLT OVERHEAD COST F.xi'!E93+'COUNCIL OVERHEAD COST F.xi'!E93+'PMD OVERHEAD COST F.xi'!E93+'AGRIC OVERHEAD COST F.xi'!E93+'FINANCE OVERHEAD COST F.xi'!E94+'WORKS OVERHEAD COST F.xi'!E93+'ESD OVERHEAD COST F.xi'!E93+'PHC OVERHEAD COST F.xi'!E93+'WATSAN OVERHEAD COST F.xi'!E93+'TRADITIONAL OVERHEAD COST F.xi'!E93 -> 0
B27: TOTAL | C27: =C5 -> 4.5684176e+09 | D27: =D5 -> 3.0380036e+09 | E27: =E5 -> 3.9955675e+09

Sheet SUMMARY OF CAPITAL EXP F.viii
A1: KATSINA STATE MINISTRY FOR LOCAL GOVERNMENT AND EMIRATE AFFAIRS F.vii
A2: JIBIA LOCAL GOVERNMENT COUNCIL – 2026 PROPOSED BUDGET - SUMMARY OF CAPITAL EXPENDITURE
A4: Code | B4: Economic Items | C4: 2025 Revised Budget N | D4: 2025 Budget Performance N | E4: 2026 Proposed Budget N
A5: 32010100 | B5: LAND AND BUILDINGS GENERAL | C5: ='PMD CAPITAL EXP F.xii'!D7+'AGRIC CAPITAL EXP F.xii'!D7+'FINANCE CAPITAL EXP F.xii'!D7+'WORKS CAPITAL EXP F.xii'!D7+'ESD CAPITAL EXP F.xii'!D7+'PHC CAPITAL EXP F.xii'!D7+'WATSAN CAPITAL EXP F.xii'!D7 -> 1004350000 | D5: ='PMD CAPITAL EXP F.xii'!E7+'AGRIC CAPITAL EXP F.xii'!E7+'FINANCE CAPITAL EXP F.xii'!E7+'WORKS CAPITAL EXP F.xii'!E7+'ESD CAPITAL EXP F.xii'!E7+'PHC CAPITAL EXP F.xii'!E7+'WATSAN CAPITAL EXP F.xii'!E7 -> 669140000 | E5: ='PMD CAPITAL EXP F.xii'!F7+'AGRIC CAPITAL EXP F.xii'!F7+'FINANCE CAPITAL EXP F.xii'!F7+'WORKS CAPITAL EXP F.xii'!F7+'ESD CAPITAL EXP F.xii'!F7+'PHC CAPITAL EXP F.xii'!F7+'WATSAN CAPITAL EXP F.xii'!F7 -> 762000000
A6: 32010200 | B6: INFRASTRUCTURE GENERAL | C6: ='PMD CAPITAL EXP F.xii'!D18+'AGRIC CAPITAL EXP F.xii'!D20+'FINANCE CAPITAL EXP F.xii'!D11+'WORKS CAPITAL EXP F.xii'!D17+'ESD CAPITAL EXP F.xii'!D17+'PHC CAPITAL EXP F.xii'!D18+'WATSAN CAPITAL EXP F.xii'!D17 -> 1111200000 | D6: ='PMD CAPITAL EXP F.xii'!E18+'AGRIC CAPITAL EXP F.xii'!E20+'FINANCE CAPITAL EXP F.xii'!E11+'WORKS CAPITAL EXP F.xii'!E17+'ESD CAPITAL EXP F.xii'!E17+'PHC CAPITAL EXP F.xii'!E18+'WATSAN CAPITAL EXP F.xii'!E17 -> 2.9079292e+08 | E6: ='PMD CAPITAL EXP F.xii'!F18+'AGRIC CAPITAL EXP F.xii'!F20+'FINANCE CAPITAL EXP F.xii'!F11+'WORKS CAPITAL EXP F.xii'!F17+'ESD CAPITAL EXP F.xii'!F17+'PHC CAPITAL EXP F.xii'!F18+'WATSAN CAPITAL EXP F.xii'!F17 -> 2.7122778e+09
A7: 32010300 | B7: PLANT AND MACHINERY | C7: ='PMD CAPITAL EXP F.xii'!D29+'AGRIC CAPITAL EXP F.xii'!D31+'FINANCE CAPITAL EXP F.xii'!D16+'WORKS CAPITAL EXP F.xii'!D28+'ESD CAPITAL EXP F.xii'!D28+'PHC CAPITAL EXP F.xii'!D29+'WATSAN CAPITAL EXP F.xii'!D29 -> 0 | D7: ='PMD CAPITAL EXP F.xii'!E29+'AGRIC CAPITAL EXP F.xii'!E31+'FINANCE CAPITAL EXP F.xii'!E16+'WORKS CAPITAL EXP F.xii'!E28+'ESD CAPITAL EXP F.xii'!E28+'PHC CAPITAL EXP F.xii'!E29+'WATSAN CAPITAL EXP F.xii'!E29 -> 0 | E7: ='PMD CAPITAL EXP F.xii'!F29+'AGRIC CAPITAL EXP F.xii'!F31+'FINANCE CAPITAL EXP F.xii'!F16+'WORKS CAPITAL EXP F.xii'!F28+'ESD CAPITAL EXP F.xii'!F28+'PHC CAPITAL EXP F.xii'!F29+'WATSAN CAPITAL EXP F.xii'!F29 -> 0
A8: 32010400 | B8: FIXED ASSETS GENERAL | C8: ='PMD CAPITAL EXP F.xii'!D35+'AGRIC CAPITAL EXP F.xii'!D37+'FINANCE CAPITAL EXP F.xii'!D22+'WORKS CAPITAL EXP F.xii'!D34+'ESD CAPITAL EXP F.xii'!D34+'PHC CAPITAL EXP F.xii'!D35+'WATSAN CAPITAL EXP F.xii'!D35 -> 245000000 | D8: ='PMD CAPITAL EXP F.xii'!E35+'AGRIC CAPITAL EXP F.xii'!E37+'FINANCE CAPITAL EXP F.xii'!E22+'WORKS CAPITAL EXP F.xii'!E34+'ESD CAPITAL EXP F.xii'!E34+'PHC CAPITAL EXP F.xii'!E35+'WATSAN CAPITAL EXP F.xii'!E35 -> 183083650 | E8: ='PMD CAPITAL EXP F.xii'!F35+'AGRIC CAPITAL EXP F.xii'!F37+'FINANCE CAPITAL EXP F.xii'!F22+'WORKS CAPITAL EXP F.xii'!F34+'ESD CAPITAL EXP F.xii'!F34+'PHC CAPITAL EXP F.xii'!F35+'WATSAN CAPITAL EXP F.xii'!F35 -> 100000000
A9: 32010500 | B9: OFFICE EQUIPMENT | C9: ='PMD CAPITAL EXP F.xii'!D42+'AGRIC CAPITAL EXP F.xii'!D43+'FINANCE CAPITAL EXP F.xii'!D28+'WORKS CAPITAL EXP F.xii'!D40+'ESD CAPITAL EXP F.xii'!D40+'PHC CAPITAL EXP F.xii'!D41+'WATSAN CAPITAL EXP F.xii'!D41 -> 0 | D9: ='PMD CAPITAL EXP F.xii'!E42+'AGRIC CAPITAL EXP F.xii'!E43+'FINANCE CAPITAL EXP F.xii'!E28+'WORKS CAPITAL EXP F.xii'!E40+'ESD CAPITAL EXP F.xii'!E40+'PHC CAPITAL EXP F.xii'!E41+'WATSAN CAPITAL EXP F.xii'!E41 -> 0 | E9: ='PMD CAPITAL EXP F.xii'!F42+'AGRIC CAPITAL EXP F.xii'!F43+'FINANCE CAPITAL EXP F.xii'!F28+'WORKS CAPITAL EXP F.xii'!F40+'ESD CAPITAL EXP F.xii'!F40+'PHC CAPITAL EXP F.xii'!F41+'WATSAN CAPITAL EXP F.xii'!F41 -> 0
A10: 32010600 | B10: FURNITURE AND FITTINGS | C10: ='PMD CAPITAL EXP F.xii'!D51+'AGRIC CAPITAL EXP F.xii'!D52+'FINANCE CAPITAL EXP F.xii'!D37+'WORKS CAPITAL EXP F.xii'!D49+'ESD CAPITAL EXP F.xii'!D49+'PHC CAPITAL EXP F.xii'!D50+'WATSAN CAPITAL EXP F.xii'!D50 -> 30000000 | D10: ='PMD CAPITAL EXP F.xii'!E51+'AGRIC CAPITAL EXP F.xii'!E52+'FINANCE CAPITAL EXP F.xii'!E37+'WORKS CAPITAL EXP F.xii'!E49+'ESD CAPITAL EXP F.xii'!E49+'PHC CAPITAL EXP F.xii'!E50+'WATSAN CAPITAL EXP F.xii'!E50 -> 0 | E10: ='PMD CAPITAL EXP F.xii'!F51+'AGRIC CAPITAL EXP F.xii'!F52+'FINANCE CAPITAL EXP F.xii'!F37+'WORKS CAPITAL EXP F.xii'!F49+'ESD CAPITAL EXP F.xii'!F49+'PHC CAPITAL EXP F.xii'!F50+'WATSAN CAPITAL EXP F.xii'!F50 -> 10000000
A11: 32010900 | B11: SPECIALISED ASSETS | C11: ='PMD CAPITAL EXP F.xii'!D58+'AGRIC CAPITAL EXP F.xii'!D59+'FINANCE CAPITAL EXP F.xii'!D44+'WORKS CAPITAL EXP F.xii'!D56+'ESD CAPITAL EXP F.xii'!D56+'PHC CAPITAL EXP F.xii'!D57+'WATSAN CAPITAL EXP F.xii'!D57 -> 313000000 | D11: ='PMD CAPITAL EXP F.xii'!E58+'AGRIC CAPITAL EXP F.xii'!E59+'FINANCE CAPITAL EXP F.xii'!E44+'WORKS CAPITAL EXP F.xii'!E56+'ESD CAPITAL EXP F.xii'!E56+'PHC CAPITAL EXP F.xii'!E57+'WATSAN CAPITAL EXP F.xii'!E57 -> 1.826905e+08 | E11: ='PMD CAPITAL EXP F.xii'!F58+'AGRIC CAPITAL EXP F.xii'!F59+'FINANCE CAPITAL EXP F.xii'!F44+'WORKS CAPITAL EXP F.xii'!F56+'ESD CAPITAL EXP F.xii'!F56+'PHC CAPITAL EXP F.xii'!F57+'WATSAN CAPITAL EXP F.xii'!F57 -> 76000000
A12: 32020100 | B12: LAND AND BUILDINGS - INVESTMENT | C12: ='PMD CAPITAL EXP F.xii'!D70+'AGRIC CAPITAL EXP F.xii'!D69+'FINANCE CAPITAL EXP F.xii'!D56+'WORKS CAPITAL EXP F.xii'!D68+'ESD CAPITAL EXP F.xii'!D68+'PHC CAPITAL EXP F.xii'!D70+'WATSAN CAPITAL EXP F.xii'!D69 -> 0 | D12: ='PMD CAPITAL EXP F.xii'!E70+'AGRIC CAPITAL EXP F.xii'!E69+'FINANCE CAPITAL EXP F.xii'!E56+'WORKS CAPITAL EXP F.xii'!E68+'ESD CAPITAL EXP F.xii'!E68+'PHC CAPITAL EXP F.xii'!E70+'WATSAN CAPITAL EXP F.xii'!E69 -> 0 | E12: ='PMD CAPITAL EXP F.xii'!F70+'AGRIC CAPITAL EXP F.xii'!F69+'FINANCE CAPITAL EXP F.xii'!F56+'WORKS CAPITAL EXP F.xii'!F68+'ESD CAPITAL EXP F.xii'!F68+'PHC CAPITAL EXP F.xii'!F70+'WATSAN CAPITAL EXP F.xii'!F69 -> 200000000
A13: 32030100 | B13: INTANGIBLE ASSETS | C13: ='PMD CAPITAL EXP F.xii'!D77+'AGRIC CAPITAL EXP F.xii'!D76+'FINANCE CAPITAL EXP F.xii'!D63+'WORKS CAPITAL EXP F.xii'!D75+'ESD CAPITAL EXP F.xii'!D75+'PHC CAPITAL EXP F.xii'!D77+'WATSAN CAPITAL EXP F.xii'!D76 -> 3000000 | D13: ='PMD CAPITAL EXP F.xii'!E77+'AGRIC CAPITAL EXP F.xii'!E76+'FINANCE CAPITAL EXP F.xii'!E63+'WORKS CAPITAL EXP F.xii'!E75+'ESD CAPITAL EXP F.xii'!E75+'PHC CAPITAL EXP F.xii'!E77+'WATSAN CAPITAL EXP F.xii'!E76 -> 0 | E13: ='PMD CAPITAL EXP F.xii'!F77+'AGRIC CAPITAL EXP F.xii'!F76+'FINANCE CAPITAL EXP F.xii'!F63+'WORKS CAPITAL EXP F.xii'!F75+'ESD CAPITAL EXP F.xii'!F75+'PHC CAPITAL EXP F.xii'!F77+'WATSAN CAPITAL EXP F.xii'!F76 -> 3000000
A14: 32011000 | B14: ASSET UNDER CONSTRUCTION | C14: ='PMD CAPITAL EXP F.xii'!D83+'AGRIC CAPITAL EXP F.xii'!D82+'FINANCE CAPITAL EXP F.xii'!D69+'WORKS CAPITAL EXP F.xii'!D81+'ESD CAPITAL EXP F.xii'!D81+'PHC CAPITAL EXP F.xii'!D83+'WATSAN CAPITAL EXP F.xii'!D82 -> 0 | D14: ='PMD CAPITAL EXP F.xii'!E83+'AGRIC CAPITAL EXP F.xii'!E82+'FINANCE CAPITAL EXP F.xii'!E69+'WORKS CAPITAL EXP F.xii'!E81+'ESD CAPITAL EXP F.xii'!E81+'PHC CAPITAL EXP F.xii'!E83+'WATSAN CAPITAL EXP F.xii'!E82 -> 0 | E14: ='PMD CAPITAL EXP F.xii'!F83+'AGRIC CAPITAL EXP F.xii'!F82+'FINANCE CAPITAL EXP F.xii'!F69+'WORKS CAPITAL EXP F.xii'!F81+'ESD CAPITAL EXP F.xii'!F81+'PHC CAPITAL EXP F.xii'!F83+'WATSAN CAPITAL EXP F.xii'!F82 -> 0
B28: TOTAL | C28: =SUM(C5:C27) -> 2706550000 | D28: =SUM(D5:D27) -> 1.3257071e+09 | E28: =SUM(E5:E27) -> 3.8632778e+09

Sheet SUMMARY OF CAP. EXP DEPT F.ix
A1: KATSINA STATE MINISTRY FOR LOCAL GOVERNMENT AND EMIRATE AFFAIRS F.ix
A2: JIBIA LOCAL GOVERNMENT COUNCIL – 2026 BUDGET - SUMMARY OF CAPITAL EXPENDITURE BY DEPARTMENT
A4: Code | B4: Department | C4: 2025 Revised Budget N | D4: 2025 Budget Performance N | E4: 2026 Proposed Budget N
A5: 011100100100 | B5: OFFICE OF THE LG CHAIRMAN | C5: 0 | D5: 0 | E5: 0
A6: 011101300100 | B6: OFFICE OF THE LG SECRETARY | C6: 0 | D6: 0 | E6: 0
A7: 011200300100 | B7: THE COUNCIL | C7: 0 | D7: 0 | E7: 0
A8: 012500100100 | B8: PERSONNEL MANAGEMENT DEPARTMENT | C8: ='PMD CAPITAL EXP F.xii'!D6 -> 725000000 | D8: ='PMD CAPITAL EXP F.xii'!E6 -> 475083650 | E8: ='PMD CAPITAL EXP F.xii'!F6 -> 275000000
A9: 021500100100 | B9: AGRICULTURE AND NATURAL RESOURCES | C9: ='AGRIC CAPITAL EXP F.xii'!D6 -> 446000000 | D9: ='AGRIC CAPITAL EXP F.xii'!E6 -> 280000000 | E9: ='AGRIC CAPITAL EXP F.xii'!F6 -> 529000000
A10: 022000100100 | B10: FINANCE DEPARTMENT | C10: ='FINANCE CAPITAL EXP F.xii'!D6 -> 0 | D10: ='FINANCE CAPITAL EXP F.xii'!E6 -> 0 | E10: ='FINANCE CAPITAL EXP F.xii'!F6 -> 1.720609e+09
A11: 023400100100 | B11: WORKS DEPARTMENT | C11: ='WORKS CAPITAL EXP F.xii'!D6 -> 546000000 | D11: ='WORKS CAPITAL EXP F.xii'!E6 -> 1.1617463e+08 | E11: ='WORKS CAPITAL EXP F.xii'!F6 -> 7.7640198e+08
A12: 051700100100 | B12: EDUCATION AND SOCIAL SERVICES | C12: ='ESD CAPITAL EXP F.xii'!D6 -> 350850000 | D12: ='ESD CAPITAL EXP F.xii'!E6 -> 24000000 | E12: ='ESD CAPITAL EXP F.xii'!F6 -> 2.6226684e+08
A13: 052100100100 | B13: PRIMARY HEALTH CARE DEPARTMENT | C13: ='PHC CAPITAL EXP F.xii'!D6 -> 370000000 | D13: ='PHC CAPITAL EXP F.xii'!E6 -> 2.796905e+08 | E13: ='PHC CAPITAL EXP F.xii'!F6 -> 170000000
A14: 053500100100 | B14: WATER AND SANITATION DEPARTMENT | C14: ='WATSAN CAPITAL EXP F.xii'!D6 -> 268700000 | D14: ='WATSAN CAPITAL EXP F.xii'!E6 -> 1.5075829e+08 | E14: ='WATSAN CAPITAL EXP F.xii'!F6 -> 130000000
A15: 055100200100 | B15: TRADITIONAL RULERS OFFICE | C15: 0 | D15: 0 | E15: 0
B25: TOTAL | C25: =SUM(C5:C24) -> 2706550000 | D25: =SUM(D5:D24) -> 1.3257071e+09 | E25: =SUM(E5:E24) -> 3.8632778e+09

Sheet CHAIR PERSONNEL COST F.x
A2: KATSINA STATE MINISTRY FOR LOCAL GOVERNMENT AND CHIEFTANCY AFFAIRS F.x
A3: JIBIA LOCAL GOVERNMENT COUNCIL – OFFICE OF THE CHAIRMAN PERSONNEL COST BUDGET
A4: ADMIN CODE: 011100100100
A6: Code | B6: DETAILS | C6: 2025 Revised Budget N | D6: 2025 Budget Performance N | E6: 2026 Proposed Budget N
A7: 21 | B7: Personnel Cost | C7: =C8+C13+C20 -> 17437542 | D7: =D8+D13+D20 -> 17437542 | E7: =E8+E13+E20 -> 6340908
A8: 2101 | B8: Salary | C8: =C9 -> 6869334 | D8: =D9 -> 6869334 | E8: =E9 -> 6340908
A9: 210101 | B9: Salaries And Wages | C9: =SUM(C10:C12) -> 6869334 | D9: =SUM(D10:D12) -> 6869334 | E9: =SUM(E10:E12) -> 6340908
A10: 21010101 | B10: Salary
A11: 21010102 | B11: Over Time Payments
A12: 21010103 | B12: Consolidated Revenue Fund Charge- Salaries | C12: 6869334 | D12: 6869334 | E12: 6340908
A13: 2102 | B13: Allowances And Social Contribution | C13: =C14+C18 -> 5284104 | D13: =D14+D18 -> 5284104 | E13: =E14+E18 -> 0
A14: 210201 | B14: Allowances | C14: =SUM(C15:C17) -> 5284104 | D14: =SUM(D15:D17) -> 5284104 | E14: =SUM(E15:E17) -> 0
A15: 21020104 | B15: Furniture Allowance | C15: 5284104 | D15: 5284104
A16: 21020108 | B16: Severance Allowance
A17: 21020109 | B17: Other Allowances
A18: 210202 | B18: Social Contributions | C18: =SUM(C19) -> 0 | D18: =SUM(D19) -> 0 | E18: =SUM(E19) -> 0
A19: 21020207 | B19: Contribution By LGAs
A20: 210301 | B20: Social Benefits | C20: =SUM(C21:C23) -> 5284104 | D20: =SUM(D21:D23) -> 5284104 | E20: =SUM(E21:E23) -> 0
A21: 21030101 | B21: Gratuity | C21: 5284104 | D21: 5284104
A22: 21030102 | B22: Pension
A23: 21030104 | B23: Other Benefits

Sheet CHAIR OVERHEAD COST F.xi
A3: KATSINA STATE MINISTRY FOR LOCAL GOVERNMENT AND CHIEFTANCY AFFAIRS F.xi
A4: JIBIA LOCAL GOVERNMENT COUNCIL – OFFICE OF THE CHAIRMAN OVERHEAD COST BUDGET
A5: ADMIN CODE: 011100100100
A6: Code | B6: DETAILS | C6: 2025 Revised Budget N | D6: 2025 Budget Performance N | E6: 2026 Proposed Budget N
A7: 2 | B7: Recurrent Costs | C7: =C8+C84+C88+C93 -> 408500000 | D7: =D8+D84+D88+D93 -> 88634743 | E7: =E8+E84+E88+E93 -> 159500000
A8: 2202 | B8: Overhead Cost | C8: =C9+C14+C22+C36+C45+C48+C54+C63+C67+C70 -> 408500000 | D8: =D9+D14+D22+D36+D45+D48+D54+D63+D67+D70 -> 88634743 | E8: =E9+E14+E22+E36+E45+E48+E54+E63+E67+E70 -> 159500000
A9: 220201 | B9: Travel & Transport – General | C9: =SUM(C10:C13) -> 14000000 | D9: =SUM(D10:D13) -> 6920000 | E9: =SUM(E10:E13) -> 18000000
A10: 22020101 | B10: Local Travel & Transport: Training | E10: 5000000
A11: 22020102 | B11: Local Travel & Transport: Others | C11: 14000000 | D11: 6920000 | E11: 3000000
A12: 22020103 | B12: International Travel & Transport: Training | E12: 10000000
A13: 22020104 | B13: International Travel & Transport: Others
A14: 220202 | B14: Utilities – General | C14: =SUM(C15:C21) -> 0 | D14: =SUM(D15:D21) -> 0 | E14: =SUM(E15:E21) -> 0
A15: 22020201 | B15: Electricity Charges
A16: 22020202 | B16: Telephone Charges
A17: 22020203 | B17: Internet Access Charges
A18: 22020204 | B18: Dstv Subscription Charges
A19: 22020205 | B19: Water Rates
A20: 22020206 | B20: Sewage Charges
A21: 22020210 | B21: Software Charges/ Licence Renewal
A22: 220203 | B22: Materials & Supplies – General | C22: =SUM(C23:C35) -> 3500000 | D22: =SUM(D23:D35) -> 5000000 | E22: =SUM(E23:E35) -> 1000000
A23: 22020301 | B23: Office Stationaries And Consumables | C23: 3500000 | D23: 5000000 | E23: 1000000
A24: 22020302 | B24: Books
A25: 22020303 | B25: Newspapers
A26: 22020304 | B26: Magazines & Periodicals
A27: 22020305 | B27: Printing Of Non-Security Documents
A28: 22020306 | B28: Printing Of Security Documents
A29: 22020307 | B29: Drugs/Laboratory/Medical Supplies
A30: 22020308 | B30: Field & Camping Materials Supplies
A31: 22020309 | B31: Uniforms/Robes & Other Clothing
A32: 22020310 | B32: Teaching Aids / Instruction Materials
A33: 22020311 | B33: Food Stuff / Catering Materials Supplies
A34: 22020312 | B34: Production, Of Financial Statements
A35: 22020313 | B35: Production Of Annual Reports To Public
A36: 220204 | B36: Maintenance Services – General | C36: =SUM(C37:C44) -> 2000000 | D36: =SUM(D37:D44) -> 2160000 | E36: =SUM(E37:E44) -> 5500000
A37: 22020401 | B37: Maintenance Of Motor Vehicle/ Equipment | D37: 2160000 | E37: 5000000
A38: 22020402 | B38: Maintenance Of Office Furniture | C38: 2000000 | E38: 500000
A39: 22020403 | B39: Maintenance Of Buildings
A40: 22020404 | B40: Maintenance Of Office / It Equipment
A41: 22020405 | B41: Maintenance Of Plants/Generators
A42: 22020406 | B42: Other Maintenance Services
A43: 22020410 | B43: Maintenance Of Street Lightings
A44: 22020411 | B44: Maintenance Of Communication Equipment
A45: 220205 | B45: Training – General | C45: =SUM(C46:C47) -> 0 | D45: =SUM(D46:D47) -> 0 | E45: =SUM(E46:E47) -> 0
A46: 22020501 | B46: Local Training
A47: 22020502 | B47: International Training
A48: 220206 | B48: Other Services – General | C48: =SUM(C49:C53) -> 356000000 | D48: =SUM(D49:D53) -> 50554743 | E48: =SUM(E49:E53) -> 106000000
A49: 22020601 | B49: Security Services | C49: 350000000 | D49: 44554743 | E49: 100000000
A50: 22020602 | B50: Office Rent
A51: 22020603 | B51: Residential Rent
A52: 22020604 | B52: Security Vote (Including Operations) | C52: 6000000 | D52: 6000000 | E52: 6000000
A53: 22020605 | B53: Cleaning & Fumigation Services
A54: 220207 | B54: Consulting & Professional Services | C54: =SUM(C55:C62) -> 0 | D54: =SUM(D55:D62) -> 0 | E54: =SUM(E55:E62) -> 0
A55: 22020701 | B55: Financial Consulting
A56: 22020702 | B56: Information Technology Consulting
A57: 22020703 | B57: Legal Services
A58: 22020707 | B58: Agricultural Consulting
A59: 22020708 | B59: Medical Consulting
A60: 22020709 | B60: Auditing Of Accounts
A61: 22020711 | B61: Media Relation Services
A62: 22020712 | B62: Other Consulting Services
A63: 220208 | B63: Fuel & Lubricants – General | C63: =SUM(C64:C66) -> 0 | D63: =SUM(D64:D66) -> 0 | E63: =SUM(E64:E66) -> 0
A64: 22020801 | B64: Motor Vehicle Fuel Cost
A65: 22020802 | B65: Other Transport Equipment Fuel Cost
A66: 22020803 | B66: Plant / Generator Fuel Cost
A67: 220209 | B67: Financial Charges – General | C67: =SUM(C68:C69) -> 0 | D67: =SUM(D68:D69) -> 0 | E67: =SUM(E68:E69) -> 0
A68: 22020901 | B68: Bank Charges
A69: 22020902 | B69: Insurance Premium
A70: 220210 | B70: Miscellaneous Expenses General | C70: =SUM(C71:C83) -> 33000000 | D70: =SUM(D71:D83) -> 24000000 | E70: =SUM(E71:E83) -> 29000000
A71: 22021001 | B71: Refreshment & Meals | C71: 6000000 | E71: 3000000
A72: 22021002 | B72: Honorarium & Sitting Allowance
A73: 22021003 | B73: Publicity & Advertisements
A74: 22021004 | B74: Medical Expenses-Local
A75: 22021006 | B75: Postages & Courier Services
A76: 22021007 | B76: Welfare Packages | C76: 27000000 | D76: 24000000 | E76: 26000000
A77: 22021008 | B77: Subscription To Professional Bodies
A78: 22021009 | B78: Sporting Activities
A79: 22021010 | B79: Direct Teaching & Laboratory Cost
A80: 22021014 | B80: Annual Budget Expenses & Administration
A81: 22021020 | B81: Election-Logistics Support
A82: 22021050 | B82: Medical Expenses-International
A83: 22021052 | B83: Special Days/Celebrations
A84: 2204 | B84: Grants And Contributions General | C84: =C85 -> 0 | D84: =D85 -> 0 | E84: =E85 -> 0
A85: 220401 | B85: Local Grants And Contributions | C85: =SUM(C86:C87) -> 0 | D85: =SUM(D86:D87) -> 0 | E85: =SUM(E86:E87) -> 0
A86: 22040105 | B86: Grants To Government/Agencies
A87: 22040109 | B87: Grants To Communities/Ngos
A88: 2205 | B88: Subsidies General | C88: =C89 -> 0 | D88: =D89 -> 0 | E88: =E89 -> 0
A89: 220501 | B89: Subsidy To Public/Public Institutions | C89: =SUM(C90:C92) -> 0 | D89: =SUM(D90:D92) -> 0 | E89: =SUM(E90:E92) -> 0
A90: 22050105 | B90: Education Subsidy
A91: 22050108 | B91: Religious Pilgrimage Subsidy
A92: 22050110 | B92: Exams Fees Subsidy
A93: 2206 | B93: Public Debt Charges | C93: =C94+C96 -> 0 | D93: =D94+D96 -> 0 | E93: =E94+E96 -> 0
A94: 220603 | B94: Foreign Principal | C94: =C95 -> 0 | D94: =D95 -> 0 | E94: =E95 -> 0
A95: 22060301 | B95: Foreign Principal - Short Term Borrowings
A96: 220604 | B96: Domestic Principal | C96: =SUM(C97:C98) -> 0 | D96: =SUM(D97:D98) -> 0 | E96: =SUM(E97:E98) -> 0
A97: 22060401 | B97: Domestic Principal - Short Term Borrowings

Sheet SLT PERSONNEL COST F.x
A2: KATSINA STATE MINISTRY FOR LOCAL GOVERNMENT AND CHIEFTANCY AFFAIRS F.x
A3: JIBIA LOCAL GOVERNMENT COUNCIL – OFFICE OF THE LG SECRETARY PERSONNEL COST BUDGET
A4: ADMIN CODE: 011101300100
A6: Code | B6: DETAILS | C6: 2025 Revised Budget N | D6: 2025 Budget Performance N | E6: 2026 Proposed Budget N
A7: 21 | B7: Personnel Cost | C7: =C8+C13+C20 -> 73651360 | D7: =D8+D13+D20 -> 73651360 | E7: =E8+E13+E20 -> 32607256
A8: 2101 | B8: Salary | C8: =C9 -> 32607256 | D8: =D9 -> 32607256 | E8: =E9 -> 32607256
A9: 210101 | B9: Salaries And Wages | C9: =SUM(C10:C12) -> 32607256 | D9: =SUM(D10:D12) -> 32607256 | E9: =SUM(E10:E12) -> 32607256
A10: 21010101 | B10: Salary
A11: 21010102 | B11: Over Time Payments
A12: 21010103 | B12: Consolidated Revenue Fund Charge- Salaries | C12: 32607256 | D12: 32607256 | E12: 32607256
A13: 2102 | B13: Allowances And Social Contribution | C13: =C14+C18 -> 20522052 | D13: =D14+D18 -> 20522052 | E13: =E14+E18 -> 0
A14: 210201 | B14: Allowances | C14: =SUM(C15:C17) -> 20522052 | D14: =SUM(D15:D17) -> 20522052 | E14: =SUM(E15:E17) -> 0
A15: 21020104 | B15: Furniture Allowance | C15: 20522052
A16: 21020108 | B16: Severance Allowance | D16: 20522052
A17: 21020109 | B17: Other Allowances
A18: 210202 | B18: Social Contributions | C18: =SUM(C19) -> 0 | D18: =SUM(D19) -> 0 | E18: =SUM(E19) -> 0
A19: 21020207 | B19: Contribution By LGAs
A20: 210301 | B20: Social Benefits | C20: =SUM(C21:C23) -> 20522052 | D20: =SUM(D21:D23) -> 20522052 | E20: =SUM(E21:E23) -> 0
A21: 21030101 | B21: Gratuity | C21: 20522052 | D21: 20522052
A22: 21030102 | B22: Pension
A23: 21030104 | B23: Other Benefits

Sheet SLT OVERHEAD COST F.xi
A3: KATSINA STATE MINISTRY FOR LOCAL GOVERNMENT AND CHIEFTANCY AFFAIRS F.xi
A4: JIBIA LOCAL GOVERNMENT COUNCIL – OFFICE OF THE LG SECRETARY OVERHEAD COST BUDGET
A5: ADMIN CODE: 011101300100
A6: Code | B6: DETAILS | C6: 2025 Revised Budget N | D6: 2025 Budget Performance N | E6: 2026 Proposed Budget N
A7: 2 | B7: Recurrent Costs | C7: =C8+C84+C88+C93 -> 19500000 | D7: =D8+D84+D88+D93 -> 1821200 | E7: =E8+E84+E88+E93 -> 4500000
A8: 2202 | B8: Overhead Cost | C8: =C9+C14+C22+C36+C45+C48+C54+C63+C67+C70 -> 19500000 | D8: =D9+D14+D22+D36+D45+D48+D54+D63+D67+D70 -> 1821200 | E8: =E9+E14+E22+E36+E45+E48+E54+E63+E67+E70 -> 4500000
A9: 220201 | B9: Travel & Transport – General | C9: =SUM(C10:C13) -> 5000000 | D9: =SUM(D10:D13) -> 930000 | E9: =SUM(E10:E13) -> 1500000
A10: 22020101 | B10: Local Travel & Transport: Training | E10: 1000000
A11: 22020102 | B11: Local Travel & Transport: Others | C11: 5000000 | D11: 930000 | E11: 500000
A12: 22020103 | B12: International Travel & Transport: Training
A13: 22020104 | B13: International Travel & Transport: Others
A14: 220202 | B14: Utilities – General | C14: =SUM(C15:C21) -> 0 | D14: =SUM(D15:D21) -> 0 | E14: =SUM(E15:E21) -> 0
A15: 22020201 | B15: Electricity Charges
A16: 22020202 | B16: Telephone Charges
A17: 22020203 | B17: Internet Access Charges
A18: 22020204 | B18: Dstv Subscription Charges
A19: 22020205 | B19: Water Rates
A20: 22020206 | B20: Sewage Charges
A21: 22020210 | B21: Software Charges/ Licence Renewal
A22: 220203 | B22: Materials & Supplies – General | C22: =SUM(C23:C35) -> 1000000 | D22: =SUM(D23:D35) -> 0 | E22: =SUM(E23:E35) -> 500000
A23: 22020301 | B23: Office Stationaries And Consumables | C23: 1000000 | E23: 500000
A24: 22020302 | B24: Books
A25: 22020303 | B25: Newspapers
A26: 22020304 | B26: Magazines & Periodicals
A27: 22020305 | B27: Printing Of Non-Security Documents
A28: 22020306 | B28: Printing Of Security Documents
A29: 22020307 | B29: Drugs/Laboratory/Medical Supplies
A30: 22020308 | B30: Field & Camping Materials Supplies
A31: 22020309 | B31: Uniforms/Robes & Other Clothing
A32: 22020310 | B32: Teaching Aids / Instruction Materials
A33: 22020311 | B33: Food Stuff / Catering Materials Supplies
A34: 22020312 | B34: Production, Of Financial Statements
A35: 22020313 | B35: Production Of Annual Reports To Public
A36: 220204 | B36: Maintenance Services – General | C36: =SUM(C37:C44) -> 1500000 | D36: =SUM(D37:D44) -> 891200 | E36: =SUM(E37:E44) -> 1500000
A37: 22020401 | B37: Maintenance Of Motor Vehicle/ Equipment | D37: 891200 | E37: 1500000
A38: 22020402 | B38: Maintenance Of Office Furniture | C38: 1500000
A39: 22020403 | B39: Maintenance Of Buildings
A40: 22020404 | B40: Maintenance Of Office / It Equipment
A41: 22020405 | B41: Maintenance Of Plants/Generators
A42: 22020406 | B42: Other Maintenance Services
A43: 22020410 | B43: Maintenance Of Street Lightings
A44: 22020411 | B44: Maintenance Of Communication Equipment
A45: 220205 | B45: Training – General | C45: =SUM(C46:C47) -> 0 | D45: =SUM(D46:D47) -> 0 | E45: =SUM(E46:E47) -> 0
A46: 22020501 | B46: Local Training
A47: 22020502 | B47: International Training
A48: 220206 | B48: Other Services – General | C48: =SUM(C49:C53) -> 0 | D48: =SUM(D49:D53) -> 0 | E48: =SUM(E49:E53) -> 0
A49: 22020601 | B49: Security Services
A50: 22020602 | B50: Office Rent
A51: 22020603 | B51: Residential Rent
A52: 22020604 | B52: Security Vote (Including Operations)
A53: 22020605 | B53: Cleaning & Fumigation Services
A54: 220207 | B54: Consulting & Professional Services | C54: =SUM(C55:C62) -> 0 | D54: =SUM(D55:D62) -> 0 | E54: =SUM(E55:E62) -> 0
A55: 22020701 | B55: Financial Consulting
A56: 22020702 | B56: Information Technology Consulting
A57: 22020703 | B57: Legal Services
A58: 22020707 | B58: Agricultural Consulting
A59: 22020708 | B59: Medical Consulting
A60: 22020709 | B60: Auditing Of Accounts
A61: 22020711 | B61: Media Relation Services
A62: 22020712 | B62: Other Consulting Services
A63: 220208 | B63: Fuel & Lubricants – General | C63: =SUM(C64:C66) -> 0 | D63: =SUM(D64:D66) -> 0 | E63: =SUM(E64:E66) -> 0
A64: 22020801 | B64: Motor Vehicle Fuel Cost
A65: 22020802 | B65: Other Transport Equipment Fuel Cost
A66: 22020803 | B66: Plant / Generator Fuel Cost
A67: 220209 | B67: Financial Charges – General | C67: =SUM(C68:C69) -> 0 | D67: =SUM(D68:D69) -> 0 | E67: =SUM(E68:E69) -> 0
A68: 22020901 | B68: Bank Charges
A69: 22020902 | B69: Insurance Premium
A70: 220210 | B70: Miscellaneous Expenses General | C70: =SUM(C71:C83) -> 12000000 | D70: =SUM(D71:D83) -> 0 | E70: =SUM(E71:E83) -> 1000000
A71: 22021001 | B71: Refreshment & Meals | C71: 5000000 | E71: 1000000
A72: 22021002 | B72: Honorarium & Sitting Allowance
A73: 22021003 | B73: Publicity & Advertisements
A74: 22021004 | B74: Medical Expenses-Local
A75: 22021006 | B75: Postages & Courier Services
A76: 22021007 | B76: Welfare Packages | C76: 7000000
A77: 22021008 | B77: Subscription To Professional Bodies
A78: 22021009 | B78: Sporting Activities
A79: 22021010 | B79: Direct Teaching & Laboratory Cost
A80: 22021014 | B80: Annual Budget Expenses & Administration
A81: 22021020 | B81: Election-Logistics Support
A82: 22021050 | B82: Medical Expenses-International
A83: 22021052 | B83: Special Days/Celebrations
A84: 2204 | B84: Grants And Contributions General | C84: =C85 -> 0 | D84: =D85 -> 0 | E84: =E85 -> 0
A85: 220401 | B85: Local Grants And Contributions | C85: =SUM(C86:C87) -> 0 | D85: =SUM(D86:D87) -> 0 | E85: =SUM(E86:E87) -> 0
A86: 22040105 | B86: Grants To Government/Agencies
A87: 22040109 | B87: Grants To Communities/Ngos
A88: 2205 | B88: Subsidies General | C88: =C89 -> 0 | D88: =D89 -> 0 | E88: =E89 -> 0
A89: 220501 | B89: Subsidy To Public/Public Institutions | C89: =SUM(C90:C92) -> 0 | D89: =SUM(D90:D92) -> 0 | E89: =SUM(E90:E92) -> 0
A90: 22050105 | B90: Education Subsidy
A91: 22050108 | B91: Religious Pilgrimage Subsidy
A92: 22050110 | B92: Exams Fees Subsidy
A93: 2206 | B93: Public Debt Charges | C93: =C94+C96 -> 0 | D93: =D94+D96 -> 0 | E93: =E94+E96 -> 0
A94: 220603 | B94: Foreign Principal | C94: =C95 -> 0 | D94: =D95 -> 0 | E94: =E95 -> 0
A95: 22060301 | B95: Foreign Principal - Short Term Borrowings
A96: 220604 | B96: Domestic Principal | C96: =SUM(C97:C98) -> 0 | D96: =SUM(D97:D98) -> 0 | E96: =SUM(E97:E98) -> 0
A97: 22060401 | B97: Domestic Principal - Short Term Borrowings

Sheet COUNCIL PERSONNEL COST F.x
A2: KATSINA STATE MINISTRY FOR LOCAL GOVERNMENT AND CHIEFTANCY AFFAIRS F.x
A3: JIBIA LOCAL GOVERNMENT COUNCIL – THE COUNCIL PERSONNEL COST BUDGET
A4: ADMIN CODE: 011200300100
A6: Code | B6: DETAILS | C6: 2025 Revised Budget N | D6: 2025 Budget Performance N | E6: 2026 Proposed Budget N
A7: 21 | B7: Personnel Cost | C7: =C8+C13+C20 -> 84837409 | D7: =D8+D13+D20 -> 84837409 | E7: =E8+E13+E20 -> 31487548
A8: 2101 | B8: Salary | C8: =C9 -> 34065505 | D8: =D9 -> 34065505 | E8: =E9 -> 31487548
A9: 210101 | B9: Salaries And Wages | C9: =SUM(C10:C12) -> 34065505 | D9: =SUM(D10:D12) -> 34065505 | E9: =SUM(E10:E12) -> 31487548
A10: 21010101 | B10: Salary
A11: 21010102 | B11: Over Time Payments
A12: 21010103 | B12: Consolidated Revenue Fund Charge- Salaries | C12: 34065505 | D12: 34065505 | E12: 31487548
A13: 2102 | B13: Allowances And Social Contribution | C13: =C14+C18 -> 25385952 | D13: =D14+D18 -> 25385952 | E13: =E14+E18 -> 0
A14: 210201 | B14: Allowances | C14: =SUM(C15:C17) -> 25385952 | D14: =SUM(D15:D17) -> 25385952 | E14: =SUM(E15:E17) -> 0
A15: 21020104 | B15: Furniture Allowance | C15: 25385952 | D15: 25385952
A16: 21020108 | B16: Severance Allowance
A17: 21020109 | B17: Other Allowances
A18: 210202 | B18: Social Contributions | C18: =SUM(C19) -> 0 | D18: =SUM(D19) -> 0 | E18: =SUM(E19) -> 0
A19: 21020207 | B19: Contribution By LGAs
A20: 210301 | B20: Social Benefits | C20: =SUM(C21:C23) -> 25385952 | D20: =SUM(D21:D23) -> 25385952 | E20: =SUM(E21:E23) -> 0
A21: 21030101 | B21: Gratuity | C21: 25385952 | D21: 25385952
A22: 21030102 | B22: Pension
A23: 21030104 | B23: Other Benefits

Sheet COUNCIL OVERHEAD COST F.xi
A3: KATSINA STATE MINISTRY FOR LOCAL GOVERNMENT AND CHIEFTANCY AFFAIRS F.xi
A4: JIBIA LOCAL GOVERNMENT COUNCIL – THE COUNCIL OVERHEAD COST BUDGET
A5: ADMIN CODE: 011200300100
A6: Code | B6: DETAILS | C6: 2025 Revised Budget N | D6: 2025 Budget Performance N | E6: 2026 Proposed Budget N
A7: 2 | B7: Recurrent Costs | C7: =C8+C84+C88+C93 -> 21000000 | D7: =D8+D84+D88+D93 -> 7330000 | E7: =E8+E84+E88+E93 -> 14600000
A8: 2202 | B8: Overhead Cost | C8: =C9+C14+C22+C36+C45+C48+C54+C63+C67+C70 -> 21000000 | D8: =D9+D14+D22+D36+D45+D48+D54+D63+D67+D70 -> 7330000 | E8: =E9+E14+E22+E36+E45+E48+E54+E63+E67+E70 -> 14600000
A9: 220201 | B9: Travel & Transport – General | C9: =SUM(C10:C13) -> 5000000 | D9: =SUM(D10:D13) -> 0 | E9: =SUM(E10:E13) -> 2500000
A10: 22020101 | B10: Local Travel & Transport: Training | E10: 1500000
A11: 22020102 | B11: Local Travel & Transport: Others | C11: 5000000 | E11: 1000000
A12: 22020103 | B12: International Travel & Transport: Training
A13: 22020104 | B13: International Travel & Transport: Others
A14: 220202 | B14: Utilities – General | C14: =SUM(C15:C21) -> 0 | D14: =SUM(D15:D21) -> 0 | E14: =SUM(E15:E21) -> 0
A15: 22020201 | B15: Electricity Charges
A16: 22020202 | B16: Telephone Charges
A17: 22020203 | B17: Internet Access Charges
A18: 22020204 | B18: Dstv Subscription Charges
A19: 22020205 | B19: Water Rates
A20: 22020206 | B20: Sewage Charges
A21: 22020210 | B21: Software Charges/ Licence Renewal
A22: 220203 | B22: Materials & Supplies – General | C22: =SUM(C23:C35) -> 1000000 | D22: =SUM(D23:D35) -> 0 | E22: =SUM(E23:E35) -> 500000
A23: 22020301 | B23: Office Stationaries And Consumables | C23: 1000000 | E23: 500000
A24: 22020302 | B24: Books
A25: 22020303 | B25: Newspapers
A26: 22020304 | B26: Magazines & Periodicals
A27: 22020305 | B27: Printing Of Non-Security Documents
A28: 22020306 | B28: Printing Of Security Documents
A29: 22020307 | B29: Drugs/Laboratory/Medical Supplies
A30: 22020308 | B30: Field & Camping Materials Supplies
A31: 22020309 | B31: Uniforms/Robes & Other Clothing
A32: 22020310 | B32: Teaching Aids / Instruction Materials
A33: 22020311 | B33: Food Stuff / Catering Materials Supplies
A34: 22020312 | B34: Production, Of Financial Statements
A35: 22020313 | B35: Production Of Annual Reports To Public
A36: 220204 | B36: Maintenance Services – General | C36: =SUM(C37:C44) -> 1000000 | D36: =SUM(D37:D44) -> 1870000 | E36: =SUM(E37:E44) -> 6600000
A37: 22020401 | B37: Maintenance Of Motor Vehicle/ Equipment | D37: 1870000 | E37: 6600000
A38: 22020402 | B38: Maintenance Of Office Furniture | C38: 1000000
A39: 22020403 | B39: Maintenance Of Buildings
A40: 22020404 | B40: Maintenance Of Office / It Equipment
A41: 22020405 | B41: Maintenance Of Plants/Generators
A42: 22020406 | B42: Other Maintenance Services
A43: 22020410 | B43: Maintenance Of Street Lightings
A44: 22020411 | B44: Maintenance Of Communication Equipment
A45: 220205 | B45: Training – General | C45: =SUM(C46:C47) -> 0 | D45: =SUM(D46:D47) -> 0 | E45: =SUM(E46:E47) -> 0
A46: 22020501 | B46: Local Training
A47: 22020502 | B47: International Training
A48: 220206 | B48: Other Services – General | C48: =SUM(C49:C53) -> 0 | D48: =SUM(D49:D53) -> 0 | E48: =SUM(E49:E53) -> 0
A49: 22020601 | B49: Security Services
A50: 22020602 | B50: Office Rent
A51: 22020603 | B51: Residential Rent
A52: 22020604 | B52: Security Vote (Including Operations)
A53: 22020605 | B53: Cleaning & Fumigation Services
A54: 220207 | B54: Consulting & Professional Services | C54: =SUM(C55:C62) -> 0 | D54: =SUM(D55:D62) -> 0 | E54: =SUM(E55:E62) -> 0
A55: 22020701 | B55: Financial Consulting
A56: 22020702 | B56: Information Technology Consulting
A57: 22020703 | B57: Legal Services
A58: 22020707 | B58: Agricultural Consulting
A59: 22020708 | B59: Medical Consulting
A60: 22020709 | B60: Auditing Of Accounts
A61: 22020711 | B61: Media Relation Services
A62: 22020712 | B62: Other Consulting Services
A63: 220208 | B63: Fuel & Lubricants – General | C63: =SUM(C64:C66) -> 0 | D63: =SUM(D64:D66) -> 0 | E63: =SUM(E64:E66) -> 0
A64: 22020801 | B64: Motor Vehicle Fuel Cost
A65: 22020802 | B65: Other Transport Equipment Fuel Cost
A66: 22020803 | B66: Plant / Generator Fuel Cost
A67: 220209 | B67: Financial Charges – General | C67: =SUM(C68:C69) -> 0 | D67: =SUM(D68:D69) -> 0 | E67: =SUM(E68:E69) -> 0
A68: 22020901 | B68: Bank Charges
A69: 22020902 | B69: Insurance Premium
A70: 220210 | B70: Miscellaneous Expenses General | C70: =SUM(C71:C83) -> 14000000 | D70: =SUM(D71:D83) -> 5460000 | E70: =SUM(E71:E83) -> 5000000
A71: 22021001 | B71: Refreshment & Meals | C71: 3000000 | D71: 1310000 | E71: 2000000
A72: 22021002 | B72: Honorarium & Sitting Allowance | C72: 4000000 | D72: 820000 | E72: 3000000
A73: 22021003 | B73: Publicity & Advertisements
A74: 22021004 | B74: Medical Expenses-Local
A75: 22021006 | B75: Postages & Courier Services
A76: 22021007 | B76: Welfare Packages | C76: 7000000 | D76: 3330000
A77: 22021008 | B77: Subscription To Professional Bodies
A78: 22021009 | B78: Sporting Activities
A79: 22021010 | B79: Direct Teaching & Laboratory Cost
A80: 22021014 | B80: Annual Budget Expenses & Administration
A81: 22021020 | B81: Election-Logistics Support
A82: 22021050 | B82: Medical Expenses-International
A83: 22021052 | B83: Special Days/Celebrations
A84: 2204 | B84: Grants And Contributions General | C84: =C85 -> 0 | D84: =D85 -> 0 | E84: =E85 -> 0
A85: 220401 | B85: Local Grants And Contributions | C85: =SUM(C86:C87) -> 0 | D85: =SUM(D86:D87) -> 0 | E85: =SUM(E86:E87) -> 0
A86: 22040105 | B86: Grants To Government/Agencies
A87: 22040109 | B87: Grants To Communities/Ngos
A88: 2205 | B88: Subsidies General | C88: =C89 -> 0 | D88: =D89 -> 0 | E88: =E89 -> 0
A89: 220501 | B89: Subsidy To Public/Public Institutions | C89: =SUM(C90:C92) -> 0 | D89: =SUM(D90:D92) -> 0 | E89: =SUM(E90:E92) -> 0
A90: 22050105 | B90: Education Subsidy
A91: 22050108 | B91: Religious Pilgrimage Subsidy
A92: 22050110 | B92: Exams Fees Subsidy
A93: 2206 | B93: Public Debt Charges | C93: =C94+C96 -> 0 | D93: =D94+D96 -> 0 | E93: =E94+E96 -> 0
A94: 220603 | B94: Foreign Principal | C94: =C95 -> 0 | D94: =D95 -> 0 | E94: =E95 -> 0
A95: 22060301 | B95: Foreign Principal - Short Term Borrowings
A96: 220604 | B96: Domestic Principal | C96: =SUM(C97:C98) -> 0 | D96: =SUM(D97:D98) -> 0 | E96: =SUM(E97:E98) -> 0
A97: 22060401 | B97: Domestic Principal - Short Term Borrowings

Sheet PMD PERSONNEL COST F.x
A2: KATSINA STATE MINISTRY FOR LOCAL GOVERNMENT AND CHIEFTANCY AFFAIRS F.x
A3: JIBIA LOCAL GOVERNMENT COUNCIL – PMD PERSONNEL COST BUDGET
A4: PERSONNEL MANAGEMENT DEPARTMENT - ADMIN CODE: 012500100100
A6: Code | B6: DETAILS | C6: 2025 Revised Budget N | D6: 2025 Budget Performance N | E6: 2026 Proposed Budget N
A7: 21 | B7: Personnel Cost | C7: =C8+C13+C20 -> 80826886 | D7: =D8+D13+D20 -> 75026776 | E7: =E8+E13+E20 -> 70043812
A8: 2101 | B8: Salary | C8: =C9 -> 80826886 | D8: =D9 -> 75026776 | E8: =E9 -> 70043812
A9: 210101 | B9: Salaries And Wages | C9: =SUM(C10:C12) -> 80826886 | D9: =SUM(D10:D12) -> 75026776 | E9: =SUM(E10:E12) -> 70043812
A10: 21010101 | B10: Salary | C10: 80826886 | D10: 75026776 | E10: 70043812
A11: 21010102 | B11: Over Time Payments
A12: 21010103 | B12: Consolidated Revenue Fund Charge- Salaries
A13: 2102 | B13: Allowances And Social Contribution | C13: =C14+C18 -> 0 | D13: =D14+D18 -> 0 | E13: =E14+E18 -> 0
A14: 210201 | B14: Allowances | C14: =SUM(C15:C17) -> 0 | D14: =SUM(D15:D17) -> 0 | E14: =SUM(E15:E17) -> 0
A15: 21020104 | B15: Furniture Allowance
A16: 21020108 | B16: Severance Allowance
A17: 21020109 | B17: Other Allowances
A18: 210202 | B18: Social Contributions | C18: =SUM(C19) -> 0 | D18: =SUM(D19) -> 0 | E18: =SUM(E19) -> 0
A19: 21020207 | B19: Contribution By LGAs
A20: 210301 | B20: Social Benefits | C20: =SUM(C21:C23) -> 0 | D20: =SUM(D21:D23) -> 0 | E20: =SUM(E21:E23) -> 0
A21: 21030101 | B21: Gratuity
A22: 21030102 | B22: Pension
A23: 21030104 | B23: Other Benefits

Sheet PMD OVERHEAD COST F.xi
A3: KATSINA STATE MINISTRY FOR LOCAL GOVERNMENT AND CHIEFTANCY AFFAIRS F.xi
A4: JIBIA LOCAL GOVERNMENT COUNCIL – PMD OVERHEAD COST BUDGET
A5: PERSONNEL MANAGEMENT DEPARTMENT - ADMIN CODE: 012500100100
A6: Code | B6: DETAILS | C6: 2025 Revised Budget N | D6: 2025 Budget Performance N | E6: 2026 Proposed Budget N
A7: 2 | B7: Recurrent Costs | C7: =C8+C84+C88+C93 -> 209000000 | D7: =D8+D84+D88+D93 -> 25428000 | E7: =E8+E84+E88+E93 -> 43000000
A8: 2202 | B8: Overhead Cost | C8: =C9+C14+C22+C36+C45+C48+C54+C63+C67+C70 -> 209000000 | D8: =D9+D14+D22+D36+D45+D48+D54+D63+D67+D70 -> 25428000 | E8: =E9+E14+E22+E36+E45+E48+E54+E63+E67+E70 -> 43000000
A9: 220201 | B9: Travel & Transport – General | C9: =SUM(C10:C13) -> 8000000 | D9: =SUM(D10:D13) -> 1308000 | E9: =SUM(E10:E13) -> 3000000
A10: 22020101 | B10: Local Travel & Transport: Training | E10: 2000000
A11: 22020102 | B11: Local Travel & Transport: Others | C11: 8000000 | D11: 1308000 | E11: 1000000
A12: 22020103 | B12: International Travel & Transport: Training
A13: 22020104 | B13: International Travel & Transport: Others
A14: 220202 | B14: Utilities – General | C14: =SUM(C15:C21) -> 0 | D14: =SUM(D15:D21) -> 0 | E14: =SUM(E15:E21) -> 0
A15: 22020201 | B15: Electricity Charges
A16: 22020202 | B16: Telephone Charges
A17: 22020203 | B17: Internet Access Charges
A18: 22020204 | B18: Dstv Subscription Charges
A19: 22020205 | B19: Water Rates
A20: 22020206 | B20: Sewage Charges
A21: 22020210 | B21: Software Charges/ Licence Renewal
A22: 220203 | B22: Materials & Supplies – General | C22: =SUM(C23:C35) -> 5000000 | D22: =SUM(D23:D35) -> 90000 | E22: =SUM(E23:E35) -> 1000000
A23: 22020301 | B23: Office Stationaries And Consumables | C23: 5000000 | D23: 90000 | E23: 1000000
A24: 22020302 | B24: Books
A25: 22020303 | B25: Newspapers
A26: 22020304 | B26: Magazines & Periodicals
A27: 22020305 | B27: Printing Of Non-Security Documents
A28: 22020306 | B28: Printing Of Security Documents
A29: 22020307 | B29: Drugs/Laboratory/Medical Supplies
A30: 22020308 | B30: Field & Camping Materials Supplies
A31: 22020309 | B31: Uniforms/Robes & Other Clothing
A32: 22020310 | B32: Teaching Aids / Instruction Materials
A33: 22020311 | B33: Food Stuff / Catering Materials Supplies
A34: 22020312 | B34: Production, Of Financial Statements
A35: 22020313 | B35: Production Of Annual Reports To Public
A36: 220204 | B36: Maintenance Services – General | C36: =SUM(C37:C44) -> 2000000 | D36: =SUM(D37:D44) -> 1530000 | E36: =SUM(E37:E44) -> 3000000
A37: 22020401 | B37: Maintenance Of Motor Vehicle/ Equipment | D37: 1530000 | E37: 2500000
A38: 22020402 | B38: Maintenance Of Office Furniture | C38: 2000000 | E38: 500000
A39: 22020403 | B39: Maintenance Of Buildings
A40: 22020404 | B40: Maintenance Of Office / It Equipment
A41: 22020405 | B41: Maintenance Of Plants/Generators
A42: 22020406 | B42: Other Maintenance Services
A43: 22020410 | B43: Maintenance Of Street Lightings
A44: 22020411 | B44: Maintenance Of Communication Equipment
A45: 220205 | B45: Training – General | C45: =SUM(C46:C47) -> 105000000 | D45: =SUM(D46:D47) -> 5000000 | E45: =SUM(E46:E47) -> 20000000
A46: 22020501 | B46: Local Training | C46: 105000000 | D46: 5000000 | E46: 20000000
A47: 22020502 | B47: International Training
A48: 220206 | B48: Other Services – General | C48: =SUM(C49:C53) -> 0 | D48: =SUM(D49:D53) -> 0 | E48: =SUM(E49:E53) -> 0
A49: 22020601 | B49: Security Services
A50: 22020602 | B50: Office Rent
A51: 22020603 | B51: Residential Rent
A52: 22020604 | B52: Security Vote (Including Operations)
A53: 22020605 | B53: Cleaning & Fumigation Services
A54: 220207 | B54: Consulting & Professional Services | C54: =SUM(C55:C62) -> 0 | D54: =SUM(D55:D62) -> 0 | E54: =SUM(E55:E62) -> 0
A55: 22020701 | B55: Financial Consulting
A56: 22020702 | B56: Information Technology Consulting
A57: 22020703 | B57: Legal Services
A58: 22020707 | B58: Agricultural Consulting
A59: 22020708 | B59: Medical Consulting
A60: 22020709 | B60: Auditing Of Accounts
A61: 22020711 | B61: Media Relation Services
A62: 22020712 | B62: Other Consulting Services
A63: 220208 | B63: Fuel & Lubricants – General | C63: =SUM(C64:C66) -> 0 | D63: =SUM(D64:D66) -> 0 | E63: =SUM(E64:E66) -> 0
A64: 22020801 | B64: Motor Vehicle Fuel Cost
A65: 22020802 | B65: Other Transport Equipment Fuel Cost
A66: 22020803 | B66: Plant / Generator Fuel Cost
A67: 220209 | B67: Financial Charges – General | C67: =SUM(C68:C69) -> 0 | D67: =SUM(D68:D69) -> 0 | E67: =SUM(E68:E69) -> 0
A68: 22020901 | B68: Bank Charges
A69: 22020902 | B69: Insurance Premium
A70: 220210 | B70: Miscellaneous Expenses General | C70: =SUM(C71:C83) -> 89000000 | D70: =SUM(D71:D83) -> 17500000 | E70: =SUM(E71:E83) -> 16000000
A71: 22021001 | B71: Refreshment & Meals | C71: 6000000 | D71: 5500000 | E71: 6000000
A72: 22021002 | B72: Honorarium & Sitting Allowance
A73: 22021003 | B73: Publicity & Advertisements | C73: 30000000
A74: 22021004 | B74: Medical Expenses-Local
A75: 22021006 | B75: Postages & Courier Services
A76: 22021007 | B76: Welfare Packages | C76: 13000000 | D76: 12000000 | E76: 5000000
A77: 22021008 | B77: Subscription To Professional Bodies
A78: 22021009 | B78: Sporting Activities
A79: 22021010 | B79: Direct Teaching & Laboratory Cost
A80: 22021014 | B80: Annual Budget Expenses & Administration | E80: 5000000
A81: 22021020 | B81: Election-Logistics Support | C81: 40000000
A82: 22021050 | B82: Medical Expenses-International
A83: 22021052 | B83: Special Days/Celebrations
A84: 2204 | B84: Grants And Contributions General | C84: =C85 -> 0 | D84: =D85 -> 0 | E84: =E85 -> 0
A85: 220401 | B85: Local Grants And Contributions | C85: =SUM(C86:C87) -> 0 | D85: =SUM(D86:D87) -> 0 | E85: =SUM(E86:E87) -> 0
A86: 22040105 | B86: Grants To Government/Agencies
A87: 22040109 | B87: Grants To Communities/Ngos
A88: 2205 | B88: Subsidies General | C88: =C89 -> 0 | D88: =D89 -> 0 | E88: =E89 -> 0
A89: 220501 | B89: Subsidy To Public/Public Institutions | C89: =SUM(C90:C92) -> 0 | D89: =SUM(D90:D92) -> 0 | E89: =SUM(E90:E92) -> 0
A90: 22050105 | B90: Education Subsidy
A91: 22050108 | B91: Religious Pilgrimage Subsidy
A92: 22050110 | B92: Exams Fees Subsidy
A93: 2206 | B93: Public Debt Charges | C93: =C94+C96 -> 0 | D93: =D94+D96 -> 0 | E93: =E94+E96 -> 0
A94: 220603 | B94: Foreign Principal | C94: =C95 -> 0 | D94: =D95 -> 0 | E94: =E95 -> 0
A95: 22060301 | B95: Foreign Principal - Short Term Borrowings
A96: 220604 | B96: Domestic Principal | C96: =SUM(C97:C98) -> 0 | D96: =SUM(D97:D98) -> 0 | E96: =SUM(E97:E98) -> 0
A97: 22060401 | B97: Domestic Principal - Short Term Borrowings

Sheet PMD CAPITAL EXP F.xii
A1: KATSINA STATE MINISTRY FOR LOCAL GOVERNMENT AND CHIEFTANCY AFFAIRS F.xii
A2: JIBIA LOCAL GOVERNMENT COUNCIL – PMD CAPITAL EXPENDITURE
A3: PERSONNEL MANAGEMENT DEPARTMENT - ADMIN CODE: 012500100100
A5: Program Code | B5: Economic Code | C5: Details | D5: 2025 Revised Budget N | E5: 2025 Budget Performance N | F5: 2026 Proposed Budget N
A6: 13250000000000 | B6: 3 | C6: Assets (Capital Expenditure) | D6: =D7+D18+D29+D35+D42+D51+D58+D70+D77+D83 -> 725000000 | E6: =E7+E18+E29+E35+E42+E51+E58+E70+E77+E83 -> 475083650 | F6: =F7+F18+F29+F35+F42+F51+F58+F70+F77+F83 -> 275000000
B7: 32010100 | C7: Land & Building – General | D7: =SUM(D8:D17) -> 450000000 | E7: =SUM(E8:E17) -> 292000000 | F7: =SUM(F8:F17) -> 135000000
B8: 32010101 | C8: Land And Buildings - Office
A9: 13250000000001 | B9: 32010101 | C9: Rehabilitation of Jibia and Daddara distric head offices | D9: 50000000 | E9: 43000000 | F9: 50000000
A10: 13250000000002 | B10: 32010101 | C10: Renovation of local education authority jibia | F10: 25000000
A11: 13250000000003 | B11: 32010101 | C11: Renovation of Local Government Secretariat, P.H.C, E.S.D, Agric and Watsan Depts Phase 1 | D11: 250000000 | E11: 249000000
B12: 32010101 | C12: Renovation of Local Government Secretariat, P.H.C, E.S.D, Agric and Watsan Depts Phase 2 | F12: 50000000
A13: 13250000000004 | B13: 32010101 | C13: Improvment of Motor Park and mechanical shades | D13: 150000000 | F13: 10000000
B18: 32010200 | C18: Infrastructure – General | D18: =SUM(D19:D28) -> 0 | E18: =SUM(E19:E28) -> 0 | F18: =SUM(F19:F28) -> 30000000
A19: 13250000000002 | B19: 32010202 | C19: Roads And Drainages
B20: 32010202 | C20: Construction of Council Chamber | F20: 30000000
B29: 320103 | C29: Plant & Machinery – General | D29: =SUM(D30:D34) -> 0 | E29: =SUM(E30:E34) -> 0 | F29: =SUM(F30:F34) -> 0
A30: 13250000000003 | B30: 32010301 | C30: Earthmoving Equipment – Tractors
B35: 32010400 | C35: Fixed Assets – General | D35: =SUM(D36:D41) -> 245000000 | E35: =SUM(E36:E41) -> 183083650 | F35: =SUM(F37:F41) -> 100000000
A36: 13250000000005 | B36: 32010405 | C36: Motor Vehicles purchase- Chiarman, VC, Sec.Coucils | D36: 245000000 | E36: 183083650
B37: 32010405 | F37: 100000000
B38: 32010406 | C38: Tricycles
B39: 32010407 | C39: Motor Cycles
B40: 32010408 | C40: Bicycles
B42: 320105 | C42: Office Equipment – General | D42: =SUM(D43:D50) -> 0 | E42: =SUM(E43:E50) -> 0 | F42: =SUM(F43:F50) -> 0
B43: 32010501 | C43: Computers
B51: 320106 | C51: Furniture & Fittings – General | D51: =SUM(D52:D57) -> 30000000 | E51: =SUM(E52:E57) -> 0 | F51: =SUM(F52:F57) -> 10000000
A52: 13250000000006 | B52: 32010601 | C52: Chairs | D52: 10000000 | F52: 3000000
A53: 13250000000007 | B53: 32010602 | C53: Tables | D53: 20000000 | F53: 7000000
B58: 320109 | C58: Other Specialised Assets-Gen | D58: =SUM(D59:D69) -> 0 | E58: =SUM(E59:E69) -> 0 | F58: =SUM(F59:F69) -> 0
A59: 13250000000011 | B59: 32010903 | C59: Biological Assets/Livestock
A61: 13250000000012 | B61: 32010904 | C61: Laboratory/Medical Equipment
A63: 13250000000013 | B63: 32010935 | C63: Agricultural Equipment
A67: 13250000000014 | B67: 32010936 | C67: Educational Materials/Equipment
B70: 320201 | C70: Investment - Land & Building - Gen | D70: =SUM(D71:D76) -> 0 | E70: =SUM(E71:E76) -> 0 | F70: =SUM(F71:F76) -> 0
A71: 13250000000015 | B71: 32020101 | C71: Land & Buildings – Administrative
A73: 13250000000016 | B73: 32020102 | C73: Land & Buildings – Residential
A75: 13250000000017 | B75: 32020104 | C75: Other Investment Property
B77: 320301 | C77: Intangible Assets | D77: =SUM(D78:D82) -> 0 | E77: =SUM(E78:E82) -> 0 | F77: =SUM(F78:F82) -> 0
A78: 13250000000018 | B78: 32030101 | C78: Goodwill (Acquired)
A79: 13250000000019 | B79: 32030109 | C79: Research & Development
A80: 13250000000020 | B80: 32030110 | C80: Trade fair and Exhibitions
B83: 32011000 | C83: Asset Under Construction | D83: =SUM(D84:D85) -> 0 | E83: =SUM(E84:E85) -> 0 | F83: =SUM(F84:F85) -> 0
A84: 13250000000021

Sheet AGRIC PERSONNEL COST F.x
A2: KATSINA STATE MINISTRY FOR LOCAL GOVERNMENT AND CHIEFTANCY AFFAIRS F.x
A3: JIBIA LOCAL GOVERNMENT COUNCIL – AGRIC PERSONNEL COST BUDGET
A4: AGRICULTURE AND NATURAL RESOURCES DEPARTMENT - ADMIN CODE: 021500100100
A6: Code | B6: DETAILS | C6: 2025 Revised Budget N | D6: 2025 Budget Performance N | E6: 2026 Proposed Budget N
A7: 21 | B7: Personnel Cost | C7: =C8+C13+C20 -> 81750901 | D7: =D8+D13+D20 -> 79350878 | E7: =E8+E13+E20 -> 73750901
A8: 2101 | B8: Salary | C8: =C9 -> 81750901 | D8: =D9 -> 79350878 | E8: =E9 -> 73750901
A9: 210101 | B9: Salaries And Wages | C9: =SUM(C10:C12) -> 81750901 | D9: =SUM(D10:D12) -> 79350878 | E9: =SUM(E10:E12) -> 73750901
A10: 21010101 | B10: Salary | C10: 81750901 | D10: 79350878 | E10: 73750901
A11: 21010102 | B11: Over Time Payments
A12: 21010103 | B12: Consolidated Revenue Fund Charge- Salaries
A13: 2102 | B13: Allowances And Social Contribution | C13: =C14+C18 -> 0 | D13: =D14+D18 -> 0 | E13: =E14+E18 -> 0
A14: 210201 | B14: Allowances | C14: =SUM(C15:C17) -> 0 | D14: =SUM(D15:D17) -> 0 | E14: =SUM(E15:E17) -> 0
A15: 21020104 | B15: Furniture Allowance
A16: 21020108 | B16: Severance Allowance
A17: 21020109 | B17: Other Allowances
A18: 210202 | B18: Social Contributions | C18: =SUM(C19) -> 0 | D18: =SUM(D19) -> 0 | E18: =SUM(E19) -> 0
A19: 21020207 | B19: Contribution By LGAs
A20: 210301 | B20: Social Benefits | C20: =SUM(C21:C23) -> 0 | D20: =SUM(D21:D23) -> 0 | E20: =SUM(E21:E23) -> 0
A21: 21030101 | B21: Gratuity
A22: 21030102 | B22: Pension
A23: 21030104 | B23: Other Benefits

Sheet AGRIC OVERHEAD COST F.xi
A3: KATSINA STATE MINISTRY FOR LOCAL GOVERNMENT AND CHIEFTANCY AFFAIRS F.xi
A4: JIBIA LOCAL GOVERNMENT COUNCIL – AGRIC OVERHEAD COST BUDGET
A5: AGRICULTURE AND NATURAL RESOURCES DEPARTMENT - ADMIN CODE: 021500100100
A6: Code | B6: DETAILS | C6: 2025 Revised Budget N | D6: 2025 Budget Performance N | E6: 2026 Proposed Budget N
A7: 2 | B7: Recurrent Costs | C7: =C8+C84+C88+C93 -> 406500000 | D7: =D8+D84+D88+D93 -> 51992069 | E7: =E8+E84+E88+E93 -> 34224800
A8: 2202 | B8: Overhead Cost | C8: =C9+C14+C22+C36+C45+C48+C54+C63+C67+C70 -> 406500000 | D8: =D9+D14+D22+D36+D45+D48+D54+D63+D67+D70 -> 51992069 | E8: =E9+E14+E22+E36+E45+E48+E54+E63+E67+E70 -> 34224800
A9: 220201 | B9: Travel & Transport – General | C9: =SUM(C10:C13) -> 3000000 | D9: =SUM(D10:D13) -> 100000 | E9: =SUM(E10:E13) -> 3000000
A10: 22020101 | B10: Local Travel & Transport: Training | E10: 2000000
A11: 22020102 | B11: Local Travel & Transport: Others | C11: 3000000 | D11: 100000 | E11: 1000000
A12: 22020103 | B12: International Travel & Transport: Training
A13: 22020104 | B13: International Travel & Transport: Others
A14: 220202 | B14: Utilities – General | C14: =SUM(C15:C21) -> 0 | D14: =SUM(D15:D21) -> 0 | E14: =SUM(E15:E21) -> 0
A15: 22020201 | B15: Electricity Charges
A16: 22020202 | B16: Telephone Charges
A17: 22020203 | B17: Internet Access Charges
A18: 22020204 | B18: Dstv Subscription Charges
A19: 22020205 | B19: Water Rates
A20: 22020206 | B20: Sewage Charges
A21: 22020210 | B21: Software Charges/ Licence Renewal
A22: 220203 | B22: Materials & Supplies – General | C22: =SUM(C23:C35) -> 213000000 | D22: =SUM(D23:D35) -> 0 | E22: =SUM(E23:E35) -> 5000000
A23: 22020301 | B23: Office Stationaries And Consumables
A24: 22020302 | B24: Books
A25: 22020303 | B25: Newspapers
A26: 22020304 | B26: Magazines & Periodicals
A27: 22020305 | B27: Printing Of Non-Security Documents
A28: 22020306 | B28: Printing Of Security Documents
A29: 22020307 | B29: Drugs/Laboratory/Medical Supplies | C29: 13000000 | E29: 5000000
A30: 22020308 | B30: Field & Camping Materials Supplies
A31: 22020309 | B31: Uniforms/Robes & Other Clothing
A32: 22020310 | B32: Teaching Aids / Instruction Materials
A33: 22020311 | B33: Food Stuff / Catering Materials Supplies | C33: 200000000
A34: 22020312 | B34: Production, Of Financial Statements
A35: 22020313 | B35: Production Of Annual Reports To Public
A36: 220204 | B36: Maintenance Services – General | C36: =SUM(C37:C44) -> 1500000 | D36: =SUM(D37:D44) -> 835000 | E36: =SUM(E37:E44) -> 1000000
A37: 22020401 | B37: Maintenance Of Motor Vehicle/ Equipment | D37: 835000 | E37: 1000000
A38: 22020402 | B38: Maintenance Of Office Furniture | C38: 1500000
A39: 22020403 | B39: Maintenance Of Buildings
A40: 22020404 | B40: Maintenance Of Office / It Equipment
A41: 22020405 | B41: Maintenance Of Plants/Generators
A42: 22020406 | B42: Other Maintenance Services
A43: 22020410 | B43: Maintenance Of Street Lightings
A44: 22020411 | B44: Maintenance Of Communication Equipment
A45: 220205 | B45: Training – General | C45: =SUM(C46:C47) -> 0 | D45: =SUM(D46:D47) -> 0 | E45: =SUM(E46:E47) -> 0
A46: 22020501 | B46: Local Training
A47: 22020502 | B47: International Training
A48: 220206 | B48: Other Services – General | C48: =SUM(C49:C53) -> 0 | D48: =SUM(D49:D53) -> 0 | E48: =SUM(E49:E53) -> 0
A49: 22020601 | B49: Security Services
A50: 22020602 | B50: Office Rent
A51: 22020603 | B51: Residential Rent
A52: 22020604 | B52: Security Vote (Including Operations)
A53: 22020605 | B53: Cleaning & Fumigation Services
A54: 220207 | B54: Consulting & Professional Services | C54: =SUM(C55:C62) -> 0 | D54: =SUM(D55:D62) -> 0 | E54: =SUM(E55:E62) -> 0
A55: 22020701 | B55: Financial Consulting
A56: 22020702 | B56: Information Technology Consulting
A57: 22020703 | B57: Legal Services
A58: 22020707 | B58: Agricultural Consulting
A59: 22020708 | B59: Medical Consulting
A60: 22020709 | B60: Auditing Of Accounts | D60: =D60 -> 0 | H60: =H60:M60 -> 0
A61: 22020711 | B61: Media Relation Services
A62: 22020712 | B62: Other Consulting Services
A63: 220208 | B63: Fuel & Lubricants – General | C63: =SUM(C64:C66) -> 180000000 | D63: =SUM(D64:D66) -> 51057069 | E63: =SUM(E64:E66) -> 2224800.3
A64: 22020801 | B64: Motor Vehicle Fuel Cost
A65: 22020802 | B65: Other Transport Equipment Fuel Cost
A66: 22020803 | B66: Plant / Generator Fuel Cost | C66: 180000000 | D66: 51057069 | E66: 2224800.3
A67: 220209 | B67: Financial Charges – General | C67: =SUM(C68:C69) -> 0 | D67: =SUM(D68:D69) -> 0 | E67: =SUM(E68:E69) -> 0
A68: 22020901 | B68: Bank Charges
A69: 22020902 | B69: Insurance Premium
A70: 220210 | B70: Miscellaneous Expenses General | C70: =SUM(C71:C83) -> 9000000 | D70: =SUM(D71:D83) -> 0 | E70: =SUM(E71:E83) -> 23000000
A71: 22021001 | B71: Refreshment & Meals | C71: 2000000 | E71: 1000000
A72: 22021002 | B72: Honorarium & Sitting Allowance | C72: 2000000
A73: 22021003 | B73: Publicity & Advertisements
A74: 22021004 | B74: Medical Expenses-Local
A75: 22021006 | B75: Postages & Courier Services
A76: 22021007 | B76: Welfare Packages | C76: 5000000 | E76: 22000000
A77: 22021008 | B77: Subscription To Professional Bodies
A78: 22021009 | B78: Sporting Activities
A79: 22021010 | B79: Direct Teaching & Laboratory Cost
A80: 22021014 | B80: Annual Budget Expenses & Administration
A81: 22021020 | B81: Election-Logistics Support
A82: 22021050 | B82: Medical Expenses-International
A83: 22021052 | B83: Special Days/Celebrations
A84: 2204 | B84: Grants And Contributions General | C84: =C85 -> 0 | D84: =D85 -> 0 | E84: =E85 -> 0
A85: 220401 | B85: Local Grants And Contributions | C85: =SUM(C86:C87) -> 0 | D85: =SUM(D86:D87) -> 0 | E85: =SUM(E86:E87) -> 0
A86: 22040105 | B86: Grants To Government/Agencies
A87: 22040109 | B87: Grants To Communities/Ngos
A88: 2205 | B88: Subsidies General | C88: =C89 -> 0 | D88: =D89 -> 0 | E88: =E89 -> 0
A89: 220501 | B89: Subsidy To Public/Public Institutions | C89: =SUM(C90:C92) -> 0 | D89: =SUM(D90:D92) -> 0 | E89: =SUM(E90:E92) -> 0
A90: 22050105 | B90: Education Subsidy
A91: 22050108 | B91: Religious Pilgrimage Subsidy
A92: 22050110 | B92: Exams Fees Subsidy
A93: 2206 | B93: Public Debt Charges | C93: =C94+C96 -> 0 | D93: =D94+D96 -> 0 | E93: =E94+E96 -> 0
A94: 220603 | B94: Foreign Principal | C94: =C95 -> 0 | D94: =D95 -> 0 | E94: =E95 -> 0
A95: 22060301 | B95: Foreign Principal - Short Term Borrowings
A96: 220604 | B96: Domestic Principal | C96: =SUM(C97:C98) -> 0 | D96: =SUM(D97:D98) -> 0 | E96: =SUM(E97:E98) -> 0
A97: 22060401 | B97: Domestic Principal - Short Term Borrowings

Sheet AGRIC CAPITAL EXP F.xii
A1: KATSINA STATE MINISTRY FOR LOCAL GOVERNMENT AND CHIEFTANCY AFFAIRS F.xii
A2: JIBIA LOCAL GOVERNMENT COUNCIL – AGRIC CAPITAL EXPENDITURE
A3: AGRICULTURE AND NATURAL RESOURCES DEPARTMENT - ADMIN CODE: 021500100100
A5: Program Code | B5: Economic Code | C5: Details | D5: 2025 Revised Budget N | E5: 2025 Budget Performance N | F5: 2026 Proposed Budget N
A6: 01150000000000 | B6: 3 | C6: Assets (Capital Expenditure) | D6: =D7+D20+D31+D37+D43+D52+D59+D69+D76+D82 -> 446000000 | E6: =E7+E20+E31+E37+E43+E52+E59+E69+E76+E82 -> 280000000 | F6: =F7+F20+F31+F37+F43+F52+F59+F69+F76+F82 -> 529000000
B7: 32010100 | C7: Land & Building – General | D7: =SUM(D8:D19) -> 404000000 | E7: =SUM(E8:E19) -> 280000000 | F7: =SUM(F8:F19) -> 520000000
A8: 1150000000001 | B8: 32010101 | C8: Land And Buildings - Office
B9: 32010101 | C9: purchase of irrigation pumps | D9: 4000000
B10: 32010101 | C10: purchase 0f fertilizer | D10: 100000000 | E10: 80000000
B11: 32010101 | C11: purchase of fertilizer | F11: 300000000
B12: 32010101 | C12: irrigation activities | D12: 100000000
B13: 32010101 | C13: purchase of grains | D13: 200000000 | E13: 200000000
B14: 32010101 | C14: purchase of grains | F14: 220000000
B20: 32010200 | C20: Infrastructure – General | D20: =SUM(D21:D30) -> 0 | E20: =SUM(E21:E30) -> 0 | F20: =SUM(F21:F30) -> 0
A21: 1150000000002 | B21: 32010202 | C21: Roads And Drainages
B31: 320103 | C31: Plant & Machinery – General | D31: =SUM(D32:D36) -> 0 | E31: =SUM(E32:E36) -> 0 | F31: =SUM(F32:F36) -> 0
A32: 1150000000003 | B32: 32010301 | C32: Earthmoving Equipment – Tractors
B37: 32010400 | D37: =SUM(D38:D42) -> 0 | E37: =SUM(E38:E42) -> 0 | F37: =SUM(F38:F42) -> 0
A38: 1150000000004 | B38: 32010405 | C38: Motor Vehicles
A39: 1150000000005 | B39: 32010406 | C39: Tricycles
A40: 1150000000006 | B40: 32010407 | C40: Motor Cycles
A41: 1150000000007 | B41: 32010408 | C41: Bicycles
B43: 320105 | C43: Office Equipment – General | D43: =SUM(D44:D51) -> 0 | E43: =SUM(E44:E51) -> 0 | F43: =SUM(F44:F51) -> 0
A44: 1150000000008 | B44: 32010501 | C44: Computers
B52: 320106 | C52: Furniture & Fittings – General | D52: =SUM(D53:D58) -> 0 | E52: =SUM(E53:E58) -> 0 | F52: =SUM(F53:F58) -> 0
A53: 1150000000009 | B53: 32010601 | C53: Chairs
A54: 1150000000010 | B54: 32010602 | C54: Tables
B59: 320109 | C59: Other Specialised Assets-Gen | D59: =SUM(D60:D68) -> 39000000 | E59: =SUM(E60:E68) -> 0 | F59: =SUM(F60:F68) -> 6000000
B60: 32010903 | C60: Biological Assets/Livestock
B61: 32010904 | C61: Laboratory/Medical Equipment
A63: 01150000000002 | B63: 32010935 | C63: Agricultural Equipment | D63: 29000000
A64: 01150000000003 | B64: 32010935 | C64: Rehabilitation of fish ponds | D64: 4000000 | F64: 2000000
A65: 01150000000004 | B65: 32010935 | C65: Rehabilitationof vetinary clinic | D65: 4000000 | F65: 2000000
A66: 01150000000005 | B66: 32010935 | C66: Establishment of Nursary | D66: 2000000 | F66: 2000000
B69: 320201 | C69: Investment - Land & Building - Gen | D69: =SUM(D70:D75) -> 0 | E69: =SUM(E70:E75) -> 0 | F69: =SUM(F70:F75) -> 0
B70: 32020101 | C70: Land & Buildings – Administrative
B72: 32020102 | C72: Land & Buildings – Residential
B74: 32020104 | C74: Other Investment Property
B76: 320301 | C76: Intangible Assets | D76: =SUM(D77:D81) -> 3000000 | E76: =SUM(E77:E81) -> 0 | F76: =SUM(F77:F81) -> 3000000
B77: 32030101 | C77: Goodwill (Acquired)
B78: 32030109 | C78: Research & Development
A79: 1150000000006 | B79: 32030110 | C79: Trade fair and Exhibitions | D79: 3000000 | F79: 3000000
B82: 32011000 | C82: Asset Under Construction | D82: =SUM(D83:D84) -> 0 | E82: =SUM(E83:E84) -> 0 | F82: =SUM(F83:F84) -> 0
A83: 1150000000021

Sheet FINANCE PERSONNEL COST F.x
A2: KATSINA STATE MINISTRY FOR LOCAL GOVERNMENT AND CHIEFTANCY AFFAIRS F.x
A3: JIBIA LOCAL GOVERNMENT COUNCIL – FINANCE PERSONNEL COST BUDGET
A4: FINANCE DEPARTMENT - ADMIN CODE: 022000100100
A6: Code | B6: DETAILS | C6: 2025 Revised Budget N | D6: 2025 Budget Performance N | E6: 2026 Proposed Budget N
A7: 21 | B7: Personnel Cost | C7: =C8+C13+C20 -> 2.8524654e+08 | D7: =D8+D13+D20 -> 694969444 | E7: =E8+E13+E20 -> 8.7260143e+08
A8: 2101 | B8: Salary | C8: =C9 -> 80246536 | D8: =D9 -> 77347280 | E8: =E9 -> 65778174
A9: 210101 | B9: Salaries And Wages | C9: =SUM(C10:C12) -> 80246536 | D9: =SUM(D10:D12) -> 77347280 | E9: =SUM(E10:E12) -> 65778174
A10: 21010101 | B10: Salary | C10: 80246536 | D10: 77347280 | E10: 65778174
A11: 21010102 | B11: Over Time Payments
A12: 21010103 | B12: Consolidated Revenue Fund Charge- Salaries
A13: 2102 | B13: Allowances And Social Contribution | C13: =C14+C18 -> 90000000 | D13: =D14+D18 -> 542622164 | E13: =E14+E18 -> 0
A14: 210201 | B14: Allowances | C14: =SUM(C15:C17) -> 90000000 | D14: =SUM(D15:D17) -> 542622164 | E14: =SUM(E15:E17) -> 0
A15: 21020104 | B15: Furniture Allowance | C15: 55000000 | D15: 511952108
A16: 21020108 | B16: Severance Allowance | C16: 35000000 | D16: 30670056
A17: 21020109 | B17: Other Allowances
A18: 210202 | B18: Social Contributions | C18: =SUM(C19) -> 0 | D18: =SUM(D19) -> 0 | E18: =SUM(E19) -> 0
A19: 21020207 | B19: Contribution By LGAs
A20: 210301 | B20: Social Benefits | C20: =C21+C22+C27 -> 115000000 | D20: =D21+D22+D27 -> 75000000 | E20: =E21+E22+E27 -> 8.0682326e+08
A21: 21030101 | B21: Gratuity | E21: 450000000
A22: 21030102 | B22: Pension | C22: =SUM(C23:C26) -> 115000000 | D22: =SUM(D23:D26) -> 75000000 | E22: =SUM(E23:E26) -> 3.3628339e+08
A23: 21030102 | B23: Pension: Employer Contribution LGC | C23: 115000000 | D23: 75000000 | E23: 98058188
A24: 21030102 | B24: Pension: Employer Contribution LEA | E24: 1.6896011e+08
A25: 21030102 | B25: Pension: Accrued Rights LGC | E25: 69265095
A26: 21030102 | B26: Pension: Accrued Rights LEA
A27: 21030104 | B27: Other Benefits | C27: =SUM(C28:C30) -> 0 | D27: =SUM(D28:D30) -> 0 | E27: =SUM(E28:E30) -> 20539869
A28: 21030104 | B28: KATCHIMA LGC Contribution | E28: 7542937.5
A29: 21030104 | B29: KATCHIMA LGEA | E29: 12996931

Sheet FINANCE OVERHEAD COST F.xi
A3: KATSINA STATE MINISTRY FOR LOCAL GOVERNMENT AND CHIEFTANCY AFFAIRS F.xi
A4: JIBIA LOCAL GOVERNMENT COUNCIL – FINANCE OVERHEAD COST BUDGET
A5: FINANCE DEPARTMENT - ADMIN CODE: 022000100100
A6: Code | B6: DETAILS | C6: 2025 Revised Budget N | D6: 2025 Budget Performance N | E6: 2026 Proposed Budget N
A7: 2 | B7: Recurrent Costs | C7: =C8+C85+C89+C94 -> 475509792 | D7: =D8+D85+D89+D94 -> 210016437 | E7: =E8+E85+E89+E94 -> 6.4082415e+08
A8: 2202 | B8: Overhead Cost | C8: =C9+C14+C22+C36+C45+C48+C54+C63+C67+C70 -> 271300000 | D8: =D9+D14+D22+D36+D45+D48+D54+D63+D67+D70 -> 56660125 | E8: =E9+E14+E22+E36+E45+E48+E54+E63+E67+E70 -> 216400000
A9: 220201 | B9: Travel & Transport – General | C9: =SUM(C10:C13) -> 7500000 | D9: =SUM(D10:D13) -> 5092000 | E9: =SUM(E10:E13) -> 5000000
A10: 22020101 | B10: Local Travel & Transport: Training | C10: 7500000 | D10: 5092000 | E10: 3000000
A11: 22020102 | B11: Local Travel & Transport: Others | E11: 2000000
A12: 22020103 | B12: International Travel & Transport: Training
A13: 22020104 | B13: International Travel & Transport: Others
A14: 220202 | B14: Utilities – General | C14: =SUM(C15:C21) -> 0 | D14: =SUM(D15:D21) -> 0 | E14: =SUM(E15:E21) -> 0
A15: 22020201 | B15: Electricity Charges
A16: 22020202 | B16: Telephone Charges
A17: 22020203 | B17: Internet Access Charges
A18: 22020204 | B18: Dstv Subscription Charges
A19: 22020205 | B19: Water Rates
A20: 22020206 | B20: Sewage Charges
A21: 22020210 | B21: Software Charges/ Licence Renewal
A22: 220203 | B22: Materials & Supplies – General | C22: =SUM(C23:C35) -> 15000000 | D22: =SUM(D23:D35) -> 11848125 | E22: =SUM(E23:E35) -> 5000000
A23: 22020301 | B23: Office Stationaries And Consumables | C23: 8000000 | D23: 6848125 | E23: 3000000
A24: 22020302 | B24: Books | C24: 7000000 | D24: 5000000 | E24: 2000000
A25: 22020303 | B25: Newspapers
A26: 22020304 | B26: Magazines & Periodicals
A27: 22020305 | B27: Printing Of Non-Security Documents
A28: 22020306 | B28: Printing Of Security Documents
A29: 22020307 | B29: Drugs/Laboratory/Medical Supplies
A30: 22020308 | B30: Field & Camping Materials Supplies
A31: 22020309 | B31: Uniforms/Robes & Other Clothing
A32: 22020310 | B32: Teaching Aids / Instruction Materials
A33: 22020311 | B33: Food Stuff / Catering Materials Supplies
A34: 22020312 | B34: Production, Of Financial Statements
A35: 22020313 | B35: Production Of Annual Reports To Public
A36: 220204 | B36: Maintenance Services – General | C36: =SUM(C37:C44) -> 2000000 | D36: =SUM(D37:D44) -> 5470000 | E36: =SUM(E37:E44) -> 3000000
A37: 22020401 | B37: Maintenance Of Motor Vehicle/ Equipment | D37: 3970000 | E37: 2000000
A38: 22020402 | B38: Maintenance Of Office Furniture | C38: 2000000 | D38: 1500000 | E38: 1000000
A39: 22020403 | B39: Maintenance Of Buildings
A40: 22020404 | B40: Maintenance Of Office / It Equipment
A41: 22020405 | B41: Maintenance Of Plants/Generators
A42: 22020406 | B42: Other Maintenance Services
A43: 22020410 | B43: Maintenance Of Street Lightings
A44: 22020411 | B44: Maintenance Of Communication Equipment
A45: 220205 | B45: Training – General | C45: =SUM(C46:C47) -> 26000000 | D45: =SUM(D46:D47) -> 20000000 | E45: =SUM(E46:E47) -> 0
A46: 22020501 | B46: Local Training | C46: 26000000 | D46: 20000000
A47: 22020502 | B47: International Training
A48: 220206 | B48: Other Services – General | C48: =SUM(C49:C53) -> 0 | D48: =SUM(D49:D53) -> 0 | E48: =SUM(E49:E53) -> 0
A49: 22020601 | B49: Security Services
A50: 22020602 | B50: Office Rent
A51: 22020603 | B51: Residential Rent
A52: 22020604 | B52: Security Vote (Including Operations)
A53: 22020605 | B53: Cleaning & Fumigation Services
A54: 220207 | B54: Consulting & Professional Services | C54: =SUM(C55:C62) -> 0 | D54: =SUM(D55:D62) -> 0 | E54: =SUM(E55:E62) -> 0
A55: 22020701 | B55: Financial Consulting
A56: 22020702 | B56: Information Technology Consulting
A57: 22020703 | B57: Legal Services
A58: 22020707 | B58: Agricultural Consulting
A59: 22020708 | B59: Medical Consulting
A60: 22020709 | B60: Auditing Of Accounts
A61: 22020711 | B61: Media Relation Services
A62: 22020712 | B62: Other Consulting Services
A63: 220208 | B63: Fuel & Lubricants – General | C63: =SUM(C64:C66) -> 0 | D63: =SUM(D64:D66) -> 0 | E63: =SUM(E64:E66) -> 0
A64: 22020801 | B64: Motor Vehicle Fuel Cost
A65: 22020802 | B65: Other Transport Equipment Fuel Cost
A66: 22020803 | B66: Plant / Generator Fuel Cost
A67: 220209 | B67: Financial Charges – General | C67: =SUM(C68:C69) -> 800000 | D67: =SUM(D68:D69) -> 750000 | E67: =SUM(E68:E69) -> 400000
A68: 22020901 | B68: Bank Charges | C68: 800000 | D68: 750000 | E68: 400000
A69: 22020902 | B69: Insurance Premium
A70: 220210 | B70: Miscellaneous Expenses General | C70: =SUM(C71:C84) -> 220000000 | D70: =SUM(D71:D84) -> 13500000 | E70: =SUM(E71:E84) -> 203000000
A71: 22021001 | B71: Refreshment & Meals | C71: 8500000 | D71: 6500000 | E71: 2000000
A72: 22021002 | B72: Honorarium & Sitting Allowance
A73: 22021003 | B73: Publicity & Advertisements
A74: 22021004 | B74: Medical Expenses-Local
A75: 22021006 | B75: Postages & Courier Services
A76: 22021007 | B76: Welfare Packages | C76: 11000000 | D76: 7000000 | E76: 1000000
A77: 22021008 | B77: Subscription To Professional Bodies
A78: 22021009 | B78: Sporting Activities
A79: 22021010 | B79: Direct Teaching & Laboratory Cost
A80: 22021014 | B80: Annual Budget Expenses & Administration
A81: 22021020 | B81: Election-Logistics Support | C81: 200500000
A82: 22021050 | B82: Medical Expenses-International
A83: 220210 | B83: Recurrent Adjustment | E83: 200000000
A84: 22021052 | B84: Special Days/Celebrations
A85: 2204 | B85: Grants And Contributions General | C85: =C86 -> 204209792 | D85: =D86 -> 153356312 | E85: =E86 -> 4.2442415e+08
A86: 220401 | B86: Local Grants And Contributions | C86: =C87+C88 -> 204209792 | D86: =D87+D88 -> 153356312 | E86: =E87+E88 -> 4.2442415e+08
A87: 22040105 | B87: Grants To Government/Agencies | C87: =SUM(C108:C128) -> 92000000 | D87: =SUM(D108:D128) -> 73902000 | E87: =SUM(E108:E128) -> 4.2442415e+08
A88: 22040109 | B88: Grants To Communities/Ngos | C88: 112209792 | D88: 79454312
A89: 2205 | B89: Subsidies General | C89: =C90 -> 0 | D89: =D90 -> 0 | E89: =E90 -> 0
A90: 220501 | B90: Subsidy To Public/Public Institutions | C90: =SUM(C91:C93) -> 0 | D90: =SUM(D91:D93) -> 0 | E90: =SUM(E91:E93) -> 0
A91: 22050105 | B91: Education Subsidy
A92: 22050108 | B92: Religious Pilgrimage Subsidy
A93: 22050110 | B93: Exams Fees Subsidy
A94: 2206 | B94: Public Debt Charges | C94: =C95+C97 -> 0 | D94: =D95+D97 -> 0 | E94: =E95+E97 -> 0
A95: 220603 | B95: Foreign Principal | C95: =C96 -> 0 | D95: =D96 -> 0 | E95: =E96 -> 0
A96: 22060301 | B96: Foreign Principal - Short Term Borrowings
A97: 220604 | B97: Domestic Principal | C97: =SUM(C98:C99) -> 0 | D97: =SUM(D98:D99) -> 0 | E97: =SUM(E98:E99) -> 0
A98: 22060401 | B98: Domestic Principal - Short Term Borrowings
A104: KATSINA STATE MINISTRY FOR LOCAL GOVERNMENT AND CHIEFTANCY AFFAIRS
A105: JIBIA LOCAL GOVERNMENT COUNCIL – GRANTS AND CONTRIBUTIONS TO GOVERNMENT AGENCIES - 22040105
A106: FINANCE DEPARTMENT - ADMIN CODE: 022000100100
A107: Serial No | B107: DETAILS | C107: 2025 Revised Budget N | D107: 2025 Budget Performance N | E107: 2026 Proposed Budget N
...

Sheet FINANCE CAPITAL EXP F.xii
A1: KATSINA STATE MINISTRY FOR LOCAL GOVERNMENT AND CHIEFTANCY AFFAIRS F.xii
A2: JIBIA LOCAL GOVERNMENT COUNCIL – FINANCE CAPITAL EXPENDITURE
A3: FINANCE DEPARTMENT - ADMIN CODE: 022000100100
A5: Program Code | B5: Economic Code | C5: Details | D5: 2025 Revised Budget N | E5: 2025 Budget Performance N | F5: 2026 Proposed Budget N
A6: 13200000000000 | B6: 3 | C6: Assets (Capital Expenditure) | D6: =D7+D11+D16+D22+D28+D37+D44+D56+D63+D69 -> 0 | E6: =E7+E11+E16+E22+E28+E37+E44+E56+E63+E69 -> 0 | F6: =F7+F11+F16+F22+F28+F37+F44+F56+F63+F69 -> 1.720609e+09
B7: 32010100 | C7: Land & Building – General | D7: =SUM(D8:D10) -> 0 | E7: =SUM(E8:E10) -> 0 | F7: =SUM(F8:F10) -> 0
A8: 13200000000001 | B8: 32010101 | C8: Land And Buildings - Office
C9: Building of Chairman office
B11: 32010200 | C11: Infrastructure – General | D11: =SUM(D12:D14) -> 0 | E11: =SUM(E12:E14) -> 0 | F11: =SUM(F12:F14) -> 1.520609e+09
A12: 13200000000002 | B12: 32010202 | C12: Roads And Drainages
A13: 13200000000003 | B13: 32010220 | C13: Capital Augmentation | F13: 400000000
A14: 13200000000004 | B14: 32010221 | C14: Joint/ Common Capital Project | D14: =SUM(D78:D98) -> 0 | E14: =SUM(E78:E98) -> 0 | F14: =SUM(F78:F98) -> 1.120609e+09
B16: 320103 | C16: Plant & Machinery – General | D16: =SUM(D17:D21) -> 0 | E16: =SUM(E17:E21) -> 0 | F16: =SUM(F17:F21) -> 0
A17: 13200000000024 | B17: 32010301 | C17: Earthmoving Equipment – Tractors
B22: 32010400 | C22: Fixed Assets – General | D22: =SUM(D23:D27) -> 0 | E22: =SUM(E23:E27) -> 0 | F22: =SUM(F23:F27) -> 0
A23: 13200000000025 | B23: 32010405 | C23: Motor Vehicles
A24: 13200000000026 | B24: 32010406 | C24: Tricycles
A25: 13200000000027 | B25: 32010407 | C25: Motor Cycles
A26: 13200000000028 | B26: 32010408 | C26: Bicycles
B28: 320105 | C28: Office Equipment – General | D28: =SUM(D29:D36) -> 0 | E28: =SUM(E29:E36) -> 0 | F28: =SUM(F29:F36) -> 0
A29: 13200000000029 | B29: 32010501 | C29: Computers
B37: 320106 | D37: =SUM(D38:D43) -> 0 | E37: =SUM(E38:E43) -> 0 | F37: =SUM(F38:F43) -> 0
A38: 13200000000030 | B38: 32010601 | C38: Chairs
A39: 13200000000031 | B39: 32010602 | C39: Tables
B44: 320109 | C44: Other Specialised Assets-Gen | D44: =SUM(D45:D55) -> 0 | E44: =SUM(E45:E55) -> 0 | F44: =SUM(F45:F55) -> 0
A45: 13200000000032 | B45: 32010903 | C45: Biological Assets/Livestock
A47: 13200000000033 | B47: 32010904 | C47: Laboratory/Medical Equipment
A49: 13200000000034 | B49: 32010935 | C49: Agricultural Equipment
A53: 13200000000035 | B53: 32010936 | C53: Educational Materials/Equipment
B56: 320201 | C56: Investment - Land & Building - Gen | D56: =SUM(D57:D62) -> 0 | E56: =SUM(E57:E62) -> 0 | F56: =SUM(F57:F62) -> 200000000
A57: 13200000000036 | B57: 32020101 | C57: Land & Buildings – Administrative
A59: 13200000000037 | B59: 32020102 | C59: Land & Buildings – Residential
A61: 13200000000038 | B61: 32020104 | C61: Other Investment Property | F61: 200000000
B63: 320301 | C63: Intangible Assets | D63: =SUM(D64:D68) -> 0 | E63: =SUM(E64:E68) -> 0 | F63: =SUM(F64:F68) -> 0
A64: 13200000000039 | B64: 32030101 | C64: Goodwill (Acquired)
A65: 13200000000040 | B65: 32030109 | C65: Research & Development
A66: 13200000000041 | B66: 32030110 | C66: Trade fair and Exhibitions
B69: 32011000 | C69: Asset Under Construction | D69: =SUM(D70:D71) -> 0 | E69: =SUM(E70:E71) -> 0 | F69: =SUM(F70:F71) -> 0
A70: 13200000000042
A73: KATSINA STATE MINISTRY FOR LOCAL GOVERNMENT AND CHIEFTANCY AFFAIRS
A74: JIBIA LOCAL GOVERNMENT COUNCIL – JOINT / COMMON CAPITAL PROJECTS - 32010221
A75: FINANCE DEPARTMENT - ADMIN CODE: 022000100100
B77: Serial No | C77: Details | D77: 2025 Revised Budget N | E77: 2025 Budget Performance N | F77: 2026 Proposed Budget N
